Workbook
Name _1: #REF!
Name _2: #REF!
Name A: #REF!
Name A_impresión_IM: #REF!
Name aaa: #REF!
Name Auxiliarjal: #REF!
Name B: #REF!
Name basecaro: #REF!
Name basejuliet1: #REF!
Name basemetroabril2017: #REF!
Name basemetroabril2017final: #REF!
Name BLOQUE: #REF!
Name cargo: #REF!
Name check: #REF!
Name CLASE: #REF!
Name correoelectronico: #REF!
Name COSTOM2: #REF!
Name DeduFran: #REF!
Name Dólar: #REF!
Name epsypension: #REF!
Name Factor: #REF!
Name Grupo: #REF!
Name JJJJ: #REF!
Name lineainstitucional: #REF!
Name mesabril: #REF!
Name nuevosoi: #REF!
Name origenaux: #REF!
Name pagojuliethjunio: #REF!
Name Profesional: #REF!
Name profesionaljal: #REF!
Name Servicio: #REF!
Name SVASFD: #REF!
Name tadquisicion: #REF!
Name TCRM: #REF!
Name TCRM_al_03_MAYO_2000: #REF!
Name TipodeVehiculo: #REF!
Name Títulos_a_imprimir_IM: #REF!
Name TOP: #REF!
Name TRM: #REF!

Sheet 1. COND. BÁSICAS TRDM
B3: UNIDAD ADMINISTRATIVA ESPECIAL CUERPO OFICIAL DE BOMBEROS -UAECOB
B4: Anexo No 1 Condiciones tecnicas basicas obligatorias
B5: GRUPO No. 1
B7: 1. PÓLIZA DE SEGURO DE TODO RIESGO DAÑOS MATERIALES COMBINADOS
B8: 1.1. | C8: INFORMACIÓN GENERAL
B9: TOMADOR: | C9: =+B3 -> UNIDAD ADMINISTRATIVA ESPECIAL CUERPO OFICIAL DE BOMBEROS -UAECOB | F9: NIT. | G9: 899.999.061-9
B10: ASEGURADO: | C10: =+C9 -> UNIDAD ADMINISTRATIVA ESPECIAL CUERPO OFICIAL DE BOMBEROS -UAECOB | F10: NIT. | G10: =+G9 -> 899.999.061-9
B11: BENEFICIARIO: | C11: =+C10 -> UNIDAD ADMINISTRATIVA ESPECIAL CUERPO OFICIAL DE BOMBEROS -UAECOB | F11: NIT. | G11: =+G10 -> 899.999.061-9
B12: 1.2. | C12: OBJETO DEL SEGURO
B13: Amparar todos los activos (bienes inmuebles y muebles) de propiedad de la UNIDAD ADMINISTRATIVA ESPECIAL CUERPO OFICIAL DE BOMBEROS-UAECOB, o aquellos que se encuentren bajo su control, tenencia, responsabilidad o custodia, contra los daños o pérdidas materiales a consecuencia de cualquier riesgo, tanto por eventos internos o externos y en general los recibidos a cualquier título o por los que tenga algún interés asegurable, ubicados en el territorio nacional o por aquellos que por su naturaleza se deban trasladar a nivel mundial, dentro o fuera de las instalaciones del asegurado y/o en predios de terceros o a la intemperie y los utilizados en desarrollo del objeto social de la UAECOB.
B14: 1.3. | C14: BIENES ASEGURADOS
B15: Los bienes asegurados comprenden absolutamente toda propiedad de bienes materiales de la UNIDAD ADMINISTRATIVA ESPECIAL CUERPO OFICIAL DE BOMBEROS-UAECOBo de terceros que se estén bajo su cuidado, custodia, control o por los cuales sea legal o contractualmente responsable y en general los recibidos a cualquier título o por los que tenga o tenga interés asegurable, localizados dentro del territorio nacional dentro o fuera de las instalaciones del asegurado y/o en predios de terceros y utilizados en desarrollo del objeto social de la UAECOB, consistentes principalmente pero no limitados a los siguientes bienes:
B16: EDIFICIOS: Corresponde a las edificaciones y obras civiles, sus estructuras, cimientos, construcciones fijas con todas sus adiciones y en general toda clase de construcciones propias y no propias, de edificios e inherentes a ellos, de propiedad de la UNIDAD ADMINISTRATIVA ESPECIAL CUERPO OFICIAL DE BOMBEROS-UAECOB o bajo su cuidado, tenencia y control , incluido anexos, escaleras externas, instalaciones eléctricas, de comunicación, sietmas de aire acondicionado, intercomunicación o sonido, incluidos anexos y estructuras sanitarias, alcantarillado para agua, (subterráneas o no), sistema de drenaje y aguas negras, tuberías, conductos, tuberías, conductos, desagües, tanques para almacenamiento, ductos, mallas, patios, aceras, instalaciones permanentes de protección contra incendio y demás instalaciones que se encuentren o no por debajo del nivel del suelo y/o subterráneas, vidrios internos y externos que conforman y hacen parte de las construcciones, rampas de acceso, tanques de almacenamiento, similares, que formen parte integrante, del edificio, o edificios asegurados, aunque no se hayan informado específicamente, entre otros ubicados en el territorio nacional y que estén bajo su responsabilidad, tenencia y/o control de la UAECOB.
B17: MEJORAS LOCATIVAS: Todas aquellas mejoras a los inmuebles realizadas por la UAECOB, aún en el caso de no ser propietaria del bien, que haya realizado inversiones para adecuarlas a sus necesidades, tales como tapetes, tapizados, enchapes, mejoras eléctricas, cielos rasos, etc.
B18: CONTENIDOS Y BIENES EN GENERAL: Corresponden a todo tipo de bienes como muebles y enseres en general propios de la actividad general de una entidad pública, incluidos equipos de oficina no eléctricos ni electrónicos, entre otros, sistemas de oficina abierta, al igual que los documentos de cualquier tipo, que se encuentren localizados dentro de los predios asegurados o fuera de los mismos y que esten bajo su responsabilidad, tenencia y/o control de la UNIDAD ADMINISTRATIVA ESPECIAL CUERPO OFICIAL DE BOMBEROS.
B19: EQUIPOS DE URGENCIA Y RESCATE: Corresponden a todo tipo de bienes empleados de la misionalidad de la UNIDAD ADMINISTRATIVA ESPECIAL CUERPO OFICIAL DE BOMBEROS. incuidos aquellos que por las razones de misionalidad le son entregados por otras entidades y que son propios para la actividad de la atención de urgencias y rescate tales como: Camillas, botiquines, maletas y kits de trauma, equipos de oxigenoterapia, inmovilizadores, férulas, kits para incendio forestales, dotaciones de los bomberos y todos aquellos propios para la atención de urgencias y rescates.
B20: PLANTA, HERRAMIENTAS, EQUIPOS Y MÁQUINAS: Corresponde a todo tipo de equipos y máquinas, extendida esta definión a aquellos que son de adhesión o para la operatividad de la infraestructura de las edificaciones al igual que cualquier tipo de herramientas, accesorios, ascensores, plantas eléctricas, calderas, generadores, ascensores, equipos del sistema hidráulico, motobombas (incluidas aquellas que son sumergibles) , aire acondicionado, extractores de olores, entre otros.
B21: EQUIPOS ELÉCTRICOS, ELECTRÓNICOS Y DE COMUNICACIÓN: Comprende todos aquellos equipos eléctricos, electrónicos, electromecánicos y los de comunicación (incluidas antenas cuando sean parte de los activos, caso contrario no se tendrán en cuenta), y todas aquellas por las que sea legalmente responsable)extendida esta definición a salas de control, servidores, equipos de computo con todos sus accesorios periféricos scanner, ploters, servidores, impresoras software, equipos de telecomunicaciones, equipos celulares, equipos de comunicación portátil, tabletas, equipos móviles y/o portátiles, equipos científicos de laboratorio, electrodomésticos, entre otros y que esten bajo su tenencia y/o control de la UNIDAD ADMINISTRATIVA ESPECIAL CUERPO OFICIAL DE BOMBEROS.
B22: BIENES O ACTIVOS DE ALMÁCEN E INVENTARIOS: Comprende todos los elementos de consumo, devolutivos nuevos, recuperables, inservibles, papelería, útiles de oficina, equipos en general, repuestos, muestras de oferentes y demás bienes contenidos en las diferentes dependencias de la UNIDAD ADMINISTRATIVA ESPECIAL CUERPO OFICIAL DE BOMBEROS y en general todo elemento que los Asegurados determinen como existencias o elementos de almacén, aunque no se hayan determinado específicamente.
B23: 1.4. | C23: VALORES ASEGURADOS
B24: 1.4.1. Bienes Asegurables (Anexo No. 2) | F24: VALORES ASEGURADOS
B25: A1. Edificaciones y obras civiles | F25: 1.2033855e+11
B26: Adecuación norma de sismo resistencia (10%) | F26: =+F25*10% -> 1.2033855e+10
B27: Adecuación de Terrenos (10%) | F27: =+F25*10% -> 1.2033855e+10
B28: A. Total Edificaciones y obras civiles | F28: =SUM(F25:G27) -> 1.4440626e+11
B29: B. Contenidos, Muebles, Enseres (incluidos, equipos de investigación, médico y científico, laboratorio, música, recreación y deporte, al igual que todos los equipos de urgencia y rescate) | F29: 9.237016e+09
B30: C. Equipo Eléctricos, Electrónicos y de Comunicación (incluidos equipos móviles y portátiles, software, licencias, satelites y antenas al igual que Drones) | F30: 2.2922361e+10
B31: D. Equipo y Maquinaría y Mercancías propias de la actividad (incluido Equipos especializados como como brazo articulado en vehículo, plataformas motorizadas que se añaden a la parte trasera del camión para ayudar a la carga y descarga de materiales propios de la actividad de la Unidad y todos aquellos accesorios empleados en la misionalidad de la UAECOB. | F31: 9.7278622e+10
B32: SUBTOTAL | F32: =+F31+F30+F29+F28 -> 2.7384426e+11
B33: INDICE VARIABLE 5% (ITEMS B, C y D) | F33: =+F32*5% -> 1.3692213e+10
B34: TOTAL VALOR ASEGURADO | F34: =+F33+F32 -> 2.8753647e+11
B35: Nota: Las aseguradoras debe tener en cuenta que el índice variable esta calculado con relación a la vigencia minima exigida, por tanto la aseguradora debe calcular el índice variable con relación a la vigencia ofertada.
B36: 1.4.2. Bienes con Sublímites
B37: BIENES Y/O RIESGO CON SUBLÍMITE | F37: SUBLÍMITE A PRIMERA PÉRDIDA ABSOLUTA
B38: Vehículos y Equipos y Maquinaría inmovilizados y/o para remate o proceso de jurisdicción | F38: 5500000000
B39: Bienes devolutivos y/o inservibles o para dar de baja o remate y/o gastados | F39: 2500000000
B40: TOTAL SUBLIMITES | F40: 8000000000
B41: TOTAL VALOR ASEGURADO + SUBLÍMITES | F41: =+F40+F34 -> 2.9553647e+11
B42: Nota: Las aseguradoras debe tener en cuenta que el índice variable esta calculado con relación a la vigencia minima exigida, por tanto la aseguradora debe calcular el índice variable con relación a la vigencia ofertada.
B44: NOTAS APLICABLES AL NUMERAL 1.4.1. BIENES CON SUBLÍMITES:
B45: 1 - Los Sublímites antes indicados corresponden al monto mínimo que deben contemplar las aseguradoras para la propuesta de cobertura de los bienes y/o riesgos.
B46: 2 - Teniendo en cuenta la imposibilidad de establecer valor asegurable para este tipo de bienes por sus características y/o su condición de flotantes, queda expresamente declarado y aceptado por la aseguradora que la misma admite que para estos no exigirá el reporte de valor asegurable y por lo tanto no aplica la condición de seguro insuficiente para los bienes con sublímites relacionados en el numeral 1.4.1.
B47: 1.4.2. | C47: BASE DE VALORACIÓN DE LOS BIENES ASEGURADOS
B48: EDIFICIOS: Valor de reconstrucción.
B49: CONTENIDOS, EQUIPOS ELECTRICOS, ELECTRÓNICOS Y DE COMUNICACIÓN (INCLUIDO LICENCIAS Y SOFTWARE): Valor de reposición o reemplazo.
B50: BIENES DEVOLUTIVOS Y/O INSERVIBLES O PARA DAR DE BAJA O REMATE Y/O GASTADOS: Valor fiscal y/o de uso o de remate.
B51: BIENES DE ARTE Y CULTURA: Valor Admitido.
B52: 1.4.3. | C52: BASE PARA LA DETERMINACIÓN Y APLICACIÓN DEL CONCEPTO SUBLÍMITE / VIGENCIA / AGREGADO ANUAL
B53: Para la totalidad de Coberturas y/o condiciones básicas sublímitadas, queda expresamente aceptado por parte de los proponentes que, en concordancia con la vigencia de la póliza que se adjudique, cada Sublímite operará así:
B54: - Si la vigencia es inferior a doce (12) meses: (Sublímite indicado) Evento /Agregado vigencia.
B55: - Si la vigencia es igual o mayor a doce (12) meses: Sublímite indicado Evento /Agregado Anual.
B56: En caso de discrepancia en alguna cobertura o cláusula básicas con relación al concepto de aplicación del sublímite / vigencia / agregado anual, frente a la vigencia ofertada, prevalece el establecido en este numeral con relación al plazo de la condición ofertada.
B57: 1.5. | C57: COBERTURAS BÁSICAS
B58: Todo Riesgo: Bajo esta póliza se otorga amparo en la modalidad de todo riesgo por las pérdidas y/o daños materiales que afecten los bienes asegurados activos o inactivos por cualquier riesgo o causas, incluidos, entre otros, pero no limitados a, incendio, rayo, explosión, anegación, daños por agua, rotura de maquinaria, equipo electrónico, hurto y hurto calificado, hurto de parte y elementos de las edificaciones, actos mal intencionados de terceros, asonada, motín, conmoción civil o popular, sabotaje y terrorismo, vientos fuertes, granizo y cualquier evento de la naturaleza, impacto de vehículos terrestres, caída de aeronaves y/o piezas o partes que se desprendan o caigan de ellas, humo, impericia, descuido, sabotaje, manejo inadecuado, acción directa de la energía eléctrica como resultado de cortos circuitos, arcos voltaicos, sobrevoltajes, cualquier equipo sumergible (incluidas bombas hidráulicas) y las relacionadas a continuación que aplican para rotura de maquinaria: defectos de fabricación, fundición y uso de materiales defectuosos, sobrecalentamiento, defectos de mano de obra, montaje incorrecto y/o defectuoso, rotura debido a fuerza centrífuga, cuerpos extraños que se introduzcan en la maquinaria asegurada, implosión, explosión química de gases impropiamente quemados en la cámara de combustión de calderas o máquinas de combustión interna, explosión física, y las demás que no se encuentren expresamente excluidas en las condiciones generales de la póliza. Se entienden incluidos los riesgos mencionados en el artículo 1105 del Código de Comercio, excepto Guerra Civil o Internacional.
B59: NOTA 1: | C59: LAS ASEGURADORAS DEBEN TENER EN CUENTA QUE NO SE ACEPTA PROPUESTA BAJO LA MODALIDAD DE RIESGOS NOMBRADOS, Y EL OFERENTE CON LA PRESENTACIÓN DEL FORMATO No.1 ACEPTA ESTA CONDICIÓN.
B60: NOTA 2: | C60: QUEDA EXPRESAMENTE ACEPTADO POR LA ASEGURADORA QUE LAS CONDICIONES, COBERTURAS Y CLAUSULAS BÁSICAS PARA LAS CUALES NO SE INDIQUE SUBLÍMITE, OPERARÁN AL 100% DEL VALOR ASEGURADO.
B61: NOTA 3: | C61: CADA SUBLÍMITE O GASTOS INDICADOS APLICA COMBINADO PARA TODOS LOS BIENES ASEGURADOS ESTAN CONTEMPLADOS DENTRO DEL VALOR ASEGURADO.
B62: TERREMOTO, TEMBLOR Y/O ERUPCIÓN VOLCÁNICA Y DEMÁS EVENTOS DE LA NATURALEZA, (100%). | E62: Bajo este amparo, la aseguradora se compromete a indemnizar al Asegurado hasta el límite del valor asegurado de este sublímite, los daños y/o pérdidas materiales que sufran los bienes asegurados causados por terremoto, temblor y/o erupción volcánica y demás eventos de la naturaleza, o por incendio originado por tales fenómenos.
B63: ACTOS MAL INTENCIONADOS DE TERCEROS ASONADA, MOTÍN, CONMOCIÓN CIVIL O POPULAR Y HUELGA (INCLUIDO TERRORISMO Y SABOTAJE). | E63: La aseguradora se compromete a indemnizar al Asegurado hasta el límite del valor asegurado de este sublímite, los daños y/o pérdidas materiales que sufran los bienes asegurados causados por: Actos Mal Intencionados de Terceros y Terrorismo: Destrucción y daños materiales provenientes de actos terroristas, aún aquellos que sean cometidos por individuos pertenecientes a movimientos subversivo, incluida la explosión originada en tales fenómenos. Asonada, Motín, Conmoción Civil o Popular: Los daños y/o pérdidas materiales causados por personas intervinientes en desordenes, confusiones, alteraciones, y disturbios de carácter violento y tumultuario. Así como asonada según la definición del Código Penal. Huelga: Los daños y/o pérdidas materiales causados por huelguistas o por personas que tomen parte en conflictos colectivos de trabajo o suspensión de hecho de labores. Saqueo: Los daños y/o pérdidas materiales causados por eventos de saqueo (apropiación de bienes como consecuencia de de AMCCoPH y AMIT incluido T&S)
B64: COBERTURA POR ROTURA DE VIDRIOS Sublímite de $5.000.000.000 evento / agregado anual incluidos los eventos de Actos Mal Intencionados de Terceros Asonada, Motín, Conmoción Civil o Popular y Huelga (Incluido Terrorismo y sabotaje) y cualquier evento de la naturaleza. SIN APLICACION DE DEDUCIBLE. | E64: La aseguradora se compromete a indemnizar al Asegurado hasta el límite del valor asegurado de este sublímite, la rotura que sufran los vidrios, domos, acrílicos u otros materiales que hagan sus veces, al igual que los cristales, espejos y unidades sanitarias instalados y que formen parte del predio asegurado, incluidos aquellos que sean parte decorativas de los mismos, incluidas las películas de seguridad.
B65: HURTO Y HURTO CALIFICADO Sublímite de $10.000.000.000 evento / agregado anual, combinado para todos los bienes. Se califica en Condiciones Adicionales (Formato No. 3) el aumento del sublímite ofrecido. | E65: La aseguradora se compromete a indemnizar al Asegurado hasta el límite del valor asegurado de este sublímite, las pérdidas y/o daños materiales de los bienes asegurados, ocasionados por cualquier evento de hurto y hurto calificado, inclusive aquellos que se deriven de: - Hurto Calificado o Hurto Simple según se define en el Código Penal. - Terremoto, temblor, erupción volcánica o cualquier otro fenómeno de la naturaleza. - Caída o destrucción total o parcial del predio asegurado. - Actos Mal Intencionados de Terceros, Asonada, Motín, Conmoción Civil o Popular y Huelga (incluido Terrorismo y Sabotaje) y conflictos colectivos de trabajo o suspensión de hecho de labores
B66: GASTOS PARA LA ADECUACIÓN DE SUELOS Y TERRENOS Hasta el 10% del valor asegurable del bien inmueble afectado. | E66: La aseguradora se compromete a indemnizar al asegurado los gastos razonables para la adecuación de suelos y terrenos y hasta el límite del porcentaje acá establecido, las pérdidas que sufra la Entidad por daños materiales como consecuencia de Terremoto, temblor, erupción volcánica o cualquier otro evento de la naturaleza, que deriven en las siguientes situaciones: a) Alteración de las características del suelo sobre el cual se levante la edificación asegurada, de tal forma que las nuevas características de dicho suelo pongan en condiciones inhabitables dicha edificación. b) Imposibilidad del asegurado para reparar o reconstruir la edificación asegurada, en virtud de disposiciones legales o administrativas, adoptadas por autoridad competente como consecuencia de la ocurrencia de un evento asegurado, que afecte en forma grave y notoria las características del terreno. De igual forma queda expresamente aclarado y convenido que la responsabilidad de la aseguradora se establece respectivamente así: a) El valor de los costos y gastos en que necesaria y razonablemente deba incurrir el asegurado para la recuperación de la estabilidad y capacidad portante del suelo, de tal manera que se garantice la estabilidad de la edificación asegurada. b) El costo de adquisición de un lote o terreno de características y ubicación similares al lote sobre el cual se levante la edificación asegurada. Sujeto hasta el monto del límite establecido para esta condición. Para los efectos de este amparo se entenderá por valor asegurado el valor comercial del lote de terreno del inmueble asegurado de acuerdo con su superficie y ubicación. Para los efectos de este amparo, la aseguradora efectuará el pago de la indemnización a que se refiere el segundo literal del presente amparo, una vez el asegurado haya efectuado a su costa, mediante escritura pública debidamente registrada, el traspaso de los derechos sobre el terreno asegurado a nombre de la aseguradora.
B67: CLÁUSULA DE ADECUACIÓN DE CONSTRUCCIONES A LAS NORMAS DE SISMO RESISTENCIA Sublímite del 10% del valor de la reparación o reconstrucción de la parte de la edificación afectada. | E67: Queda expresamente convenido y acordado que en caso de siniestro la aseguradora indemnizará los costos razonables de adecuación, del o de los inmuebles afectados a las normas de sismo resistencia vigentes al momento del siniestro, en exceso del monto total de la reparación o la reconstrucción de los daños o pérdidas que afecten los inmuebles o construcciones aseguradas, que se generen a consecuencia de cualquier evento amparado bajo la presente póliza. Los costos amparados bajo la presente cláusula comprenden, costos razonables de diseño y rediseño, honorarios profesionales de ingenieros, arquitectos, topógrafos, interventores, consultores, tecnólogos, técnicos o cualquier otro profesional, para efectuar trabajos de planos, especificaciones y/o cualquier otro trabajo y ejecución de obras relacionadas con la reparación y/o reconstrucción de las partes del inmueble afectado y dirigidas a la adecuación de las mismas a las normas de sismo resistencia.
B68: GASTOS ADICIONALES. Sublímite por la suma de $10.000.000.000 evento / agregado anual, incluido en el valor asegurado,sin aplicación de deducible y combinado para los siguientes gastos y coberturas. Se califica en Condiciones Adicionales (Formato No. 3) el aumento del sublímite ofrecido. | E68: No obstante, lo que se diga en contrario en las condiciones generales de la póliza, la Compañía se obliga a indemnizar los gastos adicionales (que no tengan carácter de permanentes), debidamente comprobados en que necesaria y razonablemente incurra o deba incurrir el asegurado, como consecuencia directa del siniestro. Estos gastos deben ser previamente aprobados por la aseguradora y la Entidad se compromete para estos casos presentar previamente cotización de estos gastos (cuando se requiera), la aseguradora se reserva el derecho de poder cotizar con sus proveedores los servicios que demanden la aplicación de estos gastos.
B69: 1. Gastos razonables de horas extras, trabajo nocturno o en días festivos y flete expreso y aéreo. | E69: Bajo esta cobertura se amparan los gastos adicionales y extraordinarios por concepto de horas extras, trabajo nocturno o en días festivos, flete expreso y aéreo, que se incurran o deba incurrir con motivo de una pérdida o daño amparado.
B70: 2. Gastos razonables de viajes y estadía. | E70: Bajo esta cobertura se amparan los gastos (que incurra o deba incurrir) de viajes de y estadía de funcionarios, empleados y técnicos que intervienen en la planificación de la reconstrucción o adquisición de los bienes asegurados.
B71: 3. Remoción de Escombros y Gastos de Demolición. | E71: Mediante este amparo la compañía indemnizará, los gastos razonables (en que incurra o deba incurrir) demostrados por remoción de escombros, desmantelamiento, demolición o de apuntalamiento de los bienes asegurados, que hayan sido dañados o destruidos por la ocurrencia de cualquiera de los riesgos amparados, incluyendo los gastos de limpieza, recuperación de materiales y el traslado de los escombros a sitio autorizado, con ocasión de un siniestro.
B72: 4. Gastos para la Demostración del Siniestro. | E72: Bajo este amparo se cubren los gastos razonables en que incurra o deba incurrir el asegurado, para la demostración de la ocurrencia y cuantía del siniestro y serán indemnizados bajo esta póliza. La aseguradora indemnizará hasta el 100% de los gastos demostrados.
B73: 5. Gastos para la extinción del incendio. | E73: La Compañía se obliga a indemnizar el 100% de los gastos en que necesaria y razonablemente incurra o deba incurrir el asegurado así como los costos de los productos o sustancias utilizadas, o de los elementos o equipos destruidos total o parcialmente, como consecuencia de las actividades dirigidas a la extinción de cualquier siniestro amparado por la póliza o para evitar su propagación, de acuerdo con lo señalado en el artículo 1074 del Código de Comercio. Se precisa que bajo ninguna circunstancia se considerara como gastos de extinción de un incendio la colaboración personal prestada por el asegurado, ni la de sus empleados, obreros o sus contratistas para el apoyo a la gestión.
... B92: ACTOS DE AUTORIDAD | E92: La póliza se extiende a cubrir los daños o pérdidas materiales de los bienes asegurados, causados directamente por la acción de la autoridad legalmente constituida, ejercida con el fin de disminuir o aminorar las consecuencias de cualquiera de los riesgos amparados. Se excluye el embargo y la confiscación de bienes.
B93: 1.6. | C93: CLÁUSULAS BÁSICAS
B94: REVOCACIÓN DE LA PÓLIZA, CLÁUSULAS O CONDICIONES. Con Termino de Noventa (90) días y para AMIT, AMCCOPH, Terrorismo y Sabotaje diez (10) días. | E94: La aseguradora podrá revocar la póliza, cláusulas o condiciones unilateralmente por la compañía, mediante noticia escrita enviada al asegurado, a su última dirección registrada, con no menos de noventa (90) días y para AMIT Y AMCCOPH diez (10) días, de antelación; contados a partir de la fecha del envío. El asegurado podrá pedir la revocación en cualquier momento, según lo previsto en el Código de Comercio. Así mismo, en el caso de que la aseguradora decida no otorgar renovación o prorroga del contrato de seguro, excepto para AMIT, AMCCOPH, Terrorismo y Sabotaje, deberá dar aviso de ello al asegurado con no menos de noventa (90) días de antelación a la fecha de vencimiento de la póliza, en caso contrario se dará por entendido que la aseguradora acepta la renovación o prorroga hasta el límite legal establecido en la Ley 80 de 1993, para la adición de los contratos y manteniendo las mismas condiciones ofertadas en este proceso de aseguradoras.
B95: AMPLIACIÓN DEL AVISO DE SINIESTRO. Término de noventa (90) días Y para AMIT, AMCCOPH, Terrorismo y Sabotaje diez (10) días. | E95: La póliza extiende el término de aviso de la ocurrencia del siniestro, por parte del asegurado a un término de noventa (90) días y para AMIT Y AMCCOPH diez (10) días siguientes a la fecha en que lo haya conocido o debido conocer.
B96: COBERTURA AUTOMÁTICA PARA NUEVAS PROPIEDADES Y BIENES. Sublímite de $20.000.000.000 evento / agregado anual y aviso de ciento veinte 120) días. | E96: Mediante la presente cláusula, la aseguradora se obliga a otorgar cobertura automática para los bienes que adquiera, construya, estén en montajes, instale, remodele o adecúe, a cualquier título, sean nuevos o usados, sobre los cuales éste tuviere interés asegurable o queden bajo su responsabilidad, cuidado o control del asegurado, bajo las mismas condiciones ofrecidas en el presente proceso y a partir del momento en que el asegurado asuma la responsabilidad por los mismos. La aplicación de esta condición queda sujeta a que el asegurado se obliga a dar aviso a la aseguradora dentro del término señalado a la adquisición o recibo de los mismos. Esta condición dará derecho a la compañía al cobro de la prima proporcional, calculada a prorrata, con las tasas adjudicadas y correspondiente al periodo de amparo, incluido el término automático otorgado para esta condición. Así mismo queda acordado y convenido, que si el valor supera el sublímite de la presente cláusula, la cobertura aplicará hasta dicho monto y la cobertura del valor adicional operará a partir de la fecha de reporte y solicitud formulada por la entidad asegurada. En el caso de bienes en construcción, montaje y remodelación se excluye ALOP, RCE, Mantenimiento, Pruebas, Errores de diseño y Riesgo Petroquímico.
B97: AMPARO AUTOMÁTICO POR CAMBIO DE UBICACIÓN DEL RIESGO. Aviso a la aseguradora 120 días. | E97: Mediante la presente condición, queda expresamente acordado que la cobertura del seguro se extiende a cubrir los bienes asegurados, que cambien de dirección o nomenclatura, ubicación o sean trasladados a otro(s) sitio(s), siempre y cuando ello se genere por las necesidades de la operación y/o servicio de la entidad asegurada o tomadora.
B98: EXPERTICIO TÉCNICO | E98: Queda convenido, entendido y aceptado que en el evento de existir una discrepancia entre la compañía y el asegurado en cuanto a si el siniestro constituye una pérdida total o parcial, o con relación a otros aspectos de orden técnico, la cuestión será sometida a decisión de la decisión de ingenieros, técnicos o peritos expertos en la actividad que desarrolla el asegurado (peritos o a expertos en la materia de siniestros), según los intereses afectados por el siniestro, siguiendo el procedimiento que para tal regulación previo los artículos 2026 y siguientes del código del comercio.
B99: CONOCIMIENTO DEL RIESGO | E99: La Compañía acepta mediante la presente cláusula que la Entidad, le ha brindado la oportunidad para realizar la inspección de los bienes y riesgos a que están sujetos los mismos y el patrimonio del Asegurado, razón por la cual se deja constancia del conocimiento y aceptación de los hechos, circunstancias y, en general, condiciones de los mismos. La compañía se reserva el derecho de llevar a cabo la inspección cuantas veces lo juzgue pertinente.
B100: NOMBRAMIENTO Y DESIGNACIÓN DE AJUSTADORES | E100: El nombramiento de ajustadores deberá efectuarse de común acuerdo entre la aseguradora y el asegurado, para lo cual la aseguradora presentará para cada reclamo una relación de cinco (5) firmas ajustadoras. No obstante la anterior condición, el asegurador con su propuesta se obliga a presentar la lista de todos sus ajustadores y la Entidad se reserva el derecho de nombrar al ajustador que considere más adecuado o solicitar el cambio de los mismos en caso de que no fueren de su entera satisfacción, sin que para ello se requiera motivación alguna.
B101: EXTENSIÓN DE COBERTURA PARA DAÑOS Y/O PÉRDIDAS CONSECUENCIALES | E101: La aseguradora acepta y conviene que la presente póliza se extiende a amparar los daños y/o pérdidas consecuenciales que afecten los bienes asegurados que sean derivadas de cualquier tipo de riesgo, bajo los mismos términos del seguro; siempre y cuando las mismas sean causadas por alguno de los riesgos amparados con la presente póliza, incluyendo las pérdidas y/o daños en medios de operación, como combustibles, lubricantes, refrigerantes o agentes químicos, entre otros. NOTA: No se cubren las pérdidas consecuenciales de cualquier tipo, tales como lucro cesante, incremento en costos de operación, pérdida de ingresos y pérdida de utilidades o pérdida de beneficios, pérdida de mercado.
B102: NO APLICACIÓN DE DÉMERITO POR USO O MEJORÁ TECNOLÓGICA PARA DAÑOS O PÉRDIDAS DE EQUIPOS ELÉCTRICOS, ELECTRÓNICOS Y/O DE ROTURA DE MAQUINARÍA. | E102: La aseguradora acepta no aplicará demérito por uso y/o mejora tecnológica, o cualquier otro concepto, en la liquidación de la indemnizaciones de los siniestros que afecten las coberturas de equipos eléctricos, electrónicos y/o rotura de maquinaria.
B103: NO APLICACIÓN DE DÉMERITO POR USO O MEJORÁ TECNOLÓGICA PARA DAÑOS O PÉRDIDAS DIFERENTES A LAS DE EQUIPOS ELÉCTRICOS, ELECTRÓNICOS Y/O ROTURA DE MAQUINARÍA. | E103: La aseguradora acepta mediante la presente póliza la no aplicación por demérito, uso, vetustez, obsolescencia tecnológica, o mejora tecnológica, en fin, cualquier otro concepto para los riesgos de Sustracción, Incendio y anexos (se exceptúa los bienes correspondientes a equipos eléctricos y electrónicos). Para las coberturas de equipos eléctricos, electrónicos y rotura de maquinaría aplicará en la liquidación de las indemnizaciones las siguientes condiciones:
B104: - RECONSTRUCCIÓN, REPOSICIÓN, REPARACIÓN O REEMPLAZO. | E104: Bajo esta cláusula la Compañía pagará la indemnización por el valor de la reposición o reemplazo del bien o bienes asegurados, cuando el conjunto o la totalidad de ellos queden destruidos o de tal modo averiados que pierdan la aptitud para el fin a que están destinados o cuando no obstante no perder esa aptitud, su reparación aunque se facilite, implique perjuicios en la calidad o eficiencia en la producción u operación y de conformidad con lo siguiente:
E105: a) Se entiende por valor de reposición del bien o los bienes, el valor a nuevo del mismo o de los mismos, sin deducción alguna por depreciación, demérito, uso, vetustez, obsolescencia tecnológica, mejora tecnológica o, en fin, por cualquier otro concepto o deducción.
E106: b) Si con ocasión del siniestro, la reposición o reparación del bien, conjunto o totalidad de los bienes, o de un grupo de estos o de cualquiera de ellos, el asegurado hiciera cualquier cambio o reforma en sus instalaciones, o reemplazare el o los bienes siniestrados por otro u otros de diferente naturaleza, o de mayor capacidad, serán de su cuenta los mayores costos que dichos cambios ocasionen. Sin embargo, la aseguradora debe contemplar en forma expresa que la determinación del valor de la pérdida indemnizable de bienes, se efectuará con base en cotizaciones de bienes de la misma clase, capacidad, tipo y marca o de las características más similares que ofrezca el mercado. En el evento en que en el mercado no existan bienes de las mismas o similares características, la determinación se efectuará con base en la (s) alternativa (s) de reemplazo que presentará el asegurado. Se indemnizará a valor de reposición cuando el conjunto o la totalidad ellos queden destruidos o de tal modo averiados que pierdan la aptitud para el fin para el que están destinados o cuando, no obstante, no perder esa aptitud, su reparación, aunque se facilite, implique perjuicios en la calidad o eficiencia en la producción u operación.
E107: c) La Aseguradora también se obliga a indemnizar el siniestro total o parcial con base en el valor de la reconstrucción, reposición, reparación o reemplazo, si se hace conveniente o necesaria la reconstrucción en un sitio distinto al del sitio afectado por el siniestro, sin que la indemnización exceda de la suma que hubiere debido indemnizar en casos normales.
E108: d) Sin importar que la indemnización se haga bajo cualesquiera de las modalidades antes previstas, la compañía no estará obligada a responder sino hasta la concurrencia del valor asegurado, ajustado según lo estipulado en las condiciones de la póliza. Se precisa que la aseguradora en estos caso solo es el medio de pago.
E109: e) En el evento que la Entidad requiera la reposición de algún bien mueble y/o equipo o elemento, la aseguradora podrá realizar el proceso de compra y adquisición de los equipos o bienes, en este sentido, la Entidad entregará las especificaciones técnicas de los equipos a reponer, esto con el fin que se realice la reposición por un bien de las mismas o similares características de los bienes afectados y se realice el proceso adquisición y entrega de los mismos a la Entidad. Dado lo anterior, el pago de la indemnización se realizará con base en las cotizaciones presentadas por la Entidad y/o de los proveedores que designe el asegurado.
E110: f) Queda expresamente convenido y acordado que, en caso de siniestro de bienes cotizados bajo cualquier denominación de moneda extranjera, la aseguradora liquidará el bien con la Tasa Representativa del Mercado (TRM) del día del siniestro. En caso que para efectos de la indemnización se tenga una variación significativa de la TRM, la aseguradora se compromete a ajustar la liquidación con la TRM de la fecha del día del pago.
B111: DESIGNACIÓN O DENOMINACIÓN DE BIENES | E111: La aseguradora acepta el título, nombre, designación, denominación o nomenclatura con que el asegurado identifica o describe los bienes asegurados en sus registros o libros de comercio o contabilidad.
B112: MODIFICACIONES A FAVOR DEL ASEGURADO | E112: Los cambios o modificaciones a las condiciones de la presente póliza, serán acordados mutuamente entre la compañía y el asegurado. El certificado, documento o comunicaciones que se expidan para formalizarlos debe ser firmado, en señal de aceptación, por un representante legal del asegurado o funcionario autorizado, prevaleciendo sobre las condiciones de esta póliza. No obstante, si durante la vigencia de la póliza se presentan modificaciones en las condiciones del seguro, legalmente aprobadas que representen un beneficio a favor del asegurado, tales modificaciones se consideran automáticamente incorporadas. Siempre y cuando no causen cobro de prima adicional.
B113: ERRORES, OMISIONES O INEXACTITUDES | E113: El tomador está obligado a declarar sinceramente los hechos y circunstancias que determinen el estado del riesgo. La inexactitud sobre hechos o circunstancias que, conocidas por la compañía, la hubieren retraído de celebrar el contrato o inducido a estipular condiciones más onerosas, produce la nulidad relativa del seguro. Sin embargo, si se incurriere en errores, omisiones e inexactitudes inculpables al tomador o al asegurado, el contrato no será nulo ni habrá lugar a la aplicación del inciso tercero del artículo 1058 del Código de Comercio sobre reducción porcentual de la prestación asegurada. En este caso se deberá pagar la prima adecuada al verdadero estado del riesgo.
B114: ERRORES Y/U OMISIONES EN LA PRESENTACIÓN DE LA INFORMACIÓN DE LOS BIENES ASEGURADOS | E114: En caso que en estas condiciones técnicas, anexos o en la póliza que se expida, se encuentre información imprecisa sobre la identificación de los bienes asegurados, siempre y cuando se pueda evidenciar que se tenía intención de asegurar o se pagó la prima correspondiente, la aseguradora indemnizará el valor de la pérdida o daño.
B115: LABORES Y MATERIALES | E115: Queda aceptado y convenido, que la Compañía autoriza al asegurado para efectuar las modificaciones dentro del riesgo, que juzgue necesarias para el funcionamiento de la industria o negocio. Cuando tales modificaciones varíen sustancial, objetiva y materialmente los riesgos conocidos y aceptados por la compañía, el asegurado estará obligado a avisar de ellas por escrito a la compañía dentro del término de días comunes, que para esta condición ofrezca la aseguradora, contados a partir de la finalización de estas modificaciones, sí éstos constituyen agravación de los riesgos.
B116: AMPARO AUTOMÁTICO PARA BIENES REMPLAZADOS TEMPORALMENTE | E116: Queda expresamente acordado que la cobertura de la póliza se extiende a amparar los bienes que sean instalados temporalmente en remplazo de los asegurados inicialmente bajo la póliza, mientras que dure el período de reacondicionamiento, revisión, mantenimiento y fines similares. Así mismo, se cubren automáticamente los nuevos bienes que sean instalados para reponer o remplazar los asegurados bajo la póliza, desde el momento en que sean recibidos por el asegurado.
B117: PAGO DE LA INDEMNIZACIÓN | E117: La indemnización será pagadera en dinero, o mediante el reemplazo, la reposición, la reparación o la reconstrucción de la cosa asegurada, a opción del asegurado. Cuando la opción escogida por el asegurado sea el pago en dinero, el giro del mismo se efectuará al asegurado y/o a los contratistas y/o a los proveedores de bienes o servicios que designe el asegurado. Si la opción escogida es el reemplazo, la reposición, la reparación o la reconstrucción de la cosa asegurada, la aseguradora efectuará y/o celebrará todos los trámites y/o negocios necesarios para realizar la indemnización a través del reemplazo, la reposición, la reparación o la reconstrucción escogida por el asegurado, hasta el límite de su responsabilidad. En las facturas o contratos que se deriven de esta opción, la aseguradora figurará como comprador y/o contratante, salvo que el asegurado solicite lo contrario. Si el asegurado opta por el pago directo en dinero, la aseguradora no podrá realizar ningún descuento por concepto del Impuesto al Valor Agregado (IVA).
B118: ANTICIPO DE INDEMNIZACIÓN DEL 50% Se califica en Condiciones Adicionales (Formato No. 3) el aumento del porcentaje ofrecido. | E118: Queda expresamente acordado que, a petición escrita de la Entidad, la aseguradora anticipará pagos parciales sobre el valor de cualquier reclamo, con base en el valor de la estimación preliminar de la pérdida aceptada por el ajustador, para adelantar la reparación, reposición o remplazo de los bienes asegurados. En el caso de que no haya nombramiento de ajustador, el anticipo se liquidará con base en la valoración de la cuantía de la pérdida amparada, acreditada por la entidad mediante cotización de la misma. Este anticipo también se extiende a los Gastos Adicionales y Extraordinarios y todos aquellos que se requieran para la operatividad de la póliza. En caso que el anticipo o suma de anticipos que la compañía adelante al asegurado llegare a exceder la suma total indemnizable a que tenga derecho, éste se compromete a devolver el exceso pagado. Para esta cláusula la aseguradora debe contemplar un plazo máximo para el pago del anticipo de diez (10) días hábiles contados a partir de la fecha de solicitud y formalización del mismo este y no se acepta el requerimiento de ningún requisito adicional para realizar el anticipo.
B119: CLÁUSULA DE 72 HORAS PARA EVENTOS DE LA NATURALEZA INCLUIDO ACTOS MAL INTENCIONADOS DE TERCEROS ASONADA, MOTÍN, CONMOCIÓN CIVIL O POPULAR Y HUELGA (INCLUIDO TERRORISMO, SABOTAJE y SAQUEO) Y CONFLAGRACIÓN. | E119: Bajo esta condición la aseguradora debe contemplar, para el caso de pérdidas a consecuencia de terremoto, temblor erupción, volcánica y demás eventos de la naturaleza al igual que los eventos derivados de Actos Mal Intencionados de Terceros, Asonada, Motín, Conmoción Civil o Popular y Huelga (incluido Terrorismo, Sabotaje y Saqueo), que sí varios de estos fenómenos o eventos ocurren dentro de cualquier período de 72 horas consecutivas, se tendrán como un solo siniestro y las pérdidas o daños que se causen a los riesgos asegurados deberán estar comprendidos, en una sola reclamación, sin exceder del total de la suma asegurada.
B120: MOVILIZACIÓN DE BIENES PARA SU USO Y/O ACTIVIDAD Sublímite único de $5.000.000.000 evento / agregado anual. | E120: Bajo esta condición la aseguradora debe contemplar que se debe extender a amparar los bienes asegurados (diferentes a equipos móviles y portátiles), cuando sean movilizados para su uso y/o actividad a otros predios del asegurado o de terceros y mientras permanezcan en los mismos, bajo los mismos amparos de la presente póliza, incluye tránsito, movilización y/o transporte.
B121: TRASLADO TEMPORAL DE BIENES Y/O EQUIPOS PARA SU USO. Sublímite único de $10.000.000.000 evento / agregado anual. | E121: Las partes móviles de edificios y/o equipos y los demás bienes amparados que sean trasladados temporalmente a otro sitio dentro o fuera de los predios del asegurado para reparación, limpieza, renovación, acondicionamiento, revisión, mantenimiento o fines similares, deben ampararse por la póliza mientras que estén en montaje o desmontaje y durante el tiempo que permanezcan en otros sitios a partir de la fecha en que se inicie el traslado, incluye tránsito, movilización y/o transporte y permanencia.
B122: RESTITUCIÓN AUTOMÁTICA DE LA SUMA ASEGURADA, EXCEPTO PARA AMIT Y AMCCOPH, SABOTAJE Y TERRORISMO. Con límite de hasta el valor monto total asegurado. | E122: No obstante que la suma asegurada se reduce desde el momento del siniestro, en el importe de la indemnización pagada por la compañía, se acuerda que la misma queda restablecida desde el momento que se efectúa el pago de las indemnizaciones de los siniestros, en el valor pagado por la aseguradora. (Para límites a primera pérdida el restablecimiento se entenderá desde el momento de ocurrir el siniestro). Se precisa que dicho restablecimiento dará derecho a la compañía al cobro de la prima proporcional por el resto de la vigencia de la póliza, calculada a prorrata. Esta condición no aplica para AMIT Y AMCCOPH.
...

Sheet 2. COND. BÁSICAS MANEJO
B3: =+'1. COND. BÁSICAS TRDM'!B3:G3 -> UNIDAD ADMINISTRATIVA ESPECIAL CUERPO OFICIAL DE BOMBEROS -UAECOB
B4: Anexo No 1 Condiciones tecnicas basicas obligatorias
B5: GRUPO No. 1
B7: 2. PÓLIZA DE SEGURO GLOBAL DE MANEJO PARA ENTIDADES OFICIALES
B8: 2.1. | C8: INFORMACIÓN GENERAL
B9: TOMADOR: | C9: =+'1. COND. BÁSICAS TRDM'!$C$9:$E$9 -> UNIDAD ADMINISTRATIVA ESPECIAL CUERPO OFICIAL DE BOMBEROS -UAECOB | F9: NIT. | G9: =+'1. COND. BÁSICAS TRDM'!G9 -> 899.999.061-9
B10: ASEGURADO: | C10: =+C9 -> UNIDAD ADMINISTRATIVA ESPECIAL CUERPO OFICIAL DE BOMBEROS -UAECOB | F10: NIT. | G10: =+G9 -> 899.999.061-9
B11: BENEFICIARIO: | C11: =+C10 -> UNIDAD ADMINISTRATIVA ESPECIAL CUERPO OFICIAL DE BOMBEROS -UAECOB | F11: NIT. | G11: =+G10 -> 899.999.061-9
B12: 2.2. | C12: OBJETO DEL SEGURO
B13: Amparar los riesgos que impliquen menoscabo de los fondos y/o bienes de propiedad de la UNIDAD ADMINISTRATIVA ESPECIAL CUERPO OFICIAL DE BOMBEROS -UAECOB, o que estén bajo su tenencia, control y/o responsabilidad causados por acciones u omisiones de sus servidores, que incurran en delitos contra la administración pública o fallos con responsabilidad fiscal, por incumplimiento de las disposiciones legales y reglamentarias, incluyendo el costo de la rendición de cuentas en caso de abandono del cargo o fallecimiento del empleado, en concordancia con la Resolución 014249 del 15 de mayo de 1992, aprobada por la Contraloría General de la República.
B14: 2.3. | C14: LÍMITE ASEGURADO EVENTO / AGREGADO ANUAL
B15: Oferta Básica: Se califica en Condiciones Adicionales (Formato No. 3) el aumento del límite asegurado sin cobro de prima adicional. | F15: $1.050.000.000
B16: 2.3.1. | C16: MODALIDAD DE COBERTURA:
B17: Los amparos otorgados, en la presente póliza, operan bajo la modalidad de delimitación temporal de cobertura, denominada OCURRENCIA, es decir que se cubrirán las pérdidas que sufra o que se causen al asegurado durante la vigencia de la póliza.
B18: 2.3.2. | C18: BASE PARA LA DETERMINACIÓN Y APLICACIÓN DEL CONCEPTO SUBLÍMITE / VIGENCIA / AGREGADO ANUAL
B19: Para la totalidad de Coberturas y/o condiciones básicas sublímitadas, queda expresamente aceptado por parte de los proponentes que, en concordancia con la vigencia de la póliza que se adjudique, cada Sublímite operará así:
B20: - Si la vigencia es inferior a doce (12) meses: (Sublímite indicado) Evento /Agregado vigencia.
B21: - Si la vigencia es igual o mayor a doce (12) meses: Sublímite indicado Evento /Agregado Anual.
B22: En caso de discrepancia en alguna cobertura o cláusula básicas con relación al concepto de aplicación del sublímite / vigencia / agregado anual, frente a la vigencia ofertada, prevalece el establecido en este numeral con relación al plazo de la condición ofertada.
B23: 2.4. | C23: CARGOS ASEGURADOS
C24: PLANTA | D24: 647 | E24: MONTO ANUAL PROYECTADO DE LA NÓMINA: | G24: 3786273000
C25: CONTRATISTAS: | D25: 410
B26: TOTAL CARGOS ASEGURADOS: | D26: =+D24+D25 -> 1057
B27: NOTA: | C27: CADA SUBLÍMITE O GASTOS INDICADOS ESTAN CONTEMPLADOS DENTRO DEL LÍMITE ASEGURADO.
B28: 2.5. | C28: COBERTURAS BÁSICAS
B29: DELITOS CONTRA LA ADMINISTRACIÓN PÚBLICA | E29: La aseguradora indemnizará la pérdida económica que sufra la Entidad a consecuencia de actos que se tipifiquen como delitos contra la administración, cometidos por empleado(s) en desempeño de(los) cargo(s) señalados en el numeral 2.4.
B30: GASTOS DE RECONSTRUCCIÓN O RENDICIÓN DE CUENTAS | E30: La aseguradora mediante este amparo cubre los gastos que la Entidad tenga que incurrir en caso de abandono del cargo o fallecimiento del empleado, para llevar a cabo los procesos de rendición y reconstrucción de cuentas.
B31: DELITOS CONTRA EL PATRIMONIO ECÓNOMICO | E31: La aseguradora mediante este amparo indemnizará la pérdida económica que sufra la Entidad, por aquellas conductas penalmente sancionables, cometidas por los empleados de la Entidad, que no dan cuenta de un buen manejo de los recursos estatales y que causan detrimento al patrimonio del estado.
B32: JUICIOS CON RESPONSABILIDAD FISCAL Y ALCANCES FISCALES | E32: La aseguradora mediante este amparo cubre los procesos de responsabilidad fiscal con ocasión de la ejecución de actos que den lugar a iniciación de juicios de esta naturaleza, al igual que los alcances fiscales.
B33: PÉRDIDA DE EMPLEADOS NO IDENTIFICADOS AL 100% DEL LÍMITE ASEGURADO | E33: En caso de ocurrencia de cualquier pérdida, pero que la Entidad no pudiera determinar específicamente al empleado o los empleados responsables, la aseguradora reconocerá la indemnización correspondiente, siempre y cuando las circunstancias que dieron lugar al evento, permitan considerar que en la ocurrencia del mismo intervinieron uno o varios empleados de la Entidad, a cualquier titulo (autor intelectual, material o cómplice). Queda entendido que la responsabilidad de la compañía, respecto de tales pérdidas, no excederá en ningún caso del monto asegurado estipulado en la póliza.
B34: PROTECCIÓN DE DEPÓSITOS BANCARIOS AL 100% DEL LÍMITE ASEGURADO | E34: Cubre las pérdidas de dinero que el asegurado tenga depositado en sus cuentas corrientes o de ahorro en entidades bancarias o financieras (incluidos sus respectivos intereses), que se deba a falsificación o adulteración de un cheque, letra de cambio, pagaré, carta de crédito o cualquier otra clase de título valor que el banco o entidad financiera presuma que ha sido firmado, endosado o avalado por el asegurado o por una persona que obre en su nombre o representación y que el banco o entidad financiera compruebe que no es responsable por dicho pago, incluyendo: a) Cualquier cheque o giro hecho o girado en nombre de la Entidad pagadero a una persona ficticia y endosado o pagado a nombre de dicha persona. b) Cualquier cheque o giro hecho o girado en transacción de la Entidad o por su representante a favor de un tercero y entregado al representante de éste que resultare endosado o cobrado por persona distinta de aquel a quien se giró. c) Cualquier cheque o giro con destino al pago de salarios que habiendo sido girado u ordenado por la Entidad, resultare endosado y cobrado por un tercero obrando supuestamente a nombre del girador, o de aquel a quien se debía hacer el pago. Esta cobertura aplica cuando se demuestra la participación de uno o más empleados del asegurado y que la entidad bancaria demuestre que no tiene ninguna responsabilidad.
B35: EXTENSIÓN DE COBERTURA PARA EMPLEADOS OCASIONALES, TEMPORALES Y TRANSITORIOS AL 100% DEL LÍMITE ASEGURADO | E35: Bajo esta condición la cobertura de la presente póliza se extiende a amparar a los trabajadores ocasionales, temporales o transitorios y a quienes, sin serlo, realicen prácticas o investigaciones en sus dependencias. Esta cobertura queda sujeta a que las operaciones que realicen tales personas estén bajo el control de la Entidad.
B36: EXTENSIÓN DE COBERTURA PARA EMPLEADOS DE FIRMAS ESPECIALIZADAS Y OTROS AL 100% DEL LÍMITE ASEGURADO | E36: Bajo esta condición la cobertura de la presente póliza se extiende a amparar a todas aquellas personas naturales que presten servicios en los establecimientos del asegurado bajo cualquier título o contrato, incluidos los empleados de firmas especializadas, los empleados de contratistas independientes, los cuales deben cumplir con las normas que los regulan y con las garantías exigidas por la ley 80 de 1993. Esta cobertura queda sujeta a que las operaciones que realicen tales personas estén bajo el control de la Entidad.
B37: EXTENSIÓN DE COBERTURA PARA PÉRDIDAS OCASIONADAS POR EMPLEADOS DE CONTRATISTAS Y SUBCONTRASTISTAS INDEPENDIENTES AL 100% DEL LÍMITE ASEGURADO | E37: Bajo esta condición la cobertura de la presente póliza se extiende a amparar a todas aquellas personas naturales que presten servicios en los establecimientos del asegurado bajo cualquier título o contrato, incluidos los empleados de contratistas y subcontratistas independientes, los cuales deben cumplir con las normas que los regulan y con las garantías exigidas por la ley 80 de 1993.
B38: GASTOS POR PAGOS DE AUDITORES, REVISORES, CONTADORES Y ABOGADOS | E38: La cobertura de esta póliza debe extenderse a amparar los gastos en que incurra el asegurado, por pago a auditores, revisores, contadores y abogados, que se requieran para analizar y certificar los datos extraídos de los libros de contabilidad y demás documentos del asegurado, al igual que cualquier otra información que sea solicitada por la compañía al asegurado para el ajuste y definición de los reclamos.
B39: GASTOS PARA LA DEMOSTRACIÓN DEL SINIESTRO | E39: Bajo este amparo se cubren los gastos razonables en que incurra el asegurado, para la demostración de la ocurrencia y cuantía del siniestro y serán indemnizados bajo esta póliza. Estos gastos deben ser previamente aprobados por la aseguradora y la Entidad se compromete para estos casos presentar previamente cotización de estos gastos (cuando se requiera), la aseguradora se reserva el derecho de poder cotizar con sus proveedores los servicios que demanden la aplicación de estos gastos.Hasta el 100% de los gastos demostrados.
B40: GASTOS ADICIONALES. Sublímite 20% del límite asegurado. | E40: No obstante lo que se diga en contrario en las condiciones generales y particulares de la póliza, la Compañía se obliga a indemnizar los gastos adicionales (que no tengan carácter de permanentes) incluidos aquellos que tenga que asumir por la reconstrucción de archivos, documentos, bases de datos o información en servidores o medios magnéticos, debidamente comprobados en que necesaria y razonablemente incurra el asegurado, como consecuencia directa del siniestro, hasta el 100% de los gastos demostrados.
... B43: ACTOS DE AUTORIDAD | E43: La póliza se extiende a cubrir los daños o pérdidas materiales de los bienes asegurados, causados directamente por la acción de la autoridad legalmente constituida, ejercida con el fin de disminuir o aminorar las consecuencias de cualquiera de los riesgos amparados. Se excluye el embargo y la confiscación de bienes.
B44: 2.7. | C44: CLÁUSULAS BÁSICAS
B45: REVOCACIÓN DE LA PÓLIZA, CLÁUSULAS O CONDICIONES Con termino de noventa (90) días. | E45: La aseguradora podrá revocar la póliza, cláusulas o condiciones unilateralmente por la compañía, mediante noticia escrita enviada al asegurado, a su última dirección registrada, con no menos de noventa (90) días de antelación; contados a partir de la fecha del envío. El asegurado podrá pedir la revocación en cualquier momento, según lo previsto en el Código de Comercio. Así mismo, en el caso de que la aseguradora decida no otorgar renovación o prorroga del contrato de seguro, deberá dar aviso de ello al asegurado con no menos de noventa (90) días de antelación a la fecha de vencimiento de la póliza, en caso contrario se dará por entendido que la aseguradora acepta la renovación o prorroga hasta el límite legal establecido en la Ley 80 de 1993, para la adición de los contratos y manteniendo las mismas condiciones ofertadas en este proceso.
B46: AMPARO AUTOMÁTICO DE NUEVOS CARGOS | E46: Bajo esta cláusula se otorga amparo automático a todo nuevo cargo creado por la Entidad, durante la vigencia de la misma, sin que exista obligación por parte de la entidad asegurada de reportarle dichos nuevos cargos, siempre que los nuevos cargos cuenten con las mismas seguridades y controles que los reportados en el inicio de la póliza. Esta condición dará derecho a la compañía al cobro de la prima proporcional, calculada a prorrata, con las tasas adjudicadas y correspondiente al periodo de amparo.
B47: ERRORES, OMISIONES O INEXACTITUDES | E47: El tomador está obligado a declarar sinceramente los hechos y circunstancias que determinen el estado del riesgo. La inexactitud sobre hechos o circunstancias que, conocidas por la compañía, la hubieren retraído de celebrar el contrato o inducido a estipular condiciones más onerosas, produce la nulidad relativa del seguro. Sin embargo, si se incurriere en errores, omisiones e inexactitudes inculpables al tomador o al asegurado, el contrato no será nulo ni habrá lugar a la aplicación del inciso tercero del artículo 1058 del Código de Comercio sobre reducción porcentual de la prestación asegurada. En este caso se deberá pagar la prima adecuada al verdadero estado del riesgo.
B48: MODIFICACIÓN A CARGOS | E48: Queda entendido, convenido y aceptado que si durante la vigencia de la presente póliza se presenta cambio de denominaciones a cargos, se consideran automáticamente incorporados a la póliza, sin que el asegurado se obligue a reportarle tales cambios y/o modificaciones, precisando que estos cargos cuentan con los controles y seguridades que los reportados al inicio de vigencia.
B49: AMPLIACIÓN AVISO DEL SINIESTRO Con termino de noventa (90) días. | E49: Queda convenido y aceptado que el asegurado podrá dar aviso de la ocurrencia del siniestro en un término de noventa (90), siguientes a la fecha en que haya conocido o debido conocer la ocurrencia del mismo.
B50: DEFINICIÓN DE SERVIDOR PÚBLICO, TRABAJADOR O EMPLEADO | E50: Queda convenido y aceptado que aseguradora acepta bajo la presente cláusula, que el término "servidor público, trabajador o empleado" y estén bajo el control y dependencia del asegurado, dondequiera que se utilice en la póliza significará:
E51: 1) La persona natural que, dentro del desempeño del cargo asegurado, presta su servicio a la Entidad, vinculada a éste mediante contrato de trabajo, orden de trabajo o mediante nombramiento por decreto o resolución.
E52: 2) Contratistas bajo la Prestación de Servicios Profesionales para el apoyo a la gestión.
E53: 3) Los asesores y consultores que desarrollan funciones en la Entidad.
E54: 4) Estudiantes o Practicantes mientras estén prosiguiendo estudios o deberes en los predios de la Entidad.
E55: 5) Empleados de seguridad y contratistas y sus empleados, mientras dichos contratistas estén desarrollando servicios temporales para la Entidad.
E56: 6) Los trabajadores suministrados por compañías especializadas para desarrollar trabajos propios del asegurado y bajo supervisión en cualquiera de las oficinas o predios de la Entidad.
E57: 7) Directores cuando sean empleados asalariados, pensionados o cuando estén desarrollando labores propias de un empleado o cuando esté actuando como miembro de cualquier comité debidamente elegido o nombrado por Resolución de la Junta Directiva de la Entidad (cuando aplica) para desempeñar específicamente la labor de nombramiento para actos de dirección en nombre del asegurado.
E58: 8) Cualquier persona que haga parte de la Junta Directiva de la Entidad.
E59: 9) Cualquier persona o compañía empleada por el asegurado para prestar servicios profesionales en cualquier rama de su especialidad mientras estan prestando servicios a la Entidad.
E60: 10) Cualquier persona que haga parte de alguna entidad con la cual el ASEGURADO tenga algún tipo de convenio, contrato u otra figura que implique el manejo de bienes o recursos en el desarrollo de su misionalidad.
E61: Todas las anteriores definiciones se consideran empleados mientras estén prestando dichos servicios e incluye los primeros ciento veinte (120) días siguientes a la dejación del cargo o a la terminación de sus servicios, según sea el caso y se otorga siempre y cuando el termino indicado se encuentre dentro de la vigencia de la póliza, sin exceder la fecha de finalización de vigencia.
B62: DESIGNACIÓN O DENOMIANACIÓN DE BIENES | E62: La aseguradora acepta el título, nombre, denominación o nomenclatura con que el asegurado identifica o describe los bienes asegurados en sus registros o libros de comercio o contabilidad. El alcance de éstas designación de bienes se amplía al objeto establecido en el Manual de Procedimientos Administrativos y Contables para el manejo y control de los bienes de la Entidad.
B63: CONOCIMIENTO DEL RIESGO | E63: La Compañía acepta mediante la presente cláusula que la Entidad, le ha brindado la oportunidad para realizar la inspección de los bienes y riesgos a que están sujetos los mismos y el patrimonio del Asegurado, razón por la cual se deja constancia del conocimiento y aceptación de los hechos, circunstancias y, en general, condiciones de los mismos. La compañía se reserva el derecho de llevar a cabo la inspección cuantas veces lo juzgue pertinente.
B64: ANTICIPO DE INDEMNIZACIÓN DEL 50% Se califica en Condiciones Adicionales (Formato No. 3) el aumento del porcentaje ofrecido. | E64: Queda expresamente acordado que, a petición escrita de la Entidad, la aseguradora anticipará pagos parciales sobre el valor de cualquier reclamo, con base en el valor de la estimación preliminar de la pérdida aceptada por el ajustador, para adelantar la reparación, reposición o remplazo de los bienes asegurados. En el caso de que no haya nombramiento de ajustador, el anticipo se liquidará con base en la valoración de la cuantía de la pérdida amparada, acreditada por la entidad mediante cotización de la misma. Este anticipo también se extiende a cualquier tipo de gastos que se requiera para la operatividad de la póliza. En caso que el anticipo o suma de anticipos que la compañía adelante al asegurado llegare a exceder la suma total indemnizable a que tenga derecho, éste se compromete a devolver el exceso pagado. Para esta cláusula la aseguradora debe contemplar un plazo máximo para el pago del anticipo de diez (10) días hábiles contados a partir de la fecha de solicitud y formalización del mismo este y no se acepta el requerimiento de ningún requisito adicional para realizar el anticipo.
B65: MODIFICACIONES A FAVOR DEL ASEGURADO | E65: Los cambios o modificaciones a las condiciones de la presente póliza, serán acordados mutuamente entre la compañía y el asegurado. El certificado, documento o comunicaciones que se expidan para formalizarlos debe ser firmado, en señal de aceptación, por un representante legal del asegurado o funcionario autorizado, prevaleciendo sobre las condiciones de esta póliza. No obstante, si durante la vigencia de la póliza se presentan modificaciones en las condiciones del seguro, legalmente aprobadas que representen un beneficio a favor del asegurado, tales modificaciones se consideran automáticamente incorporadas. Siempre y cuando no causen cobro de prima adicional.
B66: NOMBRAMIENTO Y DESIGNACIÓN DE AJUSTADORES | E66: El nombramiento de ajustadores deberá efectuarse de común acuerdo entre la aseguradora y el asegurado, para lo cual la aseguradora presentará para cada reclamo una relación de cinco (5) firmas ajustadoras. No obstante la anterior condición, el asegurador con su propuesta se obliga a presentar la lista de todos sus ajustadores y la Entidad se reserva el derecho de nombrar al ajustador que considere más adecuado o solicitar el cambio de los mismos en caso de que no fueren de su entera satisfacción, sin que para ello se requiera motivación alguna.
B67: VARIACIONES O MODIFICACIONES DEL RIESGO | E67: Queda entendido, convenido y aceptado que las notificaciones que sobre los hechos o circunstancias no previsibles que sobrevengan con posterioridad a la celebración del contrato de seguro y que, conforme al criterio consignado en el inciso 1° del artículo 1058 del código de comercio, signifiquen agravación del riesgo, se efectuarán por la Entidad dentro de los noventa (90) días siguientes a la fecha de modificación del riesgo.
B68: NO CONCURRENCIA DE AMPAROS, CLÁUSULAS O CONDICIONES | E68: Queda entendido, convenido y aceptado, que si dos o más amparos, cláusulas o condiciones otorgan cobertura a un mismo evento, se indemnizará con base en aquella que ofrezca mayor protección para los intereses del asegurado. De igual manera prevalecerán los amparos, cláusulas o condiciones que otorguen coberturas sobre aquellos que las excluyan. En todo caso y ante cualquier discrepancia sobre cuál es el amparo, cláusula o condición aplicable a un caso determinado, se aplicara aquella o aquellas que en conjunto determine el asegurado de acuerdo a su conveniencia.
B69: AMPARO AUTOMÁTICO DE CARGOS QUE POR ERROR U OMISIÓN NO SE HAYAN INFORMADO AL INICIO DE LA VIGENCIA. AVISO 90 DÍAS | E69: Queda entendido, convenido y aceptado que no obstante lo que en contrario se diga en las condiciones generales de la póliza, el presente anexo se extiende a cubrir automáticamente todo cargo que por error u omisión no se haya informado al inicio del seguro por el asegurado. El asegurado deberá comunicar tal situación a la aseguradora dentro del plazo aca estipulado y siguientes a la expedición del seguro y la compañía efectuará el cobro de la prima proporcional a prorrata.
B70: NO APLICACIÓN DE GARANTÍAS | E70: Queda expresamente acordado y aceptado que la cobertura otorgada bajo la presente póliza no queda sujeta al cumplimiento de ningún tipo de garantía por parte de la entidad asegurada.
B71: NO APLICACIÓN DE DEDUCIBLE O RESTRICCIÓN DE LÍMITE PARA CAJAS MENORES | E71: Queda expresamente acordado y aceptado que la aseguradora acepta la no aplicación de deducibles para Cajas Menores y tampoco impondrá restricciones al límite de número y cuantías que manejan cada una de ellas.
B72: FALTANTES DE INVENTARIOS 100% DEL LÍMITE ASEGURADO | E72: El oferente ofrecerá la cobertura para los faltantes de inventarios atribuibles a funcionarios de la entidad siempre y cuando tales pérdidas sean como consecuencia de eventos amparados bajo presente póliza. Se otorga la cobertura siempre que se acredite en el reclamo que las pérdidas fueron causadas por la intervención de uno o más empleados.
B73: DETERMINACIÓN DE LA PÉRDIDA INDEMNIZABLE | E73: La aseguradora debe contemplar en forma expresa que la determinación del valor de la pérdida indemnizable de bienes, se efectuará con base en cotizaciones de bienes de la misma clase, capacidad, tipo y marca o de las características más similares que ofrezca el mercado. En caso de que en el mercado no existan bienes de las mismas o similares características, la determinación se efectuará con base en la (s) alternativa (s) de reemplazo que presentará el asegurado.
... B82: CLÁUSULA DE JURISDICCIÓN Y SOLUCIÓN DE CONTROVERSIAS | E82: Toda y cualquier diferencia que surja entre las partes por la interpretación del presente contrato, su ejecución, cumplimiento, terminación o las consecuencias futuras del mismo, será dirimida bajo la jurisdicción y legislación de la República de Colombia. Las diferencias y controversias que surjan se solucionarán con sujeción a las siguientes instancias que se agotarán de forma sucesiva o a elección de las partes, así:
E83: a). Arreglo Directo: Las partes tratarán de resolver sus diferencias de forma directa y entre ellas mismas dentro del plazo de quince (15) días contados a partir de la notificación escrita en que cualquiera de ellas informe a la otra de un conflicto o controversia originado en el contrato. b). Conciliación: Agotado el plazo anterior sin que las partes lograsen un acuerdo por si mismas, acudirán a la asistencia de un conciliador legalmente autorizado que se designará y actuará según los parámetros establecidos por la Ley 1437 de 2011 y el Decreto 1818 del 2018, la etapa de conciliación durará un mes (1) desde el momento en que las partes o cualquiera de ellas radique la solicitud de conciliación respectiva, en caso de lograrse la conciliación la misma producirá efectos de cosa juzgada entre las partes, en caso contrario agotará el requisito de procedibilidad para acudir a la jurisdicción ordinaria o arbitral según corresponda, de acuerdo con los literales c) y d) de la presente cláusula.
E84: c). Jurisdicción Ordinaria: Agotadas las instancias anteriores, si la cuantía de las pretensiones derivadas de la diferencia que surja entre las partes por la interpretación del presente contrato, su ejecución, cumplimiento, terminación o las consecuencias futuras del mismo, no excediere de 220 SMMLV las partes sujetarán su controversia a la decisión del juez de instancia que corresponda según la cuantía y competencia en arreglo a lo previsto por el código de procedimiento Civil. d). Jurisdicción Arbitral: Agotadas las instancias anteriores, si la cuantía de las pretensiones derivadas de la diferencia que surja entre las partes por la interpretación del presente contrato, su ejecución, cumplimiento, terminación o las consecuencias futuras del mismo, se llevará el conflicto a la decisión de un Tribunal de Arbitramento Institucional cuyo domicilio será la ciudad de Bogotá D.C., el Tribunal estará integrado por un (1) árbitro que será designado conjuntamente por las partes dentro de los quince (15) días hábiles siguientes al envío de la comunicación por correo certificado que una de ellas le haga llegar a la otra solicitando la conformación del Tribunal; en caso de desacuerdo o falta de respuesta de la parte requerida, la otra parte podrá solicitar la designación y conformación del Tribunal al centro de Arbitraje y Conciliación de la Cámara de Comercio de la ciudad de Bogotá D.C.. El Tribunal así conformado funcionará en la ciudad de Bogotá D.C. y el laudo deberá proferirse en derecho, sujetándose en un todo al Decreto 2279 de 1.989, la ley 23 de 1.991, a la Ley 1437 de 2011, sus decretos reglamentarios y demás normas que regulan esta figura judicial. Esta última sujeta a lo dispuesto en Directiva Presidencial 04 del 18 de mayo de 2018.
B85: SUBROGACION | E85: Al indemnizar un siniestro la compañía se subroga, por ministerio de la ley y hasta concurrencia de su importe, en los derechos del Asegurado contra las personas responsables del siniestro, no obstante, la Compañía renuncia expresamente a ejercer sus derechos de subrogación contra: 1. Cualquier persona o Entidad que sea un Asegurado bajo la póliza. 2. Cualquier filial, subsidiaria u operadora del asegurado. 3. Cualquier miembro de la Junta Directiva o cualquier empleado o dependiente del Asegurado, o cualquier persona a las cuales el Asegurado en su misionalidad tengan a cargo cualquiera de los bienes asegurados, incluidos los contratistas para apoyo a la gestión misional de la Entidad, salvo el caso en que los daños hayan sido causados intencionalmente por ellos.
B86: LIQUIDACIÓN A PRORRATA EN CASO DE CANCELACIÓN DE LA PÓLIZA POR PARTE DEL ASEGURADO | E86: Bajo esta cláusula la aseguradora debe aceptar que en caso de cancelación de la póliza por parte del asegurado, la devolución de las primas respectivas se realizará a prorrata.
B87: LIQUIDACIÓN A PRORRATA PARA PRÓRROGA DE LA VIGENCIA | E87: En caso de que el asegurado lo requiera, la aseguradora realizara la liquidación de la prima de la prórroga a prorrata con las mismas tasas y condiciones de la póliza inicial. Siempre y cuando la siniestralidad de la póliza no sea mayor al 50%, en el caso que la siniestralidad supere el 50% la aseguradora acordará con el asegurado las condiciones en que se otorgará la prórroga.
B88: CONDICIONES DE RENOVACIÓN Y/O PRORROGA DE LA PÓLIZA | E88: En caso de que el asegurado decida renovar y/o prorrogar la póliza, la aseguradora se obliga a mantener los términos contratados con las mismas tasas y condiciones de la póliza inicial, siempre y cuando la siniestralidad de la póliza no sea mayor al 70%, en el caso que la siniestralidad supere el 70% la aseguradora acordará con el asegurado las condiciones en que se otorgará las condiciones de renovación. La aseguradora se obliga a entregar en cualquiera de las situaciones de resultado de siniestralidad, las condiciones con una antelación de noventa (90) días antes del vencimiento de la póliza. Para determinar el porcentaje de siniestralidad se tendrá en cuenta el valor de la prima de la vigencia inicial y el valor de los siniestros pagados y en reserva
B89: CLÁUSULA DE NO ACEPTACIÓN DE COASEGURO | E89: En el evento en el que el contrato de seguro sea celebrado a través de una figura asociativa, la misma se celebrará bajo alguna de las modalidades previstas en el artículo 7º del Estatuto General de Contratación de la Administración Pública – EGCP (Unión temporal, consorcio, entre otros). Adicionalmente, no serán aceptados los contratos de seguros estructurados por dos o más Compañías de seguros, en calidad de coaseguradores, y toda disposición que se realice con esta referencia (coaseguro), se entenderá por no escrita.
B90: CLÁUSULA DE CONOCIMIENTO POR LOS MIEMBROS DE LA FIGURA ASOCIATIVA | E90: Esta cláusula será aplicada cuando se presente la asociación de dos o más Aseguradoras, sin importar la figura utilizada para tal fin. Las Compañías de Seguros que actúan como integrantes de cualquier figura asociativa (consorcio, unión temporal, etc.) dentro del presente contrato de seguro, conocen y aceptan: i) las condiciones generales y particulares de la póliza, ii) Cualquier anexo y/o certificado que sobre la póliza inicial emita la Compañía líder de la figura asociativa. En igual sentido, declaran que cualquier reclamación, notificación, requerimiento o comunicación formulada por el asegurado o por un tercero a la compañía líder o cualquiera de sus integrantes, se entiende automáticamente formulada ante todos los integrantes de la figura asociativa establecida para tal fin.
B91: CLÁUSULA DE SOLIDARIDAD ENTRE LOS MIEMBROS DE LA FIGURA ASOCIATIVA | E91: En caso de figuras asociativas se considera lo contemplado en el parágrafo 2 del artículo 7 de la Ley 80 de 1993, el cual indica “En los casos en que se conformen sociedades bajo cualquiera de las modalidades previstas en la ley con el único objeto de presentar una propuesta, celebrar y ejecutar un contrato estatal, la responsabilidad y sus efectos se regirá por las disposiciones previstas en esta ley para los consorcios.”, por tanto, frente a la contratación estatal queda entendido que existirá la solidaridad en el cumplimiento del contrato de seguros y las obligaciones derivadas del mismo.
B92: CLÁUSULA IDENTIFICACIÓN DE LA FIGURA ASOCIATIVA EN LA PÓLIZA | E92: En el evento que el contrato se seguro sea celebrado a través alguna figura asociativa (consorcio, unión temporal, etc.) compuesta por dos o más compañías de seguros, en virtud del artículo 1047 del Código de Comercio, en la póliza deberá incorporarse: (i) el nombre del contratista (razón social de la figura asociativa establecida en su documento de conformación) y (ii) la razón social, número de identificación y porcentajes de participación de cada una de las aseguradoras de la figura asociativa.
B93: CLÁUSULA DE CONDICIONES PARTICULARES | E93: Queda expresamente acordado y convenido, que la aseguradora acepta las condiciones obligatorias (mínimas técnicas) establecidas en este anexo, en los términos señalados en el mismo, por lo tanto, en caso de existir discrepancia ente los ofrecimientos contenidos en la propuesta técnica básica, frente a los textos de los ejemplares de las pólizas, a las condiciones generales, certificados, anexos o cualquier otro documento; prevalecerá la información y condiciones básicas técnicas establecidas de este anexo, de igual forma en caso de encontrarse contradicción en alguna condición prevalecerá la de mayor beneficio para el asegurado.
B94: DETERMINACIÓN DE CONDICIONES Y REQUISITOS PARA EL PAGO DE INDEMNIZACIONES | E94: La aseguradora manifiesta expresamente que acepta los requisitos y documentos contenidos en el Anexo No 5 Requisitos para el pago de las indemnizaciones, como únicos para la atención y pago de reclamaciones por siniestros. A futuro no podrá exigir documentos o trámites adicionales.
B95: 2.8. | C95: EXCLUSIÓN DE ENFERMEDADES TRANSMISIBLES O CONTAGIOSAS
B96: Este seguro no cubre cualquier reclamo de ninguna manera causado por o como resultado de: a) Enfermedad por coronavirus (COVID-19) b) Coronavirus 2 del síndrome respiratorio agudo severo (SARS-CoV-2) c) Cualquier mutación o variación de SARS-CoV-2; d) Cualquier otra enfermedad transmisible, epidemia o pandemia e) Cualquier temor o amenaza de a), b), c) ó d) anteriores f) La interrupción de negocios y/o pérdidas financieras sufridas por la Entidad al no poder desarrollar la actividad para la cual fue creada como consecuencia de a), b), c), d) y e) anteriores.
B97: 2.9. | C97: COBERTURAS, AMPAROS Y BIENES SIN APLICACIÓN DE DEDUCIBLES EN FORMA OBLIGATORIA
B98: La Entidad, requiere oferta de cobertura SIN APLICACIÓN DE DEDUCIBLE, para los bienes y/o amparos y/o eventos, señalados a continuación y por lo tanto el proponente con la firma del Formato No 2 Carta de Aceptación de las Condiciones Obligatorias (Mínimas Técnicas), admite estas condiciones.
B99: • Caja Menores sin aplicación de deducibe.
B100: Teniendo en cuenta que esta póliza no contempla deducibles por tanto este factor no será objeto de evaluación, razón por la cual el puntaje de esta aspecto será sumado al puntaje establecido para la evaluación del factor económico de MENOR PRIMA
B101: 2.10. | C101: DEDUCIBLES MÁXIMOS ACEPTABLES
B102: 1. EMPLEADOS NO IDENTIFICADOS: 2% del valor de la pérdida mínimo 0,5 SMMLV
B103: 2- Demas eventos y/o amparos: Sin deducible
B104: NOTA: El ofrecimiento de deducibles superiores a los enunciados, constituyen causal de rechazo de la oferta.
B105: 2.11. | C105: COMISIÓN MÍNIMA ACEPTABLE.
B106: En virtud de lo expuesto en el artículo 1341 del Código de Comercio el Corredor tendrá derecho a la comisión de intermediación, la cual será pagada por la Compañía de Seguros. La comisión mínima no deberá ser inferior al 10,0% el valor de la prima neta antes de IVA que es la actualmente contratada y no involucra en ningún aspecto a la Entidad. Se aclara que este comisión no es limitante para la aceptación de las condiciones técnicas básicas obligatorias del presente anexo, ya que no no constituye un aspecto técnico de la póliza a contratar.
B107: By: Tiger | G107: =+'1. COND. BÁSICAS TRDM'!G200 -> VERSIÓN: JUN 2026

Sheet 3. COND. BÁSICAS RCE
B3: =+'2. COND. BÁSICAS MANEJO'!$B$3:$G$3 -> UNIDAD ADMINISTRATIVA ESPECIAL CUERPO OFICIAL DE BOMBEROS -UAECOB
B4: Anexo No 1 Condiciones tecnicas basicas obligatorias
B5: GRUPO No. 1
B7: 3. PÓLIZA DE SEGURO DE RESPONSABILIDAD CIVIL EXTRACONTRACTUAL
B8: 3.1. | C8: INFORMACIÓN GENERAL
B9: TOMADOR: | C9: =+'2. COND. BÁSICAS MANEJO'!$C$9:$E$9 -> UNIDAD ADMINISTRATIVA ESPECIAL CUERPO OFICIAL DE BOMBEROS -UAECOB | F9: NIT. | G9: =+'1. COND. BÁSICAS TRDM'!G9 -> 899.999.061-9
B10: ASEGURADO: | C10: =+C9 -> UNIDAD ADMINISTRATIVA ESPECIAL CUERPO OFICIAL DE BOMBEROS -UAECOB | F10: NIT. | G10: =+G9 -> 899.999.061-9
B11: BENEFICIARIO: | C11: TERCEROS AFECTADOS
B12: 3.2. | C12: OBJETO DEL SEGURO
B13: Amparar los perjuicios patrimoniales y extrapatrimoniales que cause la UNIDAD ADMINISTRATIVA ESPECIAL CUERPO OFICIAL DE BOMBEROS -UAECOB, como consecuencia de la Responsabilidad Civil Extracontractual originada dentro o fuera de sus instalaciones, en el desarrollo de sus actividades o en lo relacionado con ella, lo mismo que los actos de sus empleados y funcionarios o el personal para el apoyo a la gestión administrativa dentro y fuera del territorio nacional o por bienes que se encuentren bajo tenencia, control y/o responsabilidad . Nota: Se entenderán como terceros todos los servidores públicos, empleados y funcionarios permanentes, o temporales, o estudiantes en práctica o pasantias, o contratistas, o subcontratistas, o asistentes a cursos, capacitaciones, seminarios, simulacros, etc., al igual las personas voluntarias que presten servicios al asegurado, incluyendo miembros de las Directivas y cada una de las personas que circulen, ingresen, accedan o se encuentren en los predios de asegurado o por los cuales es responsable en su aseguramiento, independientemente que el asegurado le esté prestando un servicio objeto de su razón social.
B14: 3.3. | C14: LÍMITE ASEGURADO EVENTO / AGREGADO ANUAL
A15: 1 | B15: Oferta Básica: Se califica en Condiciones Adicionales (Formato No. 3) el aumento del límite ofrecido sin cobro de prima adicional. | F15: 5000000000
B16: 3.3.1. | C16: MODALIDAD DE COBERTURA
B17: Por ocurrencia: La aseguradora cubre todos los perjuicios que se generen durante la vigencia del seguro
B18: 3.4. | C18: INFORMACIÓN GENERAL
B19: Nómina promedio mensual: $3.786.273.000
B20: Número de funcionarios: 647 Contratistas: 410
B21: Presupuesto anual proyectado de la Entidad año 2026: $136.639.410.000
B22: 3.4.1. | C22: BASE PARA LA DETERMINACIÓN Y APLICACIÓN DEL CONCEPTO SUBLÍMITE / VIGENCIA / AGREGADO ANUAL
B23: Para la totalidad de Coberturas y/o condiciones básicas sublímitadas, queda expresamente aceptado por parte de los proponentes que, en concordancia con la vigencia de la póliza que se adjudique, cada Sublímite operará así:
B24: - Si la vigencia es inferior a doce (12) meses: (Sublímite indicado) Evento /Agregado vigencia.
B25: - Si la vigencia es igual o mayor a doce (12) meses: Sublímite indicado Evento /Agregado Anual.
B26: En caso de discrepancia en alguna cobertura o cláusula básicas con relación al concepto de aplicación del sublímite / vigencia / agregado anual, frente a la vigencia ofertada, prevalece el establecido en este numeral con relación al plazo de la condición ofertada.
B27: NOTA: | C27: CADA SUBLÍMITE O GASTOS INDICADOS ESTAN CONTEMPLADOS DENTRO DEL LÍMITE ASEGURADO.
B28: 3.4.2. | C28: PREDIOS ASEGURADOS
B29: Todos los de propiedad del asegurado, que éste use o entregue en comodato y aquellos de terceros que el asegurado use, mantenga, ocupe en desarrollo de sus actividades y operaciones y los tomados en arriendo.
B30: 3.5. | C30: COBERTURAS BÁSICAS
B31: Queda expresamente acordado y convenido, que mediante la presente póliza la aseguradora ampara los perjuicios patrimoniales y extrapatrimoniales, que cause la Entidad a terceros al igual que las costas y gastos de proceso, siempre y cuando el hecho generador le cause daños materiales, lesiones personales y/o muerte; generados como consecuencia de la responsabilidad civil extracontractual originada dentro o fuera de sus instalaciones, en el desarrollo de sus actividades propias a su objeto social o en lo relacionado con ellas, incluidos los actos de sus empleados y funcionarios en el desarrollo de sus funciones. De igual forma, se acuerda que para todos los efectos de la presente póliza, el termino de “perjuicios patrimoniales” contempla los perjuicios relacionados con daños materiales, daño emergente, lucro cesante y demás perjuicios considerados como patrimoniales; y el termino de “perjuicios extrapatrimoniales” comprende, entre otros, el daño moral, daño fisiológico, daño a la vida de relación y demás perjuicios considerados como extrapatrimoniales. La aseguradora acepta expresamente el otorgamiento de la cobertura de este seguro, según lo previsto en el Artículo 1131 del Código de Comercio, relacionado con la configuración del siniestro e inicio de la prescripción, que estipula: ARTICULO 1131. Configuración del siniestro en el seguro de responsabilidad civil. En el seguro de responsabilidad se entenderá ocurrido el siniestro en el momento en que acaezca el hecho externo imputable al asegurado, fecha a partir de la cual correrá la prescripción respecto de la víctima. Frente al asegurado ello ocurrirá desde cuando la víctima le formula la petición judicial o extrajudicial.
B32: PREDIOS, LABORES Y OPERACIONES (incluyendo incendio y explosión) | E32: La aseguradora se obliga a indemnizar, sujeto a los términos y condiciones establecidas tanto en las condiciones generales como a las particulares de la póliza, los perjuicios patrimoniales y extrapatrimoniales que cause el asegurado con motivo de la responsabilidad civil extracontractual en que incurra de acuerdo con la ley colombiana, por hechos imputables al asegurado, que causen la muerte, lesión o menoscabo en la salud de las personas (daños personales) y/o el deterioro o destrucción de bienes (daños materiales) y perjuicios económicos, incluyendo lucro cesante y daño moral, como consecuencia directa de tales daños personales y/o daños materiales. La aseguradora responderá, además, por los costos del proceso que el tercero damnificado o sus causahabientes promuevan en su contra o la del asegurado, con las salvedades siguientes: a) Si la Entidad asegurada afronta el proceso contra orden expresa de la compañía. b) Si la responsabilidad proviene de dolo o está expresamente señalada en las exclusiones de la póliza. c) Si la condena por los perjuicios ocasionados a la víctima excede la suma que delimita la responsabilidad de la aseguradora, esta solo responderá por los gastos del proceso en proporción a la cuota que le corresponda en la indemnización.
E33: PREDIOS, los perjuicios patrimoniales y extrapatrimoniales que cause el asegurado por la posesión, el uso o el mantenimiento de sus predios o por los que es responsable y en especial en los que la Entidad asegurada desarrolla y realiza las actividades objeto de la cobertura de esta póliza.
E34: LABORES Y OPERACIONES, los perjuicios patrimoniales y extrapatrimoniales que cause el asegurado por las labores u operaciones que lleva a cabo la Entidad asegurada en el desarrollo de las actividades objeto de la cobertura de esta póliza incluyendo todos los riesgos que son inherentes a las actividades desarrolladas por el asegurado en el giro normal de sus actividades y derivadas de: a) Posesión o uso de ascensores y escaleras automáticas, elevadores, montacarga, grúas, puente grúas, equipo de trabajo. b) Posesión o uso de máquinas y equipos de trabajo, de cargue, descargue y transporte dentro de los predios asegurados. c) Transporte de bienes del asegurado, tales como materias primas, productos en proceso y productos terminados, fuera de los predios asegurados (Cuando aplique) d) Operaciones de cargue y descargue. (Cuando aplique) e) Posesión o uso de avisos y vallas publicitarias en el territorio nacional. Se excluye la Responsabilidad Profesional. f) Posesión o uso de sus instalaciones sociales, culturales y deportivas y los eventos que el asegurado realice u organice en ellas. g) Viajes de funcionarios del asegurado dentro y fuera del territorio nacional. h) Actividades y Eventos Sociales y Culturales i) Participación del asegurado en ferias y exposiciones nacionales. j) Errores de puntería, opera en exceso de las pólizas que por ley deben tener contratadas las empresas de vigilancia, empleados del asegurado o contratados a través de firma especializada. (Excepto cuando se trata de sus propios funcionarios). k) Vigilancia de los predios por medio de personal armado y/o animales opera en exceso de las pólizas que por ley deben tener contratadas las empresas de vigilancia, empleados del asegurado o contratados a través de firma especializada. (Excepto cuando se trata de sus propios funcionarios)
E35: l) Posesión o uso de depósitos, tanques y tuberías ubicados o instalados dentro de los predios asegurados. m) Actos de los directivos, representantes y empleados del asegurado en el desempeño de sus funciones y dentro de las actividades aseguradas. Se excluye la Responsabilidad Profesional. n) Posesión o uso de cafeterías, casinos y restaurantes para uso de sus empleados y/o invitados. ñ) Incendio y/o explosión producidos dentro de los predios asegurados. o) Uso de parqueaderos dentro de los predios del asegurado p) Descargue, dispersión, liberación o escape de humo, vapores, hollín, ácidos, álcalis y en general productos químicos tóxicos, líquidos o gaseosos, y demás materias irritantes o contaminantes, en o sobre la tierra, atmosfera, ríos, lagos o cualquier curso o cuerpo de agua, producida en forma accidental, súbita e imprevista. (Cuando aplique) q) Uso de casinos, restaurantes y cafeterías de su propiedad o que sean ocupados por él o que tenga tomados en arrendamiento o alquiler, no obstante el hecho que éstos estén administrados por personas naturales o jurídicas distintas de la entidad o sus empleados. r) Productos y Trabajos terminados sin son de la misionalidad de la Entidad, se excluye recogida del producto. (Cuando aplique). s) Participación del asegurado en ferias y exposiciones internacionales, excluyendo la responsabilidad en los países de Estados Unidos, Puerto Rico y Canadá.
B36: GASTOS MÉDICOS (sin aplicación de deducibles). Sublímite $300.000.000 persona / $800.000.000 agregado anual Se califica en Condiciones Adicionales (Formato No. 3) el aumento del sublímite. | E36: La aseguradora debe contemplar para la propuesta de este amparo, que indemnizarán hasta el límite establecido en la póliza y dentro de los términos y con sujeción a las condiciones de este seguro, los gastos razonables y prioritarios que se causen, por concepto de primeros auxilios inmediatos, servicios médicos, quirúrgicos, de ambulancia de hospital, de enfermeras, medicamentos y de rehabilitación, como consecuencia de las lesiones corporales producidas a terceros en desarrollo de las actividades de la entidad. Se precisa, que el amparo que se otorga es independiente al de responsabilidad civil extracontractual y por consiguiente, los pagos que por dicho concepto se realicen, en ningún caso pueden ser interpretados como aceptación tácita de responsabilidad y no está sujeto a la aplicación de deducible. Los funcionarios y contratistas para el apoyo a la gestión administrativa y demás personal de apoyo a la Entidad se consideran terceros. De igual forma, en caso de requerirse, este amparo puede aplicar por reembolso.
B37: RESPONSABILIDAD CIVIL PATRONAL AL 100% DEL LÍMITE ASEGURADO | E37: La aseguradora mediante este amparo se compromete a indemnizar los perjuicios patrimoniales derivados de la responsabilidad civil extracontractual que le sea imputable al asegurado en su calidad de empleador exclusivamente por los accidentes de trabajo que sufran los empleados a su servicio, en el desarrollo de las actividades asignadas a ellos y de acuerdo con las siguientes definiciones y condiciones: a) Se entiende por empleado toda persona que mediante contrato de trabajo o de prestación de servicios (incluidos contratistas para el apoyo a la gestión administritativa o misional) preste al asegurado. b) Quedan excluidas de este seguro: Las enfermedades profesionales, endémicas o epidémicas, contagiosas (en especial el COVID19), por accidentes de trabajo que se hayan sido provocados deliberadamente o por culpa grave del empleado. Se precisa que este amparo opera en exceso de la seguridad social.
B38: CONTRATISTAS Y SUBCONTRATISTAS INDEPENDIENTES AL 100% DEL LÍMITE ASEGURADO | E38: La aseguradora bajo este amparo se obliga a cubrir los perjuicios patrimoniales derivados de la responsabilidad civil extracontractual que le sea imputable al asegurado y/o los gastos médicos por los daños que causare a terceros, a consecuencia de labores amparadas realizadas por contratistas y subcontratistas independientes a su servicio. Se precisa que este amparo opera en exceso de las pólizas del contratista o subcontratista.
B39: RESPONSABILIDAD CIVIL CRUZADA AL 100% DEL LÍMITE ASEGURADO. | E39: Se cubren los perjuicios patrimoniales causados por un contratista a otro, a consecuencia de las labores amparadas previamente contratadas por el asegurado y que se efectúen dentro de los predios del mismo. Se precisa que este amparo opera en exceso de las pólizas del contratista.
B40: RESPONSABILIDAD CIVIL POR LA CAIDA, EL DESCOPE, LA PODA Y EL MANTENIMIENTO DE ÁRBOLES. | E40: Se cubren los perjuicios patrimoniales causados por la caída, el descope, la poda y el mantenimiento de árboles, siempre y cuando sean responsabilidad de la entidad.
B41: VEHÍCULOS PROPIOS Y NO PROPIOS EN EXCESO DEL SEGURO DE AUTOMÓVILES Y SOAT. (SE EXTIENDE ESTA COBERTURA A LAS EMBARCACIONES O LA MAQUINARÍA QUE EMPLEA LA ENTIDAD) Sublímite de $5.000.000.000 por vehículo / agregado anual. | E41: Mediante esta condición se indemnizarán los daños que cause el asegurado en razón de la responsabilidad civil por lesiones a terceras personas o daños a propiedades de terceros que le sean imputables legalmente como consecuencia de la utilización en el giro normal de sus negocios, de vehículos propios o no propios incluido los de los funcionarios en desarrollo de las actividades del asegurado y en exceso de los limites contratados en el seguro de automóviles. En caso que el vehículo que generó los daños no cuente con póliza de automóviles y/o SOAT, la cobertura de los daños será asumida por la presente póliza hasta el monto del límite fijado.
B42: DAÑOS Y HURTO DE VEHÍCULOS INCLUIDOS ACCESORIOS EN PARQUEADEROS Y PREDIOS DEL ASEGURADO Sublímite de $2.500.000.000 por vehículo / $5.000.000.000 agregado anual | E42: Queda entendido y convenido que la cobertura de la póliza se extiende a amparar los eventos que ocurran en los parqueaderos de propiedad o sobre los cuales se ejerza tenencia y/o control y/o custodia el asegurado, incluyendo daños y hurto de vehículos, motocicletas, bicicletas, patinetas o accesorios. Los vehículos de los funcionarios y contratistas se consideran terceros.
B43: COBERTURA DE PROPIEDADES ADYACENTES | E43: La aseguradora debe contemplar la extensión de la cobertura de propiedades adyacentes para obras civiles terminadas que tenga el Asegurado a su cargo o por las que sea legal o contractualmente responsable.
B44: AMPARO AUTOMÁTICO PARA NUEVOS PREDIOS Y OPERACIONES Con termino de noventa (90) días. | E44: La aseguradora debe contemplar la extensión de la cobertura automática del seguro, en los mismos términos y limitaciones establecidos en esta póliza, para amparar la responsabilidad extracontractual por nuevas operaciones y/o el uso, posesión y demás actividades desarrolladas en nuevos predios que adquiera el asegurado o sobre los cuales obtenga el dominio o control. Esta condición dará derecho a la compañía al cobro de la prima proporcional, calculada a prorrata, con las tasas adjudicadas y correspondiente al periodo de amparo
B45: GASTOS ADICIONALES PARA CAUCIONES Y COSTAS PROCESALES. Sublímite de 20% del limite asegurado y 10% para cauciones. | E45: La presente póliza ampara los siguientes gastos razonables: a) El costo de cualquier clase de caución que el Asegurado tenga que prestar. El costo de cualquier clase de caución que el Asegurado tenga que prestar. La aseguradora no se obliga a constituir la caución, sin embargo si se obliga a cubrir el valor de la prima que esta genere. b) Intereses de mora en beneficio del tercero afectado.
B46: GASTOS ADICIONALES PARA HONORARIOS PROFESIONALES DE ABOGADOS, CONSULTORES, AUDITORES, INTERVENTORES, ETC. | E46: No obstante lo que se diga en contrario en las condiciones generales y particulares de la póliza, la Compañía se obliga a indemnizar los honorarios razonables en que necesaria y razonablemente incurra el asegurado, por concepto de abogados, consultores, auditores, interventores, revisores, contadores, etc., para obtener y certificar: a.- los detalles extraídos de los libros de contabilidad y del negocio mismo del asegurado, y b.- cualesquiera otras informaciones, documentos y testimonios que sean pedidos por la compañía al asegurado según lo establecido en las condiciones generales y particulares de la póliza. La compañía reconocerá hasta el 100% de las gastos razonables demostrados por el asegurado.
B47: POLUCIÓN Y CONTAMINACIÓN ACCIDENTAL | E47: Se cubren los perjuicios derivados de la responsabilidad civil extracontractual en que pudiera incurrir el asegurado por daños a terceros, ocasionados por variaciones perjudiciales de aguas, atmósfera suelos, subsuelos o bien por ruido y habiéndose manifestado durante la vigencia de la póliza siempre y cuando sean a consecuencia directa de un acontecimiento que, desviándose de la marcha normal de la actividad objeto del seguro, ocurra durante la vigencia de la póliza, dentro de los inmuebles asegurados de forma repentina, accidental e imprevista. Se excluye la polución y contaminación paulatina.
... B53: BIENES BAJO CUIDADO, TENENCIA, CONTROL Y CUSTODIA | E53: Se amparan los daños y/o perjuicios que se causen a terceros, con bienes que sin ser de propiedad del asegurado se encuentren bajo su cuidado, tenencia, control y custodia. Se excluye el hurto en cualquiera de sus formas y el daño de dichos bienes.
B54: 3.6. | C54: CLÁUSULAS BÁSICAS
B55: REVOCACIÓN DE LA PÓLIZA, CLÁUSULAS O CONDICIONES Con termino de noventa (90) días. | E55: La aseguradora podrá revocar la póliza, cláusulas o condiciones unilateralmente por la compañía, mediante noticia escrita enviada al asegurado, a su última dirección registrada, con no menos de noventa (90) días de antelación; contados a partir de la fecha del envío. El asegurado podrá pedir la revocación en cualquier momento, según lo previsto en el Código de Comercio. Así mismo, en el caso de que la aseguradora decida no otorgar renovación o prórroga del contrato de seguro, deberá dar aviso de ello al asegurado con no menos de noventa (90) días de antelación a la fecha de vencimiento de la póliza, en caso contrario se dará por entendido que la aseguradora acepta la renovación o prorroga hasta el límite legal establecido en la Ley 80 de 1993, para la adición de los contratos y manteniendo las mismas condiciones ofertadas en este proceso.
B56: ERRORES, OMISIONES O INEXACTITUDES | E56: El tomador está obligado a declarar sinceramente los hechos y circunstancias que determinen el estado del riesgo. La inexactitud sobre hechos o circunstancias que, conocidas por la compañía, la hubieren retraído de celebrar el contrato o inducido a estipular condiciones más onerosas, produce la nulidad relativa del seguro. Sin embargo, si se incurriere en errores, omisiones e inexactitudes inculpables al tomador o al asegurado, el contrato no será nulo ni habrá lugar a la aplicación del inciso tercero del artículo 1058 del Código de Comercio sobre reducción porcentual de la prestación asegurada. En este caso se deberá pagar la prima adecuada al verdadero estado del riesgo.
B57: AMPLIACIÓN AVISO DEL SINIESTRO Con termino de noventa (90) días. | E57: Queda convenido y aceptado que el asegurado podrá dar aviso de la ocurrencia del siniestro en un término de noventa (90), siguientes a la fecha en que haya conocido o debido conocer la ocurrencia del mismo.
B58: DESIGNACIÓN O DENOMINACIÓN DE BIENES | E58: La aseguradora acepta el título, nombre, denominación o nomenclatura con que el asegurado identifica o describe los bienes asegurados en sus registros o libros de comercio o contabilidad. El alcance de éstas designación de bienes se amplía al objeto establecido en el Manual de Procedimientos Administrativos y Contables para el manejo y control de los bienes de la Entidad.
B59: CONOCIMIENTO DEL RIESGO | E59: La aseguradora acepta mediante la presente cláusula que la Entidad, le ha brindado la oportunidad para realizar la inspección de los bienes y riesgos a que están sujetos los mismos y el patrimonio del Asegurado, razón por la cual se deja constancia del conocimiento y aceptación de los hechos, circunstancias y, en general, condiciones de los mismos. La compañía se reserva el derecho de llevar a cabo la inspección cuantas veces lo juzgue pertinente.
B60: PAGO DE LA INDEMNIZACIÓN | E60: Queda expresamente acordado que la aseguradora acepta efectuar el pago de la indemnización, en dinero o mediante el giro al tercero afectado o podrá optar por girar a los contratistas y/o proveedores de servicios o suministro de éstos u otros similares con los cuales el tercero afectado, decida remplazar, reconstruir, reparar y/o reponer el bien o bienes objeto de indemnización por el perjuicio causado; y para este último caso la compañía efectuará el pago hasta el monto de su responsabilidad, precisando que en todo caso y por tratarse de una póliza de Responsabilidad Civil, la indemnización será reconocida a quien acredite la calidad de víctima. En el posible evento que se requiera de facturación por cualquier circunstancia de la indemnización de un perjuico, la factura deberá ser a nombre de la aseguradora
B61: ANTICIPO DE INDEMNIZACIÓN DEL 60% Se califica en Condiciones Adicionales (Formato No. 3) el aumento del porcentaje ofrecido. | E61: Queda expresamente acordado que, a petición escrita de la Entidad, la aseguradora anticipará pagos parciales sobre el valor de cualquier reclamo, con base en el valor de la estimación preliminar de los perjuicios causados o la pérdida aceptada por el ajustador, para adelantar la reparación, reposición o remplazo de los perjuicios o las perdidas causadas. En el caso de que no haya nombramiento de ajustador, el anticipo se liquidará con base en la valoración de la cuantía de la pérdida amparada, acreditada por la entidad mediante cotización de la misma. Este anticipo también se extiende a cualquier tipo de gastos que se requiera para la operatividad de la póliza. En caso que el anticipo o suma de anticipos que la compañía adelante al asegurado llegare a exceder la suma total indemnizable a que tenga derecho, éste se compromete a devolver el exceso pagado. Para esta cláusula la aseguradora debe contemplar un plazo máximo para el pago del anticipo de diez (10) días hábiles contados a partir de la fecha de solicitud y formalización del mismo este y no se acepta el requerimiento de ningún requisito adicional para realizar el anticipo.
B62: MODIFICACIONES A FAVOR DEL ASEGURADO | E62: Los cambios o modificaciones a las condiciones de la presente póliza, serán acordados mutuamente entre la compañía y el asegurado. El certificado, documento o comunicaciones que se expidan para formalizarlos debe ser firmado, en señal de aceptación, por un representante legal del asegurado o funcionario autorizado, prevaleciendo sobre las condiciones de esta póliza. No obstante, si durante la vigencia de la póliza se presentan modificaciones en las condiciones del seguro, legalmente aprobadas que representen un beneficio a favor del asegurado, tales modificaciones se consideran automáticamente incorporadas. Siempre y cuando no causen cobro de prima adicional.
B63: NOMBRAMIENTO Y DESIGNACIÓN DE AJUSTADORES | E63: El nombramiento de ajustadores deberá efectuarse de común acuerdo entre la aseguradora y el asegurado, para lo cual la aseguradora presentará para cada reclamo una relación de cinco (5) firmas ajustadoras. No obstante la anterior condición, el asegurador con su propuesta se obliga a presentar la lista de todos sus ajustadores y la Entidad se reserva el derecho de nombrar al ajustador que considere más adecuado o solicitar el cambio de los mismos en caso de que no fueren de su entera satisfacción, sin que para ello se requiera motivación alguna.
B64: VARIACIONES O MODIFICACIONES DEL RIESGO | E64: Queda entendido, convenido y aceptado que las notificaciones que sobre los hechos o circunstancias no previsibles que sobrevengan con posterioridad a la celebración del contrato de seguro y que, conforme al criterio consignado en el inciso 1° del artículo 1058 del código de comercio, signifiquen agravación del riesgo, se efectuarán por la Entidad dentro de los noventa (90) días siguientes a la fecha de modificación del riesgo.
B65: PROPIETARIOS, ARRENDATARIOS O POSEEDORES | E65: La cobertura de la presente póliza se extiende a cubrir todos los gastos que el asegurado por su responsabilidad le llegaren a imputar y que este esté legalmente obligado a pagar por cualquier ocurrencia de pérdida o perjuicio que surja en su calidad de arrendatario, arrendador o poseedor de cualquier inmueble, aun cuando éstos no se encuentren específicamente descritos en la póliza. Queda cubierta igualmente la responsabilidad civil extracontractual del asegurado en caso de reparaciones, modificaciones o construcciones de los mismos inmuebles; se cubre también la responsabilidad civil de la persona o personas encargadas por contrato de mantenimiento del inmueble y únicamente cuando se encuentren en ejercicio de las funciones que dicho contrato estipule.
A66: 2 | B66: RESTABLECIMIENTO AUTOMÁTICO DEL LÍMITE ASEGURADO POR PAGO DE SINIESTRO, HASTA UNA (1) VEZ EL LÍMITE CONTRATADO CON COBRO DE PRIMA A PRORRATA | E66: Mediante la presente cláusula la aseguradora acepta expresamente, que en el caso de presentarse una pérdida amparada por la presente póliza, la cuantía de tal pérdida se considerará inmediatamente restablecida desde el momento de ocurrencia del siniestro. El restablecimiento ofrecido por esta condición dará derecho a la aseguradora al cobro de la prima correspondiente al monto restablecido, desde la fecha de la pérdida hasta el vencimiento de la póliza, expedición de cuyo certificado de seguro realizará una vez efectuado el pago de la indemnización.
B67: NO APLICACIÓN DE GARANTÍAS | E67: Queda expresamente acordado y aceptado que la cobertura otorgada bajo la presente póliza no queda sujeta al cumplimiento de ningún tipo de garantía por parte de la entidad asegurada.
B68: GASTOS PARA LA DEMOSTRACIÓN DEL SINIESTRO Sublímite 20% del límite asegurado. | E68: Bajo este amparo se cubren los gastos razonables en que incurra el asegurado, para la demostración de la ocurrencia y cuantía del siniestro y serán indemnizados bajo esta póliza. Estos gastos deben ser previamente aprobados por la aseguradora y la Entidad se compromete para estos casos presentar previamente cotización de estos gastos (cuando se requiera), la aseguradora se reserva el derecho de poder cotizar con sus proveedores los servicios que demanden la aplicación de estos gastos. Hasta el 100% de los gastos demostrados.
B69: COSTAS E INTERESES DE MORA Sublímite 20% del límite asegurado. | E69: En adición a las indemnizaciones a que haya lugar, la compañía reembolsará al Asegurado los gastos que se generen con ocasión de: la Condena en costo e intereses de mora acumulados a cargo del Asegurado, desde cuando la sentencia se declare en firme hasta cuando la compañía haya reembolsado al Asegurado o consignado en nombre de éste en el juzgado, su participación en tales gastos.
B70: INDEMNIZACIÓN POR CLARA EVIDENCIA SIN QUE EXISTA PREVIO FALLO JUDICIAL | E70: Mediante este amparo (siempre y cuando se acredite la ocurrencia y cuantía del perjuicio), la aseguradora debe contemplar que en caso de siniestro indemnizará los daños y perjuicios causados por el asegurado a un tercero sin que exista previo fallo judicial, siempre y cuando las circunstancias en que ocurrió el evento den lugar a considerar la responsabilidad o culpa del asegurado. La aseguradora se compromete a indemnizar el 100% de los perjucios razonables en favor y causados al tercero una vez tasados y acordados con estos.
B71: SELECCIÓN DE PROFESIONALES PARA LA DEFENSA | E71: La aseguradora debe contemplar que la selección de los profesionales encargados de la defensa corresponderá a la Entidad asegurada, o los funcionarios que ésta designe, quienes para su aprobación presentarán a la compañía la propuesta correspondiente, teniendo en cuenta que en todos los casos los profesionales del derecho deberán acreditar la debida idoneidad para asumir los procesos en los cuales se les postule para actuar como defensores. Toda propuesta en que los profesionales no acrediten la idoneidad será rechazada. La aseguradora, previo común acuerdo con la Entidad asegurada, podrá asumir la defensa de cualquier litigio o procedimiento legal a nombre del asegurado, a través de abogados elegidos por éste, para lo cual se deberá cumplir con el siguiente procedimiento:
E72: A. ETAPA PREJUDICIAL:
E73: El procedimiento prejudicial para el trámite de las reclamaciones presentado por la Entidad asegurada, ante la compañía Aseguradora, con el fin de evitar dilaciones en el proceso y suspensiones injustificadas de audiencias de conciliación, se desarrollara de la siguiente manera:
E74: a) Una vez ocurrido el siniestro, dentro de los 10 días calendarios siguientes al momento en que tuvo conocimiento de su ocurrencia, la Entidad asegurada, enviara el documento de convocatoria a la Aseguradora, haciéndolo llegar al correo electrónico del funcionario delegado para tal fin, quien para todos los efectos será el designado como el punto de contacto único y permanente entre la Entidad asegurada, y la compañía.
E75: Adicional al documento de convocatoria, la comunicación antes referida debe contener un pronunciamiento claro y debidamente fundamentado, por parte de la Entidad asegurada, frente a los hechos ocurridos. Este requisito será cumplido mediante el concepto previo de la oficina jurídica de la la Entidad asegurada, puesto que en este ya se ha evaluado a priori la responsabilidad, sin que sea viable la exigencia por parte de la aseguradora de alguna decisión del comité de la la Entidad asegurada.
E76: La Entidad asegurada, contara con ocho (8) días calendario para realizar la comunicación acá señalada, contados desde la fecha en que la Entidad haya tenido conocimiento de los hechos.
E77: b) Una vez recibida la información, la compañía Aseguradora estudiara el caso en el Comité de Defensa o de siniestros, según corresponda, a más tardar dentro de los siete (7) días calendario siguientes al recibo del documento de convocatoria, y, de ser pertinente, se aprobara el valor de una propuesta inicial, que debe constar por escrito y de la cual se dará traslado a la Entidad asegurada, en un término máximo de tres (3) días calendario contados desde la fecha que el Comité sesiono.
E78: La decisión tomada por el Comité debe estar debidamente motivada, especificando la justificación de la cifra propuesta y teniendo como base los parámetros establecidos por la jurisprudencia aplicable al caso, así como el proceso de análisis y valoración que llevo a la misma.
E79: c) En caso que la Entidad asegurada esté en desacuerdo con la decisión inicial del Comité de Defensa de la Aseguradora, podrá, dentro de los cinco (5) días calendario siguientes a la comunicación de la misma, manifestar tal inconformidad, mediante el mismo punto de contacto único, y solicitar la reconsideración del caso, argumentando de manera seria las razones por las cuales considera que no hubo una valoración adecuada.
E80: d) La solicitud de reconsideración será resuelta por parte de la compañía Aseguradora dentro de los siete (7) días calendarios siguientes a la fecha de su radicación. La decisión debe contener una propuesta final, la cual debe constar por escrito y estar debidamente motivada, ya sea argumentando de manera razonada la no modificación de la cifra o explicando la motivación y el proceso de análisis y valoración que llevo a la fijación de un nuevo valor.
E81: NOTA: Será la Entidad asegurada, la encargada de convocar a la Compañía Aseguradora a la audiencia de conciliación prejudicial, por lo que no será necesario, en ningún caso, que la Procuraduría u otro órgano respectivo adelante este trámite.
E82: B. ETAPA JUDICIAL:
E83: a) Se adelantará las etapas del proceso judicial con celeridad y evitando cualquier tipo de dilaciones.
... E85: c) La Aseguradora entiende y se compromete a interactuar con la Entidad asegurada, dentro del proceso judicial, como su garante, realizando una labor de apoyo encaminada a obtener una sentencia favorable.
B86: COMPROMISO PARA EL PAGO DE LAS INDEMNIZACIONES Plazo de diez (10) días hábiles. | E86: Mediante esta condición la aseguradora se compromete al pago de la indemnización dentro del plazo establecido, una vez el asegurado demuestre ocurrencia y cuantía.
B87: PLAZO PARA LA ACEPTACIÓN DE LIQUIDACIÓN, ENVÍO DE LOS DOCUMENTOS PARA FIRMA POR PARTE DEL ORDENADOR DEL GASTO Y/O REPRESENTANTE LEGAL Y PAGO POR PARTE DE LA ASEGURADORA. | E87: Mediante esta condición, queda expresamente acordado que la aseguradora se pronunciará sobre las cotizaciones presentadas por el asegurado, para las reposiciones y/o reparaciones y/o consignaciones por los PERJUICIOS causados a que haya lugar ante el Tesoro Nacional o Tesorería Distrital o el ente que haga sus veces (incluidos los impuestos, gravámenes u otros legalmente establecidos); a la menor brevedad posible y máximo dentro de los diez (10) días hábiles siguientes al recibo de la documentación que acredite los mismos. En caso contrario, se entenderán como aceptadas por parte de la Aseguradora la(s) cotización(es) presentada(s) por la Entidad asegurada, dando lugar a que, por parte de la Entidad se presenten los documentos del proveedor para su respectivo pago dentro del tiempo estipulado. Este mismo periodo de tiempo aplica para la solicitud de reconsideraciones.
B88: NO CONCURRENCIA DE AMPAROS, CLÁUSULAS O CONDICIONES | E88: Queda entendido, convenido y aceptado, que si dos o más amparos, cláusulas o condiciones otorgan cobertura a un mismo evento, se indemnizará con base en aquella que ofrezca mayor protección para los intereses del asegurado. De igual manera prevalecerán los amparos, cláusulas o condiciones que otorguen coberturas sobre aquellos que las excluyan. En todo caso y ante cualquier discrepancia sobre cuál es el amparo, cláusula o condición aplicable a un caso determinado, se aplicara aquella o aquellas que en conjunto determine el asegurado de acuerdo a su conveniencia.
B89: CLÁUSULA DE JURISDICCIÓN Y SOLUCIÓN DE CONTROVERSIAS | E89: Toda y cualquier diferencia que surja entre las partes por la interpretación del presente contrato, su ejecución, cumplimiento, terminación o las consecuencias futuras del mismo, será dirimida bajo la jurisdicción y legislación de la República de Colombia. Las diferencias y controversias que surjan se solucionarán con sujeción a las siguientes instancias que se agotarán de forma sucesiva o a elección de las partes, así:
E90: a). Arreglo Directo: Las partes tratarán de resolver sus diferencias de forma directa y entre ellas mismas dentro del plazo de quince (15) días contados a partir de la notificación escrita en que cualquiera de ellas informe a la otra de un conflicto o controversia originado en el contrato. b). Conciliación: Agotado el plazo anterior sin que las partes lograsen un acuerdo por si mismas, acudirán a la asistencia de un conciliador legalmente autorizado que se designará y actuará según los parámetros establecidos por la Ley 1437 de 2011 y el Decreto 1818 del 2018, la etapa de conciliación durará un mes (1) desde el momento en que las partes o cualquiera de ellas radique la solicitud de conciliación respectiva, en caso de lograrse la conciliación la misma producirá efectos de cosa juzgada entre las partes, en caso contrario agotará el requisito de procedibilidad para acudir a la jurisdicción ordinaria o arbitral según corresponda, de acuerdo con los literales c) y d) de la presente cláusula.
E91: c). Jurisdicción Ordinaria: Agotadas las instancias anteriores, si la cuantía de las pretensiones derivadas de la diferencia que surja entre las partes por la interpretación del presente contrato, su ejecución, cumplimiento, terminación o las consecuencias futuras del mismo, no excediere de 220 SMMLV las partes sujetarán su controversia a la decisión del juez de instancia que corresponda según la cuantía y competencia en arreglo a lo previsto por el código de procedimiento Civil. d). Jurisdicción Arbitral: Agotadas las instancias anteriores, si la cuantía de las pretensiones derivadas de la diferencia que surja entre las partes por la interpretación del presente contrato, su ejecución, cumplimiento, terminación o las consecuencias futuras del mismo, se llevará el conflicto a la decisión de un Tribunal de Arbitramento Institucional cuyo domicilio será la ciudad de Bogotá D.C., el Tribunal estará integrado por un (1) árbitro que será designado conjuntamente por las partes dentro de los quince (15) días hábiles siguientes al envío de la comunicación por correo certificado que una de ellas le haga llegar a la otra solicitando la conformación del Tribunal; en caso de desacuerdo o falta de respuesta de la parte requerida, la otra parte podrá solicitar la designación y conformación del Tribunal al centro de Arbitraje y Conciliación de la Cámara de Comercio de la ciudad de Bogotá D.C.. El Tribunal así conformado funcionará en la ciudad de Bogotá D.C. y el laudo deberá proferirse en derecho, sujetándose en un todo al Decreto 2279 de 1.989, la ley 23 de 1.991, a la Ley 1437 de 2011, sus decretos reglamentarios y demás normas que regulan esta figura judicial. Esta última sujeta a lo dispuesto en Directiva Presidencial 04 del 18 de mayo de 2018.
B92: LIQUIDACIÓN A PRORRATA EN CASO DE CANCELACIÓN DE LA PÓLIZA POR PARTE DEL ASEGURADO | E92: Bajo esta cláusula la aseguradora debe aceptar que en caso de cancelación de la póliza por parte del asegurado, la devolución de las primas respectivas se realizará a prorrata.
B93: CONDICIONES DE RENOVACIÓN Y/O PRORROGA DE LA PÓLIZA | E93: En caso de que el asegurado decida renovar y/o prorrogar la póliza, la aseguradora se obliga a mantener los términos contratados con las mismas tasas y condiciones de la póliza inicial, siempre y cuando la siniestralidad de la póliza no sea mayor al 70%, en el caso que la siniestralidad supere el 70% la aseguradora acordará con el asegurado las condiciones en que se otorgará las condiciones de renovación. La aseguradora se obliga a entregar en cualquiera de las situaciones de resultado de siniestralidad, las condiciones con una antelación de noventa (90) días antes del vencimiento de la póliza. Para determinar el porcentaje de siniestralidad se tendrá en cuenta el valor de la prima de la vigencia inicial y el valor de los siniestros pagados y en reserva
B94: CLÁUSULA DE NO ACEPTACIÓN DE COASEGURO | E94: En el evento en el que el contrato de seguro sea celebrado a través de una figura asociativa, la misma se celebrará bajo alguna de las modalidades previstas en el artículo 7º del Estatuto General de Contratación de la Administración Pública – EGCP (Unión temporal, consorcio, entre otros). Adicionalmente, no serán aceptados los contratos de seguros estructurados por dos o más Compañías de seguros, en calidad de coaseguradores, y toda disposición que se realice con esta referencia (coaseguro), se entenderá por no escrita.
B95: CLÁUSULA DE CONOCIMIENTO POR LOS MIEMBROS DE LA FIGURA ASOCIATIVA | E95: Esta cláusula será aplicada cuando se presente la asociación de dos o más Aseguradoras, sin importar la figura utilizada para tal fin. Las Compañías de Seguros que actúan como integrantes de cualquier figura asociativa (consorcio, unión temporal, etc.) dentro del presente contrato de seguro, conocen y aceptan: i) las condiciones generales y particulares de la póliza, ii) Cualquier anexo y/o certificado que sobre la póliza inicial emita la Compañía líder de la figura asociativa. En igual sentido, declaran que cualquier reclamación, notificación, requerimiento o comunicación formulada por el asegurado o por un tercero a la compañía líder o cualquiera de sus integrantes, se entiende automáticamente formulada ante todos los integrantes de la figura asociativa establecida para tal fin.
B96: CLÁUSULA DE SOLIDARIDAD ENTRE LOS MIEMBROS DE LA FIGURA ASOCIATIVA | E96: En caso de figuras asociativas se considera lo contemplado en el parágrafo 2 del artículo 7 de la Ley 80 de 1993, el cual indica “En los casos en que se conformen sociedades bajo cualquiera de las modalidades previstas en la ley con el único objeto de presentar una propuesta, celebrar y ejecutar un contrato estatal, la responsabilidad y sus efectos se regirá por las disposiciones previstas en esta ley para los consorcios.”, por tanto, frente a la contratación estatal queda entendido que existirá la solidaridad en el cumplimiento del contrato de seguros y las obligaciones derivadas del mismo.
B97: CLÁUSULA IDENTIFICACIÓN DE LA FIGURA ASOCIATIVA EN LA PÓLIZA | E97: En el evento que el contrato se seguro sea celebrado a través alguna figura asociativa (consorcio, unión temporal, etc.) compuesta por dos o más compañías de seguros, en virtud del artículo 1047 del Código de Comercio, en la póliza deberá incorporarse: (i) el nombre del contratista (razón social de la figura asociativa establecida en su documento de conformación) y (ii) la razón social, número de identificación y porcentajes de participación de cada una de las aseguradoras de la figura asociativa.
B98: CLÁUSULA DE CONDICIONES PARTICULARES | E98: Queda expresamente acordado y convenido, que la aseguradora acepta las condiciones obligatorias (mínimas técnicas) establecidas en este anexo, en los términos señalados en el mismo, por lo tanto, en caso de existir discrepancia ente los ofrecimientos contenidos en la propuesta técnica básica, frente a los textos de los ejemplares de las pólizas, a las condiciones generales, certificados, anexos o cualquier otro documento; prevalecerá la información y condiciones básicas técnicas establecidas de este anexo, de igual forma en caso de encontrarse contradicción en alguna condición prevalecerá la de mayor beneficio para el asegurado.
B99: DETERMINACIÓN DE CONDICIONES Y REQUISITOS PARA EL PAGO DE INDEMNIZACIONES | E99: La aseguradora manifiesta expresamente que acepta los requisitos y documentos contenidos en el Anexo No 5 Requisitos para el pago de las indemnizaciones, como únicos para la atención y pago de reclamaciones por siniestros. A futuro no podrá exigir documentos o trámites adicionales.
B100: 3.7. | C100: EXCLUSIÓN DE ENFERMEDADES TRANSMISIBLES O CONTAGIOSAS
B101: Este seguro no cubre cualquier reclamo de ninguna manera causado por o como resultado de: a) Enfermedad por coronavirus (COVID-19) b) Coronavirus 2 del síndrome respiratorio agudo severo (SARS-CoV-2) c) Cualquier mutación o variación de SARS-CoV-2; d) Cualquier otra enfermedad transmisible, epidemia o pandemia e) Cualquier temor o amenaza de a), b), c) ó d) anteriores f) La interrupción de negocios y/o pérdidas financieras sufridas por la Entidad al no poder desarrollar la actividad para la cual fue creada como consecuencia de a), b), c), d) y e) anteriores.
B102: “OFAC: El Asegurador no será responsable de proporcionar cobertura o hacer algún pago si el realizarlo pudiera ser considerado como una violación de alguna de las leyes o regulaciones de Sanciones Económicas, que expondría al Asegurador, su casa matriz o su entidad controladora a una sanción estipulada bajo estas leyes o regulaciones
B103: 3.8. | C103: COBERTURAS, AMPAROS Y BIENES SIN APLICACIÓN DE DEDUCIBLES EN FORMA OBLIGATORIA
B104: La Entidad, requiere oferta de cobertura SIN APLICACIÓN DE DEDUCIBLE, para los bienes y/o amparos y/o eventos, señalados a continuación y por lo tanto el proponente con la firma del Formato No 2 Carta de Aceptación de las Condiciones Obligatorias (Mínimas Técnicas), admite estas condiciones.
B105: • Gastos Médicos sin aplicación de deducibe.
B106: Teniendo en cuenta que esta póliza no contempla deducibles por tanto este factor no será objeto de evaluación, razón por la cual el puntaje de esta aspecto será sumado al puntaje establecido para la evaluación del factor económico de MENOR PRIMA
B107: 3.9. | C107: DEDUCIBLES MÁXIMOS ACEPTABLES
B108: 1. PARQUEADEROS: SIN DEDUCIBLE
B109: 2- Demas eventos y/o amparos: SIN DEDUCIBLE
...

Sheet 4. COND. BÁSICAS TRANSP. MCIAS.
B3: =+'3. COND. BÁSICAS RCE'!$B$3 -> UNIDAD ADMINISTRATIVA ESPECIAL CUERPO OFICIAL DE BOMBEROS -UAECOB
B4: Anexo No 1 Condiciones tecnicas basicas obligatorias
B5: GRUPO No. 1
B7: 4. PÓLIZA DE TRANSPORTE DE MERCANCÍAS
B8: 4.1. | C8: INFORMACIÓN GENERAL
B9: TOMADOR: | C9: =+B3 -> UNIDAD ADMINISTRATIVA ESPECIAL CUERPO OFICIAL DE BOMBEROS -UAECOB | F9: NIT. | G9: =+'1. COND. BÁSICAS TRDM'!G9 -> 899.999.061-9
B10: ASEGURADO: | C10: =+C9 -> UNIDAD ADMINISTRATIVA ESPECIAL CUERPO OFICIAL DE BOMBEROS -UAECOB | F10: NIT. | G10: =+G9 -> 899.999.061-9
B11: BENEFICIARIO: | C11: =+C9 -> UNIDAD ADMINISTRATIVA ESPECIAL CUERPO OFICIAL DE BOMBEROS -UAECOB | F11: NIT. | G11: =+G10 -> 899.999.061-9
B12: 4.2 | C12: OBJETO DEL SEGURO
B13: Amparar las pérdidas y los daños materiales causados como consecuencia de los eventos que constituyen los amparos mencionados, en el transporte de cualquier tipo de mercancías nuevas y usadas incluida maquinaría, por cualquier medio de transporte, de los bienes de su propiedad, bajo tenencia, responsabilidad y/o control; propios del giro normal de las actividades de la UNIDAD ADMINISTRATIVA ESPECIAL CUERPO OFICIAL DE BOMBEROS -UAECOB.
B14: 4.3. | C14: LÍMITE ASEGURADO POR DESPACHO | F14: 800000000
B15: 4.3.1. | C15: Presupuesto anual de movilización | F15: 800000000
B16: 4.4. | C16: TRAYECTOS ASEGURADOS
B17: Importaciones, Exportaciones y Reexportaciones: Desde cualquier lugar del mundo, hasta su destino final en Colombia y viceversa, bodega a bodega. Despachos Nacionales: Desde y hasta cualquier ciudad en el territorio nacional. Despachos Urbanos: Desde cualquier parte de la ciudad hasta su destino final en la misma.
B18: 4.4.1. | C18: Medios de Transporte y alcance de la cobertura
B19: Cualquier vehículo propio, de terceros o de firma especializada, ya sea terrestre, ferreo, aéreo, charter, marítimo y fluvial (incluso para las maritimas y fluviales que no se encuentren clasificadas por las autoridades competentes), y cualquier otro que el asegurado deba utilizar para el transporte de los bienes objeto de este seguro, aclarando que la póliza cubre todo tipo de medio de movilización sin excepción y sin restricción de edad de los vehículos ni de horarios para la movilización, incluido los bienes transportados en vehículos arrendados, de funcionarios o contratistas de la entidad o de terceros.
B20: 4.5. | C20: SISTEMA DE COBRO DE PRIMA
B21: La aseguradora acepta como sistema de cobro un único anual (o con base en las vigencias contratadas y con pago por vigencia fiscal) sobre el valor del presupuesto anual indicado sin reportes y sin ajuste al final de la vigencia. Procedimiento para reporte de movilizaciones: Se ampara cualquier despacho hasta el límite asegurado sin que se requiera suministro de relaciones periodicas de despachos y efectuando el cobro de una prima única por toda la vigencia de la póliza. Por tanto, la aseguradora no dará aplicación a la cláusula de falta de avisos o aplicaciones a la presente póliza, manteniendo de esta forma la cobertura durante la vigencia estipulada en la carátula de la póliza.
B22: NOTA: | C22: CADA SUBLÍMITE O GASTOS INDICADOS ESTAN CONTEMPLADOS DENTRO DEL LÍMITE ASEGURADO.
B23: 4.6. | C23: BASE PARA LA DETERMINACIÓN Y APLICACIÓN DEL CONCEPTO SUBLÍMITE / VIGENCIA / AGREGADO ANUAL
B24: Para la totalidad de Coberturas y/o condiciones básicas sublímitadas, queda expresamente aceptado por parte de los proponentes que, en concordancia con la vigencia de la póliza que se adjudique, cada Sublímite operará así:
B25: - Si la vigencia es inferior a doce (12) meses: (Sublímite indicado) Evento /Agregado vigencia.
B26: - Si la vigencia es igual o mayor a doce (12) meses: Sublímite indicado Evento /Agregado Anual.
B27: En caso de discrepancia en alguna cobertura o cláusula básicas con relación al concepto de aplicación del sublímite / vigencia / agregado anual, frente a la vigencia ofertada, prevalece el establecido en este numeral con relación al plazo de la condición ofertada.
B28: 4.7. | C28: AMPAROS BÁSICOS
B29: COBERTURA COMPLETA, INCLUYENDO:
B30: PÉRDIDA TOTAL Y/O DAÑOS MATERIALES | E30: La aseguradora se compromete a indemnizar la pérdida o daño material de los bienes producida por cualquier riesgo no expresamente excluido, siempre que se produzca con ocasión de su transporte, incluidas las operaciones de cargue, trasiego, trasbordo, descargue o desenvasado y permanencias. Así mismo, esta cobertura incluye los amparos de incendio y/o rayo, vientos fuertes, caída a abismos, hundimiento, colisión, volcamiento, inundaciones, fallas mecánicas imprevistas, combustión espontánea, desbarrancamiento, explosión, derrames accidentales imprevistos y repentinos, caídas accidentales de mercancías, caída de aeronaves u otros objetos que se desprendan de ella u otros objetos aéreos, encallamiento, guerra internacional, maremoto, tsunami, mar de leva, marea alta, iceberg, tempestades, huracanes, vientos fuertes en general, nevadas, ciclón, granizo, deslizamiento de tierra, avalanchas, fallas geológicas, terremoto, temblor y/o erupción volcánica, asentamientos, inconsistencias del suelo o cualquier otra convulsión de la naturaleza, colisión por culpa concurrente y aquellos estipulados en la carátula de la póliza y/o sus condiciones particulares.
B31: FALTA DE ENTREGA | E31: Esta cobertura incluye los amparos de hurto calificado, asonada, motín, conmoción civil o popular, y huelga, actos malintencionados de terceros incluidos actos de piratería y terrorismo, guerra internacional, guerra civil, rebelión, insurrección, acto hostil de un poder beligerante o contra dicho poder, aprehensión, minas, torpedos, bombas u otros artefactos de guerra abandonado y aquellos estipulados en la carátula de la póliza y/o sus condiciones particulares.
B32: AVERÍA PARTICULAR | E32: La aseguradora se compromete a indemnizar los daños ocurridos a la mercancía como consecuencia de descargue forzoso, avería sin accidente del medio de transporte, en general daños por la movilización de los bienes y aquellos estipulados en la carátula de la póliza y/o sus condiciones particulares.
B33: SAQUEO | E33: La aseguradora se compromete a indemnizar las pérdidas de la mercancía ocasionadas por el extravio o el hurto de las mercancías transportadas.
B34: HUELGA ( ASONADA, MOTIN, CONMOCIÓN CIVIL O POPULAR, ACTOS MAL INTENCIONADOS DE TERCEROS, INCLUIDOS ACTOS TERRORISTAS Y DE MOVIMIENTOS SUBVERSIVOS) | E34: La aseguradora se compromete a indemnizar las pérdidas de la mercancías como consecuncia de la Huelga y definida como la Asonada, motín, conmoción civil o popular, actos mal intencionados de terceros, inlcuidos los actos terroristas y de movimientos subversivos.
B35: OPERACIONES DE CARGUE Y DESCARGUE | E35: La aseguradora se compromete a indemnizar las pérdidas de la mercancía ocasionadas en el cargue o descargue de las mismas.
B36: ACTOS DE AUTORIDAD | E36: La póliza se extiende a cubrir los daños o pérdidas materiales de los bienes asegurados, causados directamente por la acción de la autoridad legalmente constituida, ejercida con el fin de disminuir o aminorar las consecuencias de cualquiera de los riesgos amparados. Se excluye el embargo y la confiscación de bienes.
B37: 4.8. | C37: CLÁUSULAS BÁSICAS
B38: REVOCACIÓN DE LA PÓLIZA, CLÁUSULAS O CONDICIONES. Con Termino de Noventa (90) días y para AMIT, AMCCOPH, Terrorismo y Sabotaje diez (10) días. | E38: La aseguradora podrá revocar la póliza, cláusulas o condiciones unilateralmente por la compañía, mediante noticia escrita enviada al asegurado, a su última dirección registrada, con no menos de noventa (90) días y para AMIT Y AMCCOPH diez (10) días, de antelación; contados a partir de la fecha del envío. El asegurado podra pedir la revocación en cualquier momento, según lo previsto en el Código de Comercio. Así mismo, en el caso de que la aseguradora decida no otorgar renovación o prorroga del contrato de seguro, excepto para AMIT, AMCCOPH, Terrorismo y Sabotaje, deberá dar aviso de ello al asegurado con no menos de noventa (90) días de antelación a la fecha de vencimiento de la póliza, en caso contrario se dará por entendido que la aseguradora acepta la renovación o prorroga hasta el límite legal establecido en la Ley 80 de 1993, para la adición de los contratos y manteniendo las mismas condiciones ofertadas en este proceso de aseguradoras.
B39: ERRORES, OMISIONES O INEXACTITUDES | E39: El tomador está obligado a declarar sinceramente los hechos y circunstancias que determinen el estado del riesgo. La inexactitud sobre hechos o circunstancias que, conocidas por la compañía, la hubieren retraído de celebrar el contrato o inducido a estipular condiciones más onerosas, produce la nulidad relativa del seguro. Sin embargo, si se incurriere en errores, omisiones e inexactitudes inculpables al tomador o al asegurado, el contrato no será nulo ni habrá lugar a la aplicación del inciso tercero del artículo 1058 del Código de Comercio sobre reducción porcentual de la prestación asegurada. En este caso se deberá pagar la prima adecuada al verdadero estado del riesgo.
B40: AMPLIACIÓN AVISO DEL SINIESTRO Con termino de noventa (90) días. | E40: Queda convenido y aceptado que el asegurado podrá dar aviso de la ocurrencia del siniestro en un término de noventa (90), siguientes a la fecha en que haya conocido o debido conocer la ocurrencia del mismo.
B41: DESIGNACIÓN O DENOMINACIÓN DE BIENES | E41: La aseguradora acepta el título, nombre, denominación o nomenclatura con que el asegurado identifica o describe los bienes asegurados en sus registros o libros de comercio o contabilidad.
B42: CONOCIMIENTO DEL RIESGO | E42: La aseguradora acepta mediante la presente cláusula que la Entidad, le ha brindado la oportunidad para realizar la inspección de los bienes y riesgos a que están sujetos los mismos y el patrimonio del Asegurado, razón por la cual se deja constancia del conocimiento y aceptación de los hechos, circunstancias y, en general, condiciones de los mismos. La compañía se reserva el derecho de llevar a cabo la inspección cuantas veces lo juzgue pertinente.
B43: ANTICIPO DE INDEMNIZACIÓN DEL 60% Se califica en Condiciones Adicionales (Formato No. 3) el aumento del porcentaje ofrecido. | E43: Queda expresamente acordado que, a petición escrita de la Entidad, la aseguradora anticipará pagos parciales sobre el valor de cualquier reclamo, con base en el valor de la estimación preliminar de la pérdida aceptada por el ajustador, para adelantar la reparación, reposición o remplazo de los bienes asegurados. En el caso de que no haya nombramiento de ajustador, el anticipo se liquidará con base en la valoración de la cuantía de la pérdida amparada, acreditada por la entidad mediante cotización de la misma. Este anticipo también se extiende a cualquier tipo de gastos que se requiera para la operatividad de la póliza. En caso que el anticipo o suma de anticipos que la compañía adelante al asegurado llegare a exceder la suma total indemnizable a que tenga derecho, éste se compromete a devolver el exceso pagado. Para esta cláusula la aseguradora debe contemplar un plazo máximo para el pago del anticipo de diez (10) días hábiles contados a partir de la fecha de solicitud y formalización del mismo este y no se acepta el requerimiento de ningún requisito adicional para realizar el anticipo.
B44: MODIFICACIONES A FAVOR DEL ASEGURADO | E44: Los cambios o modificaciones a las condiciones de la presente póliza, serán acordados mutuamente entre la compañía y el asegurado. El certificado, documento o comunicaciones que se expidan para formalizarlos debe ser firmado, en señal de aceptación, por un representante legal del asegurado o funcionario autorizado, prevaleciendo sobre las condiciones de esta póliza. No obstante, si durante la vigencia de la póliza se presentan modificaciones en las condiciones del seguro, legalmente aprobadas que representen un beneficio a favor del asegurado, tales modificaciones se consideran automáticamente incorporadas. Siempre y cuando no causen cobro de prima adicional.
B45: NOMBRAMIENTO Y DESIGNACIÓN DE AJUSTADORES | E45: El nombramiento de ajustadores deberá efectuarse de común acuerdo entre la aseguradora y el asegurado, para lo cual la aseguradora presentará para cada reclamo una relación de cinco (5) firmas ajustadoras. No obstante la anterior condición, el asegurador con su propuesta se obliga a presentar la lista de todos sus ajustadores y la Entidad se reserva el derecho de nombrar al ajustador que considere más adecuado o solicitar el cambio de los mismos en caso de que no fueren de su entera satisfacción, sin que para ello se requiera motivación alguna.
B46: VARIACIONES DEL RIESGO | E46: Queda entendido, convenido y aceptado que las notificaciones que sobre los hechos o circunstancias no previsibles que sobrevengan con posterioridad a la celebración del contrato de seguro y que, conforme al criterio consignado en el inciso 1° del artículo 1058 del código de comercio, signifiquen agravación del riesgo, se efectuarán por la Entidad dentro de los noventa (90) días siguientes a la fecha de modificación del riesgo.
B47: NO CONCURRENCIA DE AMPAROS, CLÁUSULAS O CONDICIONES | E47: Queda entendido, convenido y aceptado, que si dos o más amparos, cláusulas o condiciones otorgan cobertura a un mismo evento, se indemnizará con base en aquella que ofrezca mayor protección para los intereses del asegurado. De igual manera prevalecerán los amparos, cláusulas o condiciones que otorguen coberturas sobre aquellos que las excluyan. En todo caso y ante cualquier discrepancia sobre cuál es el amparo, cláusula o condición aplicable a un caso determinado, se aplicara aquella o aquellas que en conjunto determine el asegurado de acuerdo a su conveniencia.
B48: NO APLICACIÓN DE GARANTÍAS | E48: Queda expresamente acordado y aceptado que la cobertura otorgada bajo la presente póliza no queda sujeta al cumplimiento de ningún tipo de garantía por parte de la entidad asegurada.
B49: DESPACHOS SOBRESALIENTES | E49: Para los casos en que el asegurado transporte límites por despacho, superiores a los establecidos, la aseguradora siempre responderá hasta los límites asegurados por despacho según sea el caso, sin aplicación de infraseguro.
... B75: CLÁUSULA DE JURISDICCIÓN Y SOLUCIÓN DE CONTROVERSIAS | E75: Toda y cualquier diferencia que surja entre las partes por la interpretación del presente contrato, su ejecución, cumplimiento, terminación o las consecuencias futuras del mismo, será dirimida bajo la jurisdicción y legislación de la República de Colombia. Las diferencias y controversias que surjan se solucionarán con sujeción a las siguientes instancias que se agotarán de forma sucesiva o a elección de las partes, así:
E76: a). Arreglo Directo: Las partes tratarán de resolver sus diferencias de forma directa y entre ellas mismas dentro del plazo de quince (15) días contados a partir de la notificación escrita en que cualquiera de ellas informe a la otra de un conflicto o controversia originado en el contrato. b). Conciliación: Agotado el plazo anterior sin que las partes lograsen un acuerdo por si mismas, acudirán a la asistencia de un conciliador legalmente autorizado que se designará y actuará según los parámetros establecidos por la Ley 1437 de 2011 y el Decreto 1818 del 2018, la etapa de conciliación durará un mes (1) desde el momento en que las partes o cualquiera de ellas radique la solicitud de conciliación respectiva, en caso de lograrse la conciliación la misma producirá efectos de cosa juzgada entre las partes, en caso contrario agotará el requisito de procedibilidad para acudir a la jurisdicción ordinaria o arbitral según corresponda, de acuerdo con los literales c) y d) de la presente cláusula.
E77: c). Jurisdicción Ordinaria: Agotadas las instancias anteriores, si la cuantía de las pretensiones derivadas de la diferencia que surja entre las partes por la interpretación del presente contrato, su ejecución, cumplimiento, terminación o las consecuencias futuras del mismo, no excediere de 220 SMMLV las partes sujetarán su controversia a la decisión del juez de instancia que corresponda según la cuantía y competencia en arreglo a lo previsto por el código de procedimiento Civil. d). Jurisdicción Arbitral: Agotadas las instancias anteriores, si la cuantía de las pretensiones derivadas de la diferencia que surja entre las partes por la interpretación del presente contrato, su ejecución, cumplimiento, terminación o las consecuencias futuras del mismo, se llevará el conflicto a la decisión de un Tribunal de Arbitramento Institucional cuyo domicilio será la ciudad de Bogotá D.C., el Tribunal estará integrado por un (1) árbitro que será designado conjuntamente por las partes dentro de los quince (15) días hábiles siguientes al envío de la comunicación por correo certificado que una de ellas le haga llegar a la otra solicitando la conformación del Tribunal; en caso de desacuerdo o falta de respuesta de la parte requerida, la otra parte podrá solicitar la designación y conformación del Tribunal al centro de Arbitraje y Conciliación de la Cámara de Comercio de la ciudad de Bogotá D.C.. El Tribunal así conformado funcionará en la ciudad de Bogotá D.C. y el laudo deberá proferirse en derecho, sujetándose en un todo al Decreto 2279 de 1.989, la ley 23 de 1.991, a la Ley 1437 de 2011, sus decretos reglamentarios y demás normas que regulan esta figura judicial. Esta última sujeta a lo dispuesto en Directiva Presidencial 04 del 18 de mayo de 2018.
B78: LIQUIDACIÓN A PRORRATA EN CASO DE CANCELACIÓN DE LA PÓLIZA POR PARTE DEL ASEGURADO | E78: Bajo esta cláusula la aseguradora debe aceptar que en caso de cancelación de la póliza por parte del asegurado, la devolución de las primas respectivas se realizará a prorrata.
B79: CONDICIONES DE RENOVACIÓN Y/O PRORROGA DE LA PÓLIZA | E79: En caso de que el asegurado decida renovar y/o prorrogar la póliza, la aseguradora se obliga a mantener los términos contratados con las mismas tasas y condiciones de la póliza inicial, siempre y cuando la siniestralidad de la póliza no sea mayor al 70%, en el caso que la siniestralidad supere el 70% la aseguradora acordará con el asegurado las condiciones en que se otorgará las condiciones de renovación. La aseguradora se obliga a entregar en cualquiera de las situaciones de resultado de siniestralidad, las condiciones con una antelación de noventa (90) días antes del vencimiento de la póliza. Para determinar el porcentaje de siniestralidad se tendrá en cuenta el valor de la prima de la vigencia inicial y el valor de los siniestros pagados y en reserva
B80: CLÁUSULA DE NO ACEPTACIÓN DE COASEGURO | E80: En el evento en el que el contrato de seguro sea celebrado a través de una figura asociativa, la misma se celebrará bajo alguna de las modalidades previstas en el artículo 7º del Estatuto General de Contratación de la Administración Pública – EGCP (Unión temporal, consorcio, entre otros). Adicionalmente, no serán aceptados los contratos de seguros estructurados por dos o más Compañías de seguros, en calidad de coaseguradores, y toda disposición que se realice con esta referencia (coaseguro), se entenderá por no escrita.
B81: CLÁUSULA DE CONOCIMIENTO POR LOS MIEMBROS DE LA FIGURA ASOCIATIVA | E81: Esta cláusula será aplicada cuando se presente la asociación de dos o más Aseguradoras, sin importar la figura utilizada para tal fin. Las Compañías de Seguros que actúan como integrantes de cualquier figura asociativa (consorcio, unión temporal, etc.) dentro del presente contrato de seguro, conocen y aceptan: i) las condiciones generales y particulares de la póliza, ii) Cualquier anexo y/o certificado que sobre la póliza inicial emita la Compañía líder de la figura asociativa. En igual sentido, declaran que cualquier reclamación, notificación, requerimiento o comunicación formulada por el asegurado o por un tercero a la compañía líder o cualquiera de sus integrantes, se entiende automáticamente formulada ante todos los integrantes de la figura asociativa establecida para tal fin.
B82: CLÁUSULA DE SOLIDARIDAD ENTRE LOS MIEMBROS DE LA FIGURA ASOCIATIVA | E82: En caso de figuras asociativas se considera lo contemplado en el parágrafo 2 del artículo 7 de la Ley 80 de 1993, el cual indica “En los casos en que se conformen sociedades bajo cualquiera de las modalidades previstas en la ley con el único objeto de presentar una propuesta, celebrar y ejecutar un contrato estatal, la responsabilidad y sus efectos se regirá por las disposiciones previstas en esta ley para los consorcios.”, por tanto, frente a la contratación estatal queda entendido que existirá la solidaridad en el cumplimiento del contrato de seguros y las obligaciones derivadas del mismo.
B83: CLÁUSULA IDENTIFICACIÓN DE LA FIGURA ASOCIATIVA EN LA PÓLIZA | E83: En el evento que el contrato se seguro sea celebrado a través alguna figura asociativa (consorcio, unión temporal, etc.) compuesta por dos o más compañías de seguros, en virtud del artículo 1047 del Código de Comercio, en la póliza deberá incorporarse: (i) el nombre del contratista (razón social de la figura asociativa establecida en su documento de conformación) y (ii) la razón social, número de identificación y porcentajes de participación de cada una de las aseguradoras de la figura asociativa.
B84: CLÁUSULA DE CONDICIONES PARTICULARES | E84: Queda expresamente acordado y convenido, que la aseguradora acepta las condiciones obligatorias (mínimas técnicas) establecidas en este anexo, en los términos señalados en el mismo, por lo tanto, en caso de existir discrepancia ente los ofrecimientos contenidos en la propuesta técnica básica, frente a los textos de los ejemplares de las pólizas, a las condiciones generales, certificados, anexos o cualquier otro documento; prevalecerá la información y condiciones básicas técnicas establecidas de este anexo, de igual forma en caso de encontrarse contradicción en alguna condición prevalecerá la de mayor beneficio para el asegurado.
B85: DETERMINACIÓN DE CONDICIONES Y REQUISITOS PARA EL PAGO DE INDEMNIZACIONES | E85: La aseguradora manifiesta expresamente que acepta los requisitos y documentos contenidos en el Anexo No 5 Requisitos para el pago de las indemnizaciones como únicos para la atención y pago de reclamaciones por siniestros. A futuro no podrá exigir documentos o trámites adicionales.
B86: 4.9. | C86: EXCLUSIÓNES
B87: 4.9.1. EXCLUSIÓN ABSOLUTA DE ENFERMEDADES INFECCIOSAS O CONTAGIOSAS: Sin perjuicio de cualquier otra disposición en contrario, se aclara que este seguro no cubre ninguna reclamación, pérdida, responsabilidad, costo o gasto de cualquier naturaleza que surja directa o indirectamente de, contribuya o resulte de enfermedades, epidemias o pandemias, tales como el Coronavirus (COVID-19), enfermedad respiratoria aguda grave síndrome coronavirus 2 (SARS-CoV-2), o cualquier mutación o variación de los mismos. Esta exclusión también aplica a cualquier reclamo, pérdida, costo o gasto de cualquier naturaleza que surja directa o indirectamente de, en contribución a, o resultante de: 1) Cualquier temor o amenaza que surja en respuesta a una enfermedad infecciosa real o potencial; o 2) Cualquier acción tomada para controlar, prevenir, suprimir o de cualquier manera relacionada con cualquier brote de enfermedades infecciosas tales como coronavirus (COVID-19), coronavirus 2 por síndrome respiratorio agudo severo (SARS-CoV-2), cualquier mutación o variación de los mismos, o de cualquier otra enfermedad, epidemia o pandemia.
B88: 4.9.2. EXCLUSIÓN CLÁUSULA DE LIMITACIÓN DE SANCIONES: ningún asegurador ofrecerá cobertura ni será responsable por el pago de reclamos o proporcionará beneficios que deriven del presente contrato si la provisión de dicha cobertura, pago de dicho reclamo o provisión de dicho beneficio expusiera al asegurador a cualquier sanción, prohibición o restricción de acuerdo con las resoluciones de las Naciones Unidas o de las sanciones comerciales o económicas, leyes o regulaciones de la Unión Europea, Reino Unido, Francia, o Estados Unidos de América”. • Por medio de la presente cláusula, se aclara expresamente que quedan excluidos de cobertura aquellos los despachos o embarques con origen o destino en los siguientes países o regiones, puertos o aeropuertos ubicados en Crimea, incluido Sebastopol, Cuba, Irán, Siria, Corea del Norte, Bielorrusia, República Democrática del Congo, Somalia, Sudán del Sur, Sudán, Zimbabwe, Rusia, Ucrania.
B89: 4.10. | C89: COBERTURAS, AMPAROS Y BIENES SIN APLICACIÓN DE DEDUCIBLES EN FORMA OBLIGATORIA
B90: La Entidad, requiere oferta de cobertura SIN APLICACIÓN DE DEDUCIBLE, para los bienes y/o amparos y/o eventos, señalados a continuación y por lo tanto el proponente con la firma del Formato No 2 Carta de Aceptación de las Condiciones Obligatorias (Mínimas Técnicas), admite estas condiciones.
B91: Teniendo en cuenta que esta póliza no contempla deducibles por tanto este factor no será objeto de evaluación, razón por la cual el puntaje de esta aspecto será sumado al puntaje establecido para la evaluación del factor económico de MENOR PRIMA
B92: 4.11. | C92: DEDUCIBLES MÁXIMOS ACEPTABLES
B93: 1. TODA Y CADA PÉRDIDA: SIN DEDUCIBLE
B94: NOTA: El ofrecimiento de deducibles superiores a los enunciados, constituyen causal de rechazo de la oferta.
B95: 4.12. | C95: COMISIÓN MÍNIMA ACEPTABLE.
B96: En virtud de lo expuesto en el artículo 1341 del Código de Comercio el Corredor tendrá derecho a la comisión de intermediación, la cual será pagada por la Compañía de Seguros. La comisión mínima no deberá ser inferior al 15,0% el valor de la prima neta antes de IVA que es la actualmente contratada y no involucra en ningún aspecto a la Entidad. Se aclara que este comisión no es limitante para la aceptación de las condiciones técnicas básicas obligatorias del presente anexo, ya que no no constituye un aspecto técnico de la póliza a contratar.
B97: By: Tiger | G97: =+'1. COND. BÁSICAS TRDM'!G200 -> VERSIÓN: JUN 2026

Sheet 5. COND. BÁSICAS AUTOMÓVILES
B3: =+'2. COND. BÁSICAS MANEJO'!$B$3 -> UNIDAD ADMINISTRATIVA ESPECIAL CUERPO OFICIAL DE BOMBEROS -UAECOB
B4: Anexo No 1 Condiciones tecnicas basicas obligatorias
B5: GRUPO No. 1
B7: 5. PÓLIZA DE AUTOMÓVILES
B8: 5.1. | C8: INFORMACIÓN GENERAL
B9: TOMADOR: | C9: UNIDAD ADMINISTRATIVA ESPECIAL CUERPO OFICIAL DE BOMBEROS -UAECOB | F9: NIT. | G9: =+'4. COND. BÁSICAS TRANSP. MCIAS.'!G9 -> 899.999.061-9
B10: ASEGURADO: | C10: =+C9 -> UNIDAD ADMINISTRATIVA ESPECIAL CUERPO OFICIAL DE BOMBEROS -UAECOB | F10: NIT. | G10: =+G9 -> 899.999.061-9
B11: BENEFICIARIO: | C11: UNIDAD ADMINISTRATIVA ESPECIAL CUERPO OFICIAL DE BOMBEROS -UAECOB / RCE LOS TERCEROS AFECTADOS | F11: NIT. | G11: =+G9 -> 899.999.061-9
B12: 5.2 | C12: OBJETO DEL SEGURO
B13: Amparar a la UNIDAD ADMINISTRATIVA ESPECIAL CUERPO OFICIAL DE BOMBEROS-UAECOB, por los perjuicios que cause patrimonial (daños materiales incluyendo daño emergente y lucro cesante) y extrapatrimonialmnte (incluidos el daño moral, daño fisiológico y daño a la vida en relación), al igual que los daños a bienes o lesiones o muerte a terceros. De igual forma se amparan los daños y/o pérdidas que afecten a los vehículos de su propiedad, bajo tenencia, control o por los que sea legalmente responsable o incluidos aquellos recibidos por parte de otras entidades para el desarrollo misional de la UAECOB.
B14: 5.3. | C14: PARQUE AUTOMOTOR ASEGURADO
B15: Corresponde al parque automotor relacionado en el Anexo No 4 Relacion de bienes asegurados (valor admitido), incluyendo sus accesorios, blindajes y todos los equipos especiales de los vehículos. La aseguradora acepta que los accesorios se indemnizan a valor de reposición.
B16: NOTA: | C16: CADA SUBLÍMITE O GASTOS INDICADOS ESTAN CONTEMPLADOS DENTRO DEL LÍMITE ASEGURADO.
B17: 5.3.1. | C17: FORMA DE EMISIÓN DE LA PÓLIZA Y FACTURACIÓN
B18: La aseguradora de conformidad con la oferta económica presentada para este seguro y teniendo en cuenta la condición de PÓLIZA COLECTIVA, deberá expedir una ÚNICA PÓLIZA y una solo factura para efectos de cobro de la prima. No se aceptan pólizas expedidas por cada vehículo asegurado ni facturas individuales.
B19: 5.4. | C19: BASE PARA LA DETERMINACIÓN Y APLICACIÓN DEL CONCEPTO SUBLÍMITE / VIGENCIA / AGREGADO ANUAL
B20: Para la totalidad de Coberturas y/o condiciones básicas sublímitadas, queda expresamente aceptado por parte de los proponentes que, en concordancia con la vigencia de la póliza que se adjudique, cada Sublímite operará así:
B21: - Si la vigencia es inferior a doce (12) meses: (Sublímite indicado) Evento /Agregado vigencia.
B22: - Si la vigencia es igual o mayor a doce (12) meses: Sublímite indicado Evento /Agregado Anual.
B23: En caso de discrepancia en alguna cobertura o cláusula básicas con relación al concepto de aplicación del sublímite / vigencia / agregado anual, frente a la vigencia ofertada, prevalece el establecido en este numeral con relación al plazo de la condición ofertada.
B24: 5.5. | C24: AMPAROS BÁSICOS
B25: RESPONSABILIDAD CIVIL EXTRACONTRACTUAL Se califica en Condiciones Adicionales (Formato No. 3) el aumento del límite ofrecido. | E25: Se amparan los perjuicios patrimoniales y extrapatrimoniales, causados a terceros derivados de la responsabilidad civil extracontractual que de acuerdo con la ley incurra el asegurado al conducir el vehículo o cualquier otra persona que conduzca dicho vehículo con su autorización, proveniente de un accidente o serie de accidentes de tránsito emanados de un solo acontecimiento ocasionado por un vehículo asegurado, incluida la culpa grave del asegurado. Bajo este amparo se indemnizan los perjuicios patrimoniales, entiéndase daño emergente (es el coste de la reparación necesaria del daño causado y a los gastos en los que se ha incurrido con ocasión del perjuicio), el lucro cesante (es un tipo de daño patrimonial de perjuicio económico y se configura como la ganancia dejada de obtener o la pérdida de ingresos, como consecuencia directa e inmediata de un hecho lesivo), el daño a la vida de relación (se define como la imposibilidad de la persona afectada de poder realizar las mismas actividades que hacía antes de un siniestro por sí misma y en consecuencia el estilo de vida de la persona cambia afectando su relación con el entorno y las demás personas que la rodean). En concordancia con el artículo 97 del Código Penal, se estipula que el daño derivado de la conducta punible el juez podrá señalar como indemnización, una suma equivalente, en moneda nacional, hasta mil (1000) salarios mínimos legales mensuales.
E26: Límites de Responsabilidad Civil Extracontractual | F26: LÍMITE OBLIGATORIO POR EVENTO Se califica en Condiciones Adicionale el aumento de los siguientes límites
E27: Daños a Bienes de Terceros | F27: 1600000000
E28: Muerte o Lesiones a una persona | F28: 1600000000
E29: Muerte o Lesiones a dos o más Personas | F29: 3200000000
E30: Ó límite único combinado de: | F30: 4000000000
E31: Nota: Se precisa que la aseguradora debe indicar claramente el esquema ofertado, si es con rangos o bajo un límite unico combinado, en caso de no especificarlo se entenderá que es por rangos.
B32: PÉRDIDA TOTAL POR DAÑOS (Incluidos actos terroristas y riesgos asegurados por pólizas contratadas por el Gobierno Nacional o Entidades de cualquier orden). | E32: Se amparan los daños materiales sufridos por el vehículo asegurado como consecuencia de un accidente o de actos malintencionados de terceros en el que el costo de los repuestos, la mano de obra necesaria para las reparaciones y su impuesto a las ventas, tengan un valor igual o superior al 75% del valor comercial del vehículo al momento del accidente.
B33: PÉRDIDA PARCIAL POR DAÑOS (Incluidos actos terroristas y riesgos asegurados por pólizas contratadas por el Gobierno Nacional o Entidades de cualquier orden). | E33: Se amparan los daños materiales sufridos por el vehículo asegurado como consecuencia de un accidente o de actos malintencionados de terceros en el que el costo de los repuestos, la mano de obra necesaria para las reparaciones y su impuesto a las ventas, tengan un valor inferior al 75% del valor comercial del vehículo al momento de la ocurrencia del hecho. Se cubren, además, bajo este amparo, los daños a los equipos de audio, de calefacción u otros accesorios o equipos no necesarios para el funcionamiento normal del vehículo.
B34: PÉRDIDA TOTAL POR HURTO (Incluidos actos terroristas y riesgos asegurados por pólizas contratadas por el Gobierno Nacional o Entidades de cualquier orden). | E34: Se ampara la pérdida total y permanente del vehículo asegurado por causa de cualquier modalidad de hurto en los términos del código penal colombiano.
B35: PÉRDIDA PARCIAL POR HURTO (Incluidos actos terroristas y riesgos asegurados por pólizas contratadas por el Gobierno Nacional o Entidades de cualquier orden). | E35: Se ampara la pérdida parcial de las partes del vehículo asegurado por causa de cualquier modalidad de hurto en los términos del código penal colombiano.
B36: ACTOS MAL INTENCIONADOS DE TERCEROS ASONADA, MOTÍN, CONMOCIÓN CIVIL O POPULAR Y HUELGA (INCLUIDO TERRORISMO Y SABOTAJE) | E36: Se amparan las pérdidas o daños producidos al vehículo asegurado como consecuencia de AMIT (Actos Mal Intencionados de Terceros), terrorismo, huelgas, amotinamientos, conmociones civiles, actos de grupos subversivos o al margen de la ley, incluidos actos terroristas y riesgos asegurados por pólizas contratadas por el Gobierno Nacional o Entidades de cualquier orden, así como las pérdidas ocurridas a consecuencia de estos eventos o las ocurridas después de un accidente
B37: TERREMOTO, TEMBLOR Y/O ERUPCIÓN VOLCÁNICA Y DEMÁS EVENTOS DE LA NATURALEZA | E37: Se amparan los daños y pérdidas sufridas por el vehículo asegurado causados por temblor, terremoto erupción volcánica, maremotos, caída de piedras, inundación, vientos fuertes, lluvias, huracán, granizo, nevadas, tornado y ciclón, y cualquier otro evento de la naturaleza.
B38: 5.6. | C38: AMPAROS ADICIONALES
B39: NO APLICACIÓN DE DEDUCIBLES | E39: La aseguradora acepta que esta ópera póliza sin aplicación de deducible alguno.
B40: AMPARO DE PROTECCIÓN PATRIMONIAL | E40: Este amparo cubre los daños sufridos por el vehículo asegurado y los perjuicios que se causen con motivo de determinada Responsabilidad Civil Extracontractual en que incurra de acuerdo con la Ley, proveniente de un accidente de tránsito ocasionados por el vehículo asegurado cunado el asegurado o el conductor autorizado desatienda las señales reglamentarias de tránsito, no acate la seña roja de los semáforos, conduzca a una velocidad que exceda la permitida, o cuando el conductor se encuentre bajo el efecto de bebidas embriagantes, drogas tóxicas, heroicas o alucinógenas.
B41: ASISTENCIA EN VIAJE Para automóviles, vehículos, camionetas incluyendo motos y vehiculos pesados sin limitante alguno a los trayectos permitidos por evento. | E41: Queda expresamente convenido y aceptado, que bajo esta cobertura la aseguradora se compromete a prestar la asistencia en viajes para los vehículos asegurados y para tal efecto, se obliga a suministrar con la póliza el procedimiento bajo el cual se atenderá el servicio, el cual debe cumplir el requisito de atención inmediata veinticuatro (24) horas diarias continuas en vigencia de la póliza. Así mismo queda acordado que la aseguradora reconocerá la totalidad de los costos que se generen por este servicio y que en los casos en que no se llegue a prestar el servicio en forma inmediata, la asistencia será contratada por la Entidad y a su vez la compañía aseguradora responderá por los costos de ésta. El servicio de Asistencia en Viaje debe aplicar para amparar el transporte de todos los ocupantes del vehículo al destino que se tenía programado, además este servicio de asistencia debe operar sin restricción del número de servicios o limitación de kilometraje en todo el territorio y sin limitante alguna a zonas con problemas de orden público.
B42: GASTOS DE GRÚA, TRANSPORTE Y PROTECCIÓN AL VEHÍCULO (Aplica para todos los vehículos asegurados) | E42: La aseguradora acepta que bajo este seguro se amparan y paga directamente los gastos de grúa, transporte y protección de los vehículos, que se causen como consecuencia de siniestros que afecten las coberturas de pérdidas parciales y/o totales, incluidos los gastos de bodegajes y parqueaderos que se generen por accidentes sin que para la indemnización se aplique deducible u otro tipo de descuento. Bajo esta condición, la aseguradora acepta el pago de grúas, transporte y/o protección de los vehículos incluido los gastos de bodegajes y parqueaderos que se generen a consecuencia de reclamos presentados a la compañía, hasta tanto se defina la aplicación del siniestro bajo la póliza. Esta condición debe aplicar sin restricción del número de servicios grúas o limitación de kilometraje.
B43: GASTOS DE TRANSPORTE POR PÉRDIDAS TOTALES (Daños y/o Hurto) (esta condición no aplica para motos y vehículos pesados.) Limite de $100.000 diarios y hasta (120) días Se califica en Condiciones Adicionales (Formato No. 3) el aumento del límite ofrecido. | E43: En caso de pérdida total por daños o por hurto, el asegurado recibirá de en adición a la indemnización a que hubiere lugar por dicho concepto, una suma diaria para compensar los gastos de transporte en que deba incurrir el asegurado mientras esté privado del uso del vehículo asegurado, la suma diaria por gastos de transporte será liquidada a partir del día siguiente al cual el asegurado haya demostrado la ocurrencia y cuantía de la pérdida y terminará cuando se haga efectivo el reconocimiento de la indemnización.
A44: 2 | B44: GASTOS DE TRANSPORTE POR PÉRDIDAS PARCIALES (Daños y/o Hurto) (esta condición no aplica para motos y vehículos pesados.) Limite de $55.000 diarios y hasta (120) días Se califica en Condiciones Adicionales (Formato No. 3) el aumento del límite ofrecido. | E44: En caso de pérdida total por daños o por hurto, el asegurado recibirá de en adición a la indemnización a que hubiere lugar por dicho concepto, una suma diaria para compensar los gastos de transporte en que deba incurrir el asegurado mientras esté privado del uso del vehículo asegurado, la suma diaria por gastos de transporte será liquidada a partir del día del ingreso del vehículo al taller y terminará cuando se haga efectivo el reconocimiento de la indemnización.
B45: GASTOS DE BODEGAJE Sublímite $10.000.000 evento / agregado anual Se califica en Condiciones Adicionales (Formato No. 3) el aumento del límite ofrecido. | E45: La aseguradora acepta expresamente que como causa de un siniestro se requiera el pago de bodegaje, este será por cuenta de la Compañía, sin cargo alguno a la Entidad asegurada y no aplica condición de pago por reembolso.
B46: AUTORIZACIÓN DE ATENCIÓN DE LAS MÁQUINAS DE BOMBEROS EXTINTORAS Y DE ALTURA EN TALLERES ESPECIALIZADOS | E46: La aseguradora acepta expresamente bajo esta condición, que para las máquinas de bomberos (extintoras y de altura) por las características de las mismas, que la reparación se debe realizar en los talleres de Casa Inglesa o Navitrans o cualquier otro adicional por solicitud expresa de la Entidad . Esta cláusula adicionalmente se extiende a cubrir los gastos que por la misma especialidad de estos rodantes requieran de conceptos técnicos.
B47: EXTENSIÓN DE ASISTENCIA EN VIAJES (SERVICIO DE GRÚA) (Aplica para todos los vehículos asegurados) | E47: La aseguradora acepta que bajo esta cobertura se extiende la Asistencia en Viajes para atender todo el parque automotor, para lo cual la compañía se compromete a prestar este servicio y la aseguradora se obliga a suministrar con la póliza el procedimiento bajo el cual se atenderá éste, el cual debe cumplir el requisito de atención inmediata veinticuatro (24) horas diarias continuas, durante la vigencia del seguro. Así mismo queda acordado que la aseguradora reconocerá la totalidad de los costos que se generen por este servicio y que en los caso en que no se llegue a prestar el servicio en forma inmediata, la asistencia será contratada por la Entidad y a su vez la compañía aseguradora responderá por los costos de ésta. El servicio de Asistencia en Viaje debe aplicar sin restricción del número de servicios o limitación de kilometraje y sin limitante alguna a zonas con problemas de orden público.
B48: NO SUBROGACIÓN CONTRA CONDUCTORES Y/O COMODATARIOS | E48: Queda entendido, convenido y aceptado que en caso de un siniestro, que afecta la presente póliza, la Compañía de Seguros renuncia al derecho de subrogación sobre el conductor del vehículo, sus parientes en línea directa o colateral dentro del segundo grado civil de consanguinidad, su padre adoptante, su hijo adoptivo, su cónyuge no divorciado o sobre cualquier funcionario de la Entidad, o empleados temporales o personas que realicen asesorías o trabajos para la Entidad por contrato de prestación de servicios.
B49: ASISTENCIA JURÍDICA EN PROCESOS PENALES | E49: Queda expresamente acordado y convenido que bajo esta cobertura la aseguradora se obliga a prestar la asistencia penal que requiera la entidad asegurada, como consecuencia de cualquier evento amparado que estén involucrados los vehículos asegurados, a través de las firmas y/o profesionales de la compañía y/o contratados por la misma. De conformidad con lo anterior, la aseguradora se obliga a suministrar con la póliza el listado de las firmas y/o profesionales que prestarán la asistencia jurídica en Proceso Penal, el cual debe cumplir el requisito de atención veinticuatro (24) horas diarias continuas, durante la vigencia del seguro, e indicar el procedimiento a seguir para la atención a la Entidad. Se precisa que la actualización del listado será obligación de la aseguradora. De igual forma queda convenido que el costo de esta asistencia será reconocida por la aseguradora y por lo tanto en caso de que la , deba contratar la asistencia, por razón a la no prestación inmediata de la asistencia jurídica, la aseguradora se obliga a pagar los costos generados, hasta el límite asegurado ofrecido para este amparo.
E50: TABLA DE HONORARIOS PROCESO PENAL LEY 906 DE AGOSTO 31 DE 2004
E51: ETAPAS | F51: DELITOS
F52: LESIONES | G52: HOMICIDIO
E53: REACCION IMEDIATA Y/O ACTUACION PREVIA O PREPROCESAL | F53: 40 SMDLV | G53: 50 SMDLV
E54: AUDIENCIA DE CONCILIACION PREPROCESAL Y/O LEGALIZACION DE LA CAPTURA | F54: 32 SMDLV | G54: 40 SMDLV
E55: AUDIENCIA DE FORMULACION DE IMPUTACION | F55: 66 SMDLV | G55: 92 SMDLV
E56: AUDIENCIA DE SOLICITUD DE MEDIDA DE ASEGURAMIENTO | F56: 25 SMDLV | G56: 33 SMDLV
E57: AUDIENCIA DE ACUSACION O PRECLUSION | F57: 50 SMDLV | G57: 60 SMDLV
E58: AUDIENCIA PREPARATORIA | F58: 81 SMDLV | G58: 120 SMDLV
E59: AUDIENCIA DE JUICIO ORAL (SENTENCIA CONDENATORIA O ABSOLUTORIA) | F59: 120 SMDLV | G59: 261 SMDLV
E60: AUDIENCIA DE REPARACION DE PERJUICIOS | F60: 60 SMDLV | G60: 114 SMDLV
E61: AUDIENCIAS PRELIMINARES | F61: 11 SMDLV | G61: 11 SMDLV
B62: ASISTENCIA JURÍDICA EN PROCESOS CIVILES, POR EVENTO | E62: Queda expresamente acordado que la cobertura de responsabilidad extracontractual otorgada, de conformidad con lo estipulado en el Art. 1128.- del Código del Comercio, se extiende a amparar también los costos del proceso que el tercero damnificado o sus causahabientes promuevan en su contra o la del asegurado, para obtener la indemnización de perjuicios, por hechos imputables al asegurado y/o la Entidad tomadora que causen la muerte, lesión o menoscabo en la salud de las personas (daños personales) y/o el deterioro o destrucción de bienes (daños materiales) y perjuicios económicos (incluido lucro cesante y daño moral), como consecuencia directa de tales daños personales y/o daños materiales y/o cualquier evento amparado bajo la presente póliza. Queda igualmente convenido que la aseguradora de común acuerdo con la Entidad, podrá prestar la asistencia Jurídica en proceso civil que requiera la entidad asegurada, a través de las firmas y/o profesionales de la compañía y/o contratados por la misma, para lo cual la compañía se obliga a suministrar con la póliza el listado de las firmas y/o profesionales que prestarán la asistencia, el cual debe cumplir el requisito de atención veinticuatro (24) horas diarias continuas, durante la vigencia del seguro, e indicar el procedimiento a seguir para tal efecto. Se precisa que la actualización del listado será obligación de la aseguradora. De igual forma queda convenido que el costo de esta asistencia será reconocida por la aseguradora y por lo tanto en caso de que la , deba contratar la asistencia, por razón a la no prestación inmediata de la asistencia jurídica, la aseguradora se obliga a pagar los costos generados, hasta el límite asegurado ofrecido para este amparo.
E63: TABLA DE HONORARIOS PROCESO CIVILES
E64: ETAPAS | F64: VALORES
E65: AUDIENCIAS DE CONCILIACION PREJUDICIAL | F65: 11 Salarios mínimos Diarios Legales Vigentes
E66: CONTESTACION DE LA DEMANDA - LLAMAMIENTO EN GARANTIA | F66: 100 Salarios mínimos Diarios Legales Vigentes
E67: AUDIENCIA DE CONCILIACION | F67: 25 Salarios mínimos Diarios Legales VigentesV (Si se realiza la diligencia pero no se logra la conciliación) 75 Salarios mínimos Diarios Legales Vigentes (Si se logra la conciliación)
E68: ALEGATOS DE CONCLUSION | F68: 60 Salarios mínimos Diarios Legales Vigentes
E69: SENTENCIA | F69: 60 Salarios mínimos Diarios Legales Vigentes
B70: ASISTENCIA JURÍDICA EN PROCESOS DE REPARACIÓN DIRECTA, POR EVENTO | E70: Queda expresamente acordado que la cobertura de responsabilidad extracontractual otorgada, de conformidad con lo estipulado en el Artículo 1128.- del Código del Comercio y en el Artículo 86 del C.C.A., modificado por la Ley 446 de 1998, artículo 31, se extiende a amparar también los costos del proceso que el tercero damnificado o sus causahabientes promuevan en su contra o la del asegurado, para ejercer derechos emanados de la responsabilidad extracontractual, por hechos imputables al asegurado y/o la Entidad tomadora que causen la muerte, lesión o menoscabo en la salud de las personas (daños personales) y/o el deterioro o destrucción de bienes (daños materiales) y perjuicios económicos (incluido lucro cesante y daño moral), como consecuencia directa de tales daños personales y/o daños materiales y/o cualquier evento amparado bajo la presente póliza. Queda igualmente convenido que la aseguradora de común acuerdo con la Entidad, podrá prestar la asistencia Jurídica en en proceso de Reparación Directa que requiera la entidad asegurada, a tráves de las firmas y/o profesionales de la compañía y/o contratados por la misma, para lo cual la compañía se obliga a suministrar con la póliza el listado de las firmas y/o profesionales que prestarán la asistencia, el cual debe cumplir el requisito de atención veinticuatro (24) horas diarias continuas, durante la vigencia del seguro, e indicar el procedimiento a seguir para tal efecto. Se precisa que la actualización del listado será obligación de la aseguradora. Así mismo queda expresamente convenido que dentro de los costos del proceso, antes referidos, se consideran incluidos los honorarios de abogados en que incurra el asegurado para defender sus intereses y/o de la aseguradora, dentro de los procesos en que se discuta la responsabilidad del tomador y/o asegurado, aún en exceso de la suma asegurada; de conformidad con los siguientes límites:
E71: TABLA DE HONORARIOS PROCESOS DE REPARACIÓN DIRECTA
E72: ETAPAS | F72: VALORES
E73: CONCILIACION (LEY 2220 DE 2022, artículo 146) | F73: 25 Salarios mínimos Diarios Legales VigentesV (Si se realiza la diligencia pero no se logra la conciliación) 75 Salarios mínimos Diarios Legales Vigentes (Si se logra la conciliación)
E74: CONTESTACION DE LA DEMANDA - LLAMAMIENTO EN GARANTIA | F74: 100 Salarios mínimos Diarios Legales Vigentes
E75: ALEGATOS DE CONCLUSION | F75: 60 Salarios mínimos Diarios Legales Vigentes
E76: SENTENCIA | F76: 60 Salarios mínimos Diarios Legales Vigentes
B77: DETERMINACIÓN DEL COSTO DEL SEGURO CON TASA ÚNICA | E77: La aseguradora de conformidad con la oferta económica presentada para este seguro, aplica tasa única para la determinación del costo del seguro y acepta la aplicación de la misma para las nuevas inclusiones de vehículos que se causen bajo la presente póliza.
B78: ACTOS DE AUTORIDAD | E78: La póliza se extiende a cubrir los daños o pérdidas materiales de los bienes asegurados, causados directamente por la acción de la autoridad legalmente constituida, ejercida con el fin de disminuir o aminorar las consecuencias de cualquiera de los riesgos amparados. Se excluye el embargo y la confiscación de bienes.
B79: 5.7. | C79: CLÁUSULAS BÁSICAS
B80: REVOCACIÓN DE LA PÓLIZA, CLÁUSULAS O CONDICIONES. Con Termino de Noventa (90) días y para AMIT, AMCCOPH, Terrorismo y Sabotaje diez (10) días. | E80: La aseguradora podrá revocar la póliza, cláusulas o condiciones unilateralmente por la compañía, mediante noticia escrita enviada al asegurado, a su última dirección registrada, con no menos de noventa (90) días y para AMIT Y AMCCOPH diez (10) días, de antelación; contados a partir de la fecha del envío. El asegurado podra pedir la revocación en cualquier momento, según lo previsto en el Código de Comercio. Así mismo, en el caso de que la aseguradora decida no otorgar renovación o prorroga del contrato de seguro, excepto para AMIT, AMCCOPH, Terrorismo y Sabotaje, deberá dar aviso de ello al asegurado con no menos de noventa (90) días de antelación a la fecha de vencimiento de la póliza, en caso contrario se dará por entendido que la aseguradora acepta la renovación o prorroga hasta el límite legal establecido en la Ley 80 de 1993, para la adición de los contratos y manteniendo las mismas condiciones ofertadas en este proceso de aseguradoras.
B81: ERRORES, OMISIONES O INEXACTITUDES | E81: El tomador está obligado a declarar sinceramente los hechos y circunstancias que determinen el estado del riesgo. La inexactitud sobre hechos o circunstancias que, conocidas por la compañía, la hubieren retraído de celebrar el contrato o inducido a estipular condiciones más onerosas, produce la nulidad relativa del seguro. Sin embargo, si se incurriere en errores, omisiones e inexactitudes inculpables al tomador o al asegurado, el contrato no será nulo ni habrá lugar a la aplicación del inciso tercero del artículo 1058 del Código de Comercio sobre reducción porcentual de la prestación asegurada. En este caso se deberá pagar la prima adecuada al verdadero estado del riesgo.
B82: AMPLIACIÓN AVISO DEL SINIESTRO Con termino de noventa (90) días. | E82: Queda convenido y aceptado que el asegurado podrá dar aviso de la ocurrencia del siniestro en un término de noventa (90), siguientes a la fecha en que haya conocido o debido conocer la ocurrencia del mismo.
B83: DESIGNACIÓN O DENOMINACIÓN DE BIENES | E83: La aseguradora acepta el título, nombre, denominación o nomenclatura con que el asegurado identifica o describe los bienes asegurados en sus registros o libros de comercio o contabilidad.
B84: CONOCIMIENTO DEL RIESGO | E84: La aseguradora acepta mediante la presente cláusula que la Entidad, le ha brindado la oportunidad para realizar la inspección de los bienes y riesgos a que están sujetos los mismos y el patrimonio del Asegurado, razón por la cual se deja constancia del conocimiento y aceptación de los hechos, circunstancias y, en general, condiciones de los mismos. La compañía se reserva el derecho de llevar a cabo la inspección cuantas veces lo juzgue pertinente.
B85: ANTICIPO DE INDEMNIZACIÓN DEL 80% Se califica en Condiciones Adicionales (Formato No. 3) el aumento del porcentaje ofrecido. | E85: Queda expresamente acordado que, a petición escrita de la Entidad, la aseguradora anticipará pagos parciales sobre el valor de cualquier reclamo, con base en el valor de la estimación preliminar de la pérdida aceptada por el ajustador, para adelantar la reparación, reposición o remplazo de los bienes asegurados. En el caso de que no haya nombramiento de ajustador, el anticipo se liquidará con base en la valoración de la cuantía de la pérdida amparada, acreditada por la entidad mediante cotización de la misma. Este anticipo también se extiende a cualquier tipo de gastos que se requiera para la operatividad de la póliza. En caso que el anticipo o suma de anticipos que la compañía adelante al asegurado llegare a exceder la suma total indemnizable a que tenga derecho, éste se compromete a devolver el exceso pagado. Para esta cláusula la aseguradora debe contemplar un plazo máximo para el pago del anticipo de diez (10) días hábiles contados a partir de la fecha de solicitud y formalización del mismo este y no se acepta el requerimiento de ningún requisito adicional para realizar el anticipo.
B86: MODIFICACIONES A FAVOR DEL ASEGURADO | E86: Los cambios o modificaciones a las condiciones de la presente póliza, serán acordados mutuamente entre la compañía y el asegurado. El certificado, documento o comunicaciones que se expidan para formalizarlos debe ser firmado, en señal de aceptación, por un representante legal del asegurado o funcionario autorizado, prevaleciendo sobre las condiciones de esta póliza. No obstante si durante la vigencia de la póliza se presentan modificaciones en las condiciones del seguro, legalmente aprobadas que representen un beneficio a favor del asegurado, tales modificaciones se consideran automáticamente incorporadas. Siempre y cuando no causen cobro de prima adicional.
B87: NOMBRAMIENTO Y DESIGNACIÓN DE AJUSTADORES | E87: El nombramiento de ajustadores deberá efectuarse de común acuerdo entre la aseguradora y el asegurado, para lo cual la aseguradora presentará para cada reclamo una relación de cinco (5) firmas ajustadoras. No obstante la anterior condición, el asegurador con su propuesta se obliga a presentar la lista de todos sus ajustadores y la Entidad se reserva el derecho de nombrar al ajustador que considere más adecuado o solicitar el cambio de los mismos en caso de que no fueren de su entera satisfacción, sin que para ello se requiera motivación alguna.
B88: RESTITUCIÓN AUTOMÁTICA DEL LÍMITE ASEGURADO PARA EL AMPARO DE RESPONSABILIDAD CIVIL EXTRACONTRACTUAL | E88: Mediante la presente cláusula la aseguradora acepta expresamente, que en el caso de presentarse un siniestro que afecte la presente póliza, la cuantía del mismo se considerará inmediatamente restablecida desde el momento de la ocurrencia del siniestro. Esta condición no aplica para las coberturas de Pérdidas totales por daños o hurto. El restablecimiento ofrecido por esta condición, dará derecho a la Compañía al cobro de la prima, a prorrata, correspondiente al monto restablecido, únicamente para los siniestros que afecten la cobertura de Responsabilidad Civil Extracontractual; desde la fecha de la ocurrencia de la pérdida hasta el vencimiento de la póliza, expedición de cuyo certificado de seguro realizará una vez efectuado el pago de la indemnización.
B89: VARIACIONES DEL RIESGO | E89: Queda entendido, convenido y aceptado que las notificaciones que sobre los hechos o circunstancias no previsibles que sobrevengan con posterioridad a la celebración del contrato de seguro y que, conforme al criterio consignado en el inciso 1° del artículo 1058 del código de comercio, signifiquen agravación del riesgo, se efectuarán por la Entidad dentro de los noventa (90) días siguientes a la fecha de modificación del riesgo.
B90: NO CONCURRENCIA DE AMPAROS, CLÁUSULAS O CONDICIONES | E90: Queda entendido, convenido y aceptado, que si dos o más amparos, cláusulas o condiciones otorgan cobertura a un mismo evento, se indemnizará con base en aquella que ofrezca mayor protección para los intereses del asegurado. De igual manera prevalecerán los amparos, cláusulas o condiciones que otorguen coberturas sobre aquellos que las excluyan. En todo caso y ante cualquier discrepancia sobre cual es el amparo, cláusula o condición aplicable a un caso determinado, se aplicara aquella o aquellas que en conjunto determine el asegurado de acuerdo a su conveniencia.
B91: NO APLICACIÓN DE GARANTÍAS | E91: Queda expresamente acordado y aceptado que la cobertura otorgada bajo la presente póliza no queda sujeta al cumplimiento de ningún tipo de garantía por parte de la entidad asegurada.
... B135: CLÁUSULA DE JURISDICCIÓN Y SOLUCIÓN DE CONTROVERSIAS | E135: Toda y cualquier diferencia que surja entre las partes por la interpretación del presente contrato, su ejecución, cumplimiento, terminación o las consecuencias futuras del mismo, será dirimida bajo la jurisdicción y legislación de la República de Colombia. Las diferencias y controversias que surjan se solucionarán con sujeción a las siguientes instancias que se agotarán de forma sucesiva o a elección de las partes, así:
E136: a). Arreglo Directo: Las partes tratarán de resolver sus diferencias de forma directa y entre ellas mismas dentro del plazo de quince (15) días contados a partir de la notificación escrita en que cualquiera de ellas informe a la otra de un conflicto o controversia originado en el contrato. b). Conciliación: Agotado el plazo anterior sin que las partes lograsen un acuerdo por si mismas, acudirán a la asistencia de un conciliador legalmente autorizado que se designará y actuará según los parámetros establecidos por la Ley 1437 de 2011 y la Ley 2220 de 2022.Esta etapa durará hasta tres (3) meses contados a partir de la radicación de la solicitud, término que podrá prorrogarse por acuerdo expreso de las partes. De lograrse un acuerdo conciliatorio de manera total o parcial, el acta suscrita, una vez obtenga el respectivo control judicial ante la jurisdicción competente, prestará mérito ejecutivo y tendrá efectos de cosa juzgada. En caso de resultar fallida, se expedirá la constancia correspondiente, dándose por agotado el requisito de procedibilidad indispensable para acudir a la Jurisdicción de lo Contencioso Administrativo o a la justicia arbitral, según corresponda, de acuerdo con los literales c) y d) de la presente cláusula."
E137: c). Jurisdicción Ordinaria: Agotadas las instancias anteriores, si la cuantía de las pretensiones derivadas de la diferencia que surja entre las partes por la interpretación del presente contrato, su ejecución, cumplimiento, terminación o las consecuencias futuras del mismo, no excediere de 220 SMMLV las partes sujetarán su controversia a la decisión del juez de instancia que corresponda según la cuantía y competencia en arreglo a lo previsto por el código de procedimiento Civil. d). Jurisdicción Arbitral: Agotadas las instancias anteriores, si la cuantía de las pretensiones derivadas de la diferencia que surja entre las partes por la interpretación del presente contrato, su ejecución, cumplimiento, terminación o las consecuencias futuras del mismo, se llevará el conflicto a la decisión de un Tribunal de Arbitramento Institucional cuyo domicilio será la ciudad de Bogotá D.C., el Tribunal estará integrado por un (1) árbitro que será designado conjuntamente por las partes dentro de los quince (15) días hábiles siguientes al envío de la comunicación por correo certificado que una de ellas le haga llegar a la otra solicitando la conformación del Tribunal; en caso de desacuerdo o falta de respuesta de la parte requerida, la otra parte podrá solicitar la designación y conformación del Tribunal al centro de Arbitraje y Conciliación de la Cámara de Comercio de la ciudad de Bogotá D.C.. El Tribunal así conformado funcionará en la ciudad de Bogotá D.C. y el laudo deberá proferirse en derecho, sujetándose en un todo al Decreto 2279 de 1.989, la ley 23 de 1.991, a la Ley 1437 de 2011, sus decretos reglamentarios y demás normas que regulan esta figura judicial. Esta última sujeta a lo dispuesto en Directiva Presidencial 04 del 18 de mayo de 2018.
B138: COBERTURA ACCIDENTES PERSONALES PARA LOS CONDUCTORES DE LOS VEHICULOS ASEGURADOS. SE EXCLUYEN MOTOS Sublímite de $5.000.000 por persona. | E138: Queda entendido, convenido y aceptado que en caso de un siniestro, que afecte la presente póliza, la Compañía de Seguros extiende la cobertura en caso de muerte accidental para el conductor del vehículo asegurado, con límite básico señalado por cada el conductor del vehículo. Esta condición aplica únicamente por muerte accidental del conductor. Se excluyen motos
B139: VEHÍCULO REEMPLAZO (Se excluye este amparo para motocicletas, pesados, volquetas, buses y vehículos de servicio público). | E139: Queda entendido, convenido y aceptado que en caso de un siniestro, que afecte la presente póliza, la Compañía de Seguros otorga vehículo de reemplazo con base en las políticas de la aseguradora.
B140: SERVICIO DE CASA CARCEL PARA CONDUCTORES Sublímite 60 SMDLV | E140: En el evento de ocurrencia de un accidente de tránsito que presente lesionados o muertos, estando el conductor del vehículo asegurado en una de las causales determinadas por la Ley para ser remitido a una casa-cárcel debidamente autorizada por el INPEC, la compañía sufragará hasta un límite del 100% de los gastos que se generen en dicha casa-cárcel para brindarle al conductor del vehículo asegurado una mejora de los servicios que la misma brinda tales como alimentación especial, habitación dotada con televisor, etc. todo esto siempre y cuando la casa-cárcel ofrezca tales servicios adicionales.
B141: CONDICIÓN ESPECIAL | E141: Bajo la póliza de automóviles solo se ampara el chasis y carrocería de los vehículos (carros de bomberos, máquinas extintoras y aquellos de la misionalidad y que se relacionan en equipo y maquinaría), en cuanto a los accesorios como maquinaria los mismos corresponden a la póliza de maquinaria y equipo propios de la actividad que desarrolla Bomberos Bogotá.
B142: CONDICIONES DE RENOVACIÓN Y/O PRORROGA DE LA PÓLIZA | E142: En caso de que el asegurado decida renovar y/o prorrogar la póliza, la aseguradora se obliga a mantener los términos contratados con las mismas tasas y condiciones de la póliza inicial, siempre y cuando la siniestralidad de la póliza no sea mayor al 70%, en el caso que la siniestralidad supere el 70% la aseguradora acordará con el asegurado las condiciones en que se otorgará las condiciones de renovación. La aseguradora se obliga a entregar en cualquiera de las situaciones de resultado de siniestralidad, las condiciones con una antelación de noventa (90) días antes del vencimiento de la póliza.
B143: CLÁUSULA DE NO ACEPTACIÓN DE COASEGURO | E143: En el evento en el que el contrato de seguro sea celebrado a través de una figura asociativa, la misma se celebrará bajo alguna de las modalidades previstas en el artículo 7º del Estatuto General de Contratación de la Administración Pública – EGCP (Unión temporal, consorcio, entre otros). Adicionalmente, no serán aceptados los contratos de seguros estructurados por dos o más Compañías de seguros, en calidad de coaseguradores, y toda disposición que se realice con esta referencia (coaseguro), se entenderá por no escrita.
B144: CLÁUSULA DE CONOCIMIENTO POR LOS MIEMBROS DE LA FIGURA ASOCIATIVA | E144: Esta cláusula será aplicada cuando se presente la asociación de dos o más Aseguradoras, sin importar la figura utilizada para tal fin. Las Compañías de Seguros que actúan como integrantes de cualquier figura asociativa (consorcio, unión temporal, etc.) dentro del presente contrato de seguro, conocen y aceptan: i) las condiciones generales y particulares de la póliza, ii) Cualquier anexo y/o certificado que sobre la póliza inicial emita la Compañía líder de la figura asociativa. En igual sentido, declaran que cualquier reclamación, notificación, requerimiento o comunicación formulada por el asegurado o por un tercero a la compañía líder o cualquiera de sus integrantes, se entiende automáticamente formulada ante todos los integrantes de la figura asociativa establecida para tal fin.
B145: CLÁUSULA DE SOLIDARIDAD ENTRE LOS MIEMBROS DE LA FIGURA ASOCIATIVA | E145: En caso de figuras asociativas se considera lo contemplado en el parágrafo 2 del artículo 7 de la Ley 80 de 1993, el cual indica “En los casos en que se conformen sociedades bajo cualquiera de las modalidades previstas en la ley con el único objeto de presentar una propuesta, celebrar y ejecutar un contrato estatal, la responsabilidad y sus efectos se regirá por las disposiciones previstas en esta ley para los consorcios.”, por tanto, frente a la contratación estatal queda entendido que existirá la solidaridad en el cumplimiento del contrato de seguros y las obligaciones derivadas del mismo.
B146: CLÁUSULA IDENTIFICACIÓN DE LA FIGURA ASOCIATIVA EN LA PÓLIZA | E146: En el evento que el contrato se seguro sea celebrado a través alguna figura asociativa (consorcio, unión temporal, etc.) compuesta por dos o más compañías de seguros, en virtud del artículo 1047 del Código de Comercio, en la póliza deberá incorporarse: (i) el nombre del contratista (razón social de la figura asociativa establecida en su documento de conformación) y (ii) la razón social, número de identificación y porcentajes de participación de cada una de las aseguradoras de la figura asociativa.
...

Sheet 6. COND. EQUIPO Y MAQ.
B3: =+'5. COND. BÁSICAS AUTOMÓVILES'!B3 -> UNIDAD ADMINISTRATIVA ESPECIAL CUERPO OFICIAL DE BOMBEROS -UAECOB
B4: Anexo No 1 Condiciones tecnicas basicas obligatorias
B5: GRUPO No. 1
B7: 6. PÓLIZA DE SEGURO DE EQUIPO Y MAQUINARÍA
B8: 6.1. | C8: INFORMACIÓN GENERAL
B9: TOMADOR: | C9: =+B3 -> UNIDAD ADMINISTRATIVA ESPECIAL CUERPO OFICIAL DE BOMBEROS -UAECOB | F9: NIT. | G9: =+'5. COND. BÁSICAS AUTOMÓVILES'!G9 -> 899.999.061-9
B10: ASEGURADO: | C10: =+C9 -> UNIDAD ADMINISTRATIVA ESPECIAL CUERPO OFICIAL DE BOMBEROS -UAECOB | F10: NIT. | G10: =+G9 -> 899.999.061-9
B11: BENEFICIARIO: | C11: =+C10 -> UNIDAD ADMINISTRATIVA ESPECIAL CUERPO OFICIAL DE BOMBEROS -UAECOB | F11: NIT. | G11: =+G9 -> 899.999.061-9
B12: 6.2. | C12: OBJETO DEL SEGURO
B13: Amparar las pérdidas o daños materiales que afecten a los Equipos y Maquinarías de propiedad de la UNIDAD ADMINISTRATIVA ESPECIAL CUERPO OFICIAL DE BOMBEROS-UAECOB, o aquellos que se encuentren bajo su control, tenencia, responsabilidad o custodia, ubicados en el territorio nacional contra los daños o pérdidas materiales a consecuencia de cualquier riesgo, tanto por eventos internos o externos, incluyendo las pérdidas consecuenciales por todo concepto dentro o fuera de las instalaciones del asegurado y/o en predios de terceros y los utilizados en desarrollo del objeto social de la UAECOB.
B14: 6.3. | C14: BIENES ASEGURADOS
B15: Las aseguradoras aceptan que no obstante las siguientes definiciones generales de bienes asegurados, el alcance de éstas se amplian al objeto establecido en el Manual de Procedimientos Administrativos y Contables para el manejo y control de los bienes de la Entidad.
B16: Los bienes asegurados comprenden absolutamente toda propiedad de bienes materiales de la UNIDAD ADMINISTRATIVA ESPECIAL CUERPO OFICIAL DE BOMBEROS-UAECOB o de terceros que se estén bajo su cuidado, custodia, control o por los cuales sea legal o contractualmente responsable y en general los recibidos a cualquier título o por los que tenga o tenga interés asegurable, localizados dentro del territorio nacional dentro o fuera de las instalaciones del asegurado y/o en predios de terceros y utilizados en desarrollo del objeto social de la UAECOB consistentes principalmente pero no limitados a los siguientes bienes:
B17: 6.4. | C17: VALORES ASEGURADOS
B18: 6.4.1. | C18: Bienes Asegurables relacionados en el (Anexo No 4 Relacion de bienes asegurados)
B19: NOTA 1: | C19: Las aseguradoras debe tener en cuenta que el índice variable esta calculado con relación a la vigencia minima exigida, por tanto la aseguradora debe calcular el índice variable con relación a la vigencia ofertada.
B20: NOTA 2: | C20: CADA SUBLÍMITE O GASTOS INDICADOS ESTAN CONTEMPLADOS DENTRO DEL LÍMITE ASEGURADO.
B21: NOTA 3: | C21: Los Sublímites antes indicados corresponden al monto mínimo que deben contemplar las aseguradoras para la propuesta de cobertura de los bienes y/o riesgos.
B22: 6.5. | C22: BASE PARA LA DETERMINACIÓN Y APLICACIÓN DEL CONCEPTO SUBLÍMITE / VIGENCIA / AGREGADO ANUAL
B23: Para la totalidad de Coberturas y/o condiciones básicas sublímitadas, queda expresamente aceptado por parte de los proponentes que, en concordancia con la vigencia de la póliza que se adjudique, cada Sublímite operará así:
B24: - Si la vigencia es inferior a doce (12) meses: (Sublímite indicado) Evento /Agregado vigencia.
B25: - Si la vigencia es igual o mayor a doce (12) meses: Sublímite indicado Evento /Agregado Anual.
B26: En caso de discrepancia en alguna cobertura o cláusula básicas con relación al concepto de aplicación del sublímite / vigencia / agregado anual, frente a la vigencia ofertada, prevalece el establecido en este numeral con relación al plazo de la condición ofertada.
B27: 6.6. | C27: COBERTURAS BÁSICAS
B28: Todo Riesgo: Bajo esta póliza se otorga amparo en la modalidad de todo riesgo por las pérdidas y/o daños materiales que sufran los bienes asegurados por cualquier riesgo o causas, incluidos, entre otros, pero no limitados a, incendio, rayo, explosión, anegación, daños por agua, hurto y hurto calificado, actos mal intencionados de terceros, asonada, motin, conmoción civil o popular, sabotaje y terrorismo, extende coverage, impericia, descuido, sabotaje, manejo inadecuado, terremoto temblor y/o erupción volcánica, partes electricas y/o electrónicas, movilización por sus propios medios, movilización en vehículos u otros medios de transportes de esta clase de maquinaria, volcamiento, Colisión por objetos en movimiento o estacionarios, volcamiento, hundimiento del terreno, deslizamiento de tierra, descarrilamiento, Accidentes que ocurran pese a un manejo correcto, así como los que sobrevengan a consecuencia de descuido, impericia o negligencia del conductor, Responsabilidad Civil Extracontractual incluidos los perjuicios patrimoniales (daños materiales incluyendo daño emergente y lucro cesante) y extrapatrimoniales (incluidos el daño moral, daño fisiológico y el daño a la vida en relación). Se entienden incluidos los riesgos mencionados en el artículo 1105 del Código de Comercio, excepto Guerra Civil o Internacional.
B29: NOTA: | C29: QUEDA EXPRESAMENTE ACEPTADO POR LA ASEGURADORA QUE LAS CONDICIONES, COBERTURAS Y CLAUSULAS BÁSICAS PARA LAS CUALES NO SE INDIQUE SUBLÍMITE, OPERARÁN AL 100% DEL VALOR ASEGURADO.
B30: TERREMOTO, TEMBLOR Y/O ERUPCIÓN VOLCÁNICA Y DEMÁS EVENTOS DE LA NATURALEZA. Sublímite básico obligatorio de $30.000.000.000 evento / Agregado anual combinado para las coberturas de daños materiales. | E30: Bajo este amparo, la aseguradora se compromete a indemnizar al Asegurado hasta el límite del valor asegurado de este sublímite, los daños y/o pérdidas materiales que sufran los bienes asegurados causados por terremoto, tembor y/o erupción volcánica y demás eventos de la naturaleza, o por incendio originado por tales fenómenos.
B31: ACTOS MAL INTENCIONADOS DE TERCEROS ASONADA, MOTÍN, CONMOCIÓN CIVIL O POPULAR Y HUELGA (INCLUIDO TERRORISMO Y SABOTAJE) AL 100% | E31: La aseguradora se compromete a indemnizar al Asegurado hasta el límite del valor asegurado de este sublímite, los daños y/o pérdidas materiales que sufran los bienes asegurados causados por: Actos Mal Intencionados de Terceros y Terrorismo: Destrucción y daños materiales provenientes de actos terroristas, aún aquellos que sean cometidos por individuos pertenecientes a movimientos subversivo, incluida la explosión originada en tales fenómenos. Asonada, Motín, Conmoción Civil o Popular: Los daños y/o pérdidas materiales cuasados por personas intervenientes en desordenes, confusiones, alteraciones, y disturbios de caráter violento y tumultario. Así como asonada según la definición del Código Penal. Huelga: Los daños y/o pérdidas materiales causados por huelgistas o porpersonas que tomen parte en conflictos colectivos de trabajo o suspensión de hecho de labores.
B32: RESPONSABILIDAD CIVIL EXTRACONTRACTUAL Sublimite 50% del valor asegurado por máquina, hasta un limite de $500.000.00 evento y $2.500.000.000 agregado anual | E32: Se amparan los perjuicios patrimoniales y extrapatrimoniales, causados a terceros derivados de la responsabilidad civil extracontractual que de acuerdo con la ley incurra el asegurado como consecuencia de daños materiales o lesiones personales producidos a terceros que se causen con ocasión del uso de las maquinarias y equipos. Bajo este amparo se indemnizan los perjuicios patrimoniales, entiéndase daño emergente (es el coste de la reparación necesaria del daño causado y a los gastos en los que se ha incurrido con ocasión del perjuicio), el lucro cesante (es un tipo de daño patrimonial de perjuicio económico y se configura como la ganancia dejada de obtener o la pérdida de ingresos, como consecuencia directa e inmediata de un hecho lesivo), el daño a la vida de relación (se define como la imposibilidad de la persona afectada de poder realizar las mismas actividades que hacía antes de un siniestro por sí misma y en consecuencia el estilo de vida de la persona cambia afectando su relación con el entorno y las demás personas que la rodean). La aseguradora se compromete hacer extensivo este amparo de Responsabilidad Civil aún cuado la Maquinaría y/o Equipo no este siendo conducido o no se encuentre en funcionamiento.
B33: DAÑO INTERNO Y/O AVERIA DE LA MAQUINARÍA | E33: La aseguradora se compromete a indemnizar al asegurado, las perdidas o daños que sufran los bienes asegurados como consecuencia directa de rotura o avería eléctrica o mecánica, congelación de refrigerantes u otros líquidos, lubricación incorrecta o escasez de aceite o del medio refrigerante.
B34: MOVILIZACIÓN O TRASLADO POR SUS PROPIOS MEDIOS | E34: La aseguradora se compromete a indemnizar al asegurado, las perdidas o daños que sufran los bienes asegurados mientras que estos circulen por sus propios medios, o mientras esten siendo transportados en vehículos diseñados para tal fin, dentro del predio o en el área geográfica de operación especificada en la póliza y/o sus condiciones particulares.
B35: EQUIPOS Y/O MAQUINARIAS UTILIZADOS PARA OBRAS SUBTERRÁNEAS, PERFORACIONES Y/O ALEDAÑOS O SOBRE AGUAS O PANTANOS. | E35: La aseguradora a indemnizar al asegurado las perdidas o daños que sufran los bienes asegurados instalados bajo tierra, debidos a avenidas, inundaciones, corrimiento de tierra o caída de roca, hundimiento o asentamiento, hundimiento de minas, galerías o túneles.
B36: HURTO Y HURTO CALIFICADO al 100% | E36: La aseguradora se compromete a indemnizar al Asegurado hasta el límite del valor asegurado de este sublímite, las pérdidas y/o daños materiales de los bienes asegurados, ocasionados por cualquier causa o accidente en cualquier lugar, inclusive aquellos que se deriven de: - Hurto simple o el hurto calificado según se define en el Código Penal. - Terremoto, temblor, erupción volcánica o cualquier otro fenómeno de la naturaleza. - Huelga, motin, asonada, conmoción civil o popular, actos mal intencionados de terceros, sabotaje y terrorismo.
B37: GASTOS PARA LA EXTINCIÓN DEL SINIESTRO. 100% DE LOS DEMOSTRADOS POR EL ASEGURADO. | E37: La Compañía se obliga a indemnizar el 100% de los gastos razonables en que necesaria y razonablemente incurra el asegurado con el fin extinguir cualquier siniestro amparado por la póliza o para evitar su propagación, de acuerdo con lo señalado en el artículo 1074 del Código de Comercio. Se precisa que bajo ninguna circunstancia se considerara como gastos de extinción de un incendio la colaboración personal prestada por el asegurado, ni la de sus empleados, obreros o sus contratistas para el apoyo a la gestión.
B38: GASTOS ADICIONALES. Sublímite por la suma de $5.000.000.000 incluido en el valor asegurado,sin aplicación de deducible y combinado para los siguientes gastos y coberturas. Se califica en Condiciones Adicionales (Formato No. 3) el aumento del sublímite ofrecido. | E38: No obstante, lo que se diga en contrario en las condiciones generales de la póliza, la Compañía se obliga a indemnizar los gastos adicionales (que no tengan carácter de permanentes), debidamente comprobados en que necesaria y razonablemente incurra o deba incurrir el asegurado, como consecuencia directa del siniestro. Estos gastos deben ser previamente aprobados por la aseguradora y la Entidad se compromete para estos casos presentar previamente cotización de estos gastos (cuando se requiera), la aseguradora se reserva el derecho de poder cotizar con sus proveedores los servicios que demanden la aplicación de estos gastos.
B39: 1. Gastos de horas extras, trabajo nocturno o en días festivos y flete expreso y aéreo. | E39: Bajo esta cobertura se amparan los gastos razonables adicionales y extraordinarios por concepto de horas extras, trabajo nocturno o en días festivos, flete expreso y aéreo, que se incurran con motivo de una pérdida o daño amparado.
B40: 2. Gastos de viajes y estadia. | E40: Bajo esta cobertura se amparan los gastos (en que incurra o deba incurrir) razonables de viajes de y estadia de funcionarios, empleados y técnicos que intervienen en la planificación de la reconstrucción o adquisicón de los bienes asegurados.
B41: 3. Remoción de Escombros. | E41: Mediante este amparo la compañía indemnizará, los gastos razonables y demostrados por remoción de escombros, desmantelamiento, de los bienes asegurados, que hayan sido dañados o destruidos por la ocurrencia de cualquiera de los riesgos amparados, incluyendo los gastos de limpieza y recuperación de materiales, con ocasión de un siniestro.
... B50: ACTOS DE AUTORIDAD | E50: La póliza se extiende a cubrir los daños o pérdidas materiales de los bienes asegurados, causados directamente por la acción de la autoridad legalmente constituida, ejercida con el fin de disminuir o aminorar las consecuencias de cualquiera de los riesgos amparados. Se excluye el embargo y la confiscación de bienes.
B51: 6.7. | C51: CLÁUSULAS BÁSICAS
